Workbook
Name \0: '[1]CRA.MODI'!#REF!
Name \0: '[1]CRA.MODI'!#REF!
Name \0: '[1]CRA.MODI'!#REF!
Name \0: '[1]CRA.MODI'!#REF!
Name \0: '[1]CRA.MODI'!#REF!
Name \0: '[1]CRA.MODI'!#REF!
Name \0: '[1]CRA.MODI'!#REF!
Name \0: '[1]CRA.MODI'!#REF!
Name \0: '[1]CRA.MODI'!#REF!
Name \0: '[1]CRA.MODI'!#REF!
Name \0: '[1]CRA.MODI'!#REF!
Name a_i_u: '[2]Presupueto Planeacion'!$N$28
Name A_impresión_IM: '[1]CRA.MODI'!#REF!
Name A_impresión_IM: '[1]CRA.MODI'!#REF!
Name A_impresión_IM: '[1]CRA.MODI'!#REF!
Name A_impresión_IM: '[1]CRA.MODI'!#REF!
Name A_impresión_IM: '[1]CRA.MODI'!#REF!
Name A_impresión_IM: '[1]CRA.MODI'!#REF!
Name A_impresión_IM: '[1]CRA.MODI'!#REF!
Name A_impresión_IM: '[1]CRA.MODI'!#REF!
Name A_impresión_IM: '[1]CRA.MODI'!#REF!
Name A_impresión_IM: '[1]CRA.MODI'!#REF!
Name ABREVIATURAS: #REF!
Name ABREVIATURAS: #REF!
Name ABREVIATURAS: #REF!
Name ABREVIATURAS: #REF!
Name ABREVIATURAS: #REF!
Name ABREVIATURAS: #REF!
Name ABREVIATURAS: #REF!
Name ABREVIATURAS: #REF!
Name ABREVIATURAS: #REF!
Name ABREVIATURAS: #REF!
Name ABREVIATURAS: #REF!
Name acero: [2]Memorias!$J$122
Name afirmado: [2]Memorias!$J$73
Name aiu: #REF!
Name AJFIL: [3]Ajustes!#REF!
Name AJFIL: [3]Ajustes!#REF!
Name AJFIL: [3]Ajustes!#REF!
Name AJFIL: [3]Ajustes!#REF!
Name AJFIL: [3]Ajustes!#REF!
Name AJFIL: [4]Ajustes!#REF!
Name AJFIL: [3]Ajustes!#REF!
Name AJFIL: [3]Ajustes!#REF!
Name AJFIL: [3]Ajustes!#REF!
Name AJFIL: [3]Ajustes!#REF!
Name AJFIL: [3]Ajustes!#REF!
Name Ancho_base: [2]Memorias!$C$38
Name ANCHOPH: [2]Memorias!$C$37
Name Ayudante: #REF!
Name Ayudante: #REF!
Name Ayudante: #REF!
Name Ayudante: #REF!
Name Ayudante: #REF!
Name Ayudante: #REF!
Name Ayudante: #REF!
Name Ayudante: #REF!
Name Ayudante: #REF!
Name Ayudante: #REF!
Name Ayudante: #REF!

Sheet PRESUPUESTO OFICIAL (Entidad)
B1: Formulario 1 - Propuesta económica - Documento tipo de selección abreviada de menor cuantía - versión 1
B2: Versión: 1 del 21 de agosto de 2025
C5: FORMULARIO 1
C6: PRESUPUESTO OFICIAL
C7: [La entidad puede utilizar este formulario de detalle del presupuesto oficial para determinar las condiciones bajo las cuales los proponentes analizarán y presentarán su propuesta económica de forma detallada, sin perjuicio que la entidad pueda modificarlo o establecer la presentación de la oferta económica con un formulario distinto al indicado.]
C9: Adicionalmente, cuando el proceso de contratación es estructurado por precios unitarios, la Entidad debe aplicar las notas 1, 2 y 3 del presente formulario y las casillas de "Descripción", "Porcentaje" de la Administración, Imprevisto, Utilidad y total A.I.U. resaltadas en colo amarillo. Tratándose de otras modalidades de precio, la Entidad puede o no configurar los mismos aspectos.
C11: Nº | D11: ITEM DE PAGO | E11: ESPECIFICACIONES | G11: DESCRIPCION | H11: UND. | I11: CANTIDAD | J11: VALOR UNITARIO | K11: VALOR TOTAL
E12: GENERAL | F12: PARTICULAR
C13: ARREGLOS GENERALES
C14: PRELIMINARES
C15: 1 | D15: 1.1 | E15: ICCU 1,8 | G15: CERCA EN TELA VERDE H = 2.10 M | H15: ML | I15: =ROUND('1.1.'!$H$14,2) -> 10 | J15: 34819 | K15: =ROUND(I15*J15*1.33,0) -> 463093
C16: Subtotal | K16: =SUM(K15) -> 463093
C17: PINTURAS
C18: 2 | D18: 2.1 | E18: 18.26 | G18: PINTURA EPÓXICA (COLUMNAS ) | H18: M2 | I18: =ROUND('2.1'!$H$18,2) -> 183.84 | J18: 24399 | K18: =ROUND(I18*J18*1.33,0) -> 5965731
C19: 3 | D19: 2.2 | E19: 18.8 | G19: ESMALTE SOBRE LÁMINA LINEAL (CERCHAS) | H19: ML | I19: =ROUND('2.2'!$H$18,2) -> 732 | J19: 4989 | K19: =ROUND(I19*J19*1.33,0) -> 4857091
C20: Subtotal | K20: =SUM(K18:K19) -> 10822822
C21: CUBIERTA
C22: 4 | D22: 3.1 | E22: 7.18 | G22: CANAL EN LÁMINA GALVANIZADA CAL. 22; DS=90 | H22: ML | I22: =ROUND('3.1'!$H$18,2) -> 105 | J22: 85486 | K22: =ROUND(I22*J22*1.33,0) -> 11938120
C23: 5 | D23: 3.2 | E23: 11.4 | G23: BAJANTE AGUAS LLUVIAS PVC 4". INC ACCESORIOS | H23: ML | I23: =ROUND('3.2'!$H$18,2) -> 24 | J23: 59949 | K23: =ROUND(I23*J23*1.33,0) -> 1913572
C24: Subtotal | K24: =SUM(K22:K23) -> 13851692
C25: PESCADERIA
C26: PRELIMINARES
C27: 6 | D27: 4.1 | E27: ICCU 1,8 | G27: CERCA EN TELA VERDE H = 2.10 M | H27: ML | I27: =ROUND('4.1'!$H$14,2) -> 10 | J27: 34819 | K27: =ROUND(I27*J27*1.33,0) -> 463093
C28: 7 | D28: 4.2 | E28: 1.16 | G28: DEMOLICIÓN MUROS EN MAMPOSTERÍA 0.15 M, INC RETIRO | H28: M2 | I28: =ROUND('4.2.'!$H$14,2) -> 36.3 | J28: 26178 | K28: =ROUND(I28*J28*1.33,0) -> 1263848
C29: 8 | D29: 4.3 | E29: ICCU 1,26 | G29: DEMOLICION PLACA PISO 0.10M, INC RETIRO | H29: M2 | I29: =ROUND('4.3'!$H$14,2) -> 72.9 | J29: 29615 | K29: =ROUND(I29*J29*1.33,0) -> 2871382
C30: 9 | D30: 4.4 | E30: ICCU 1,42 | G30: REPLANTEO MANUAL DE CIMIENTOS | H30: M2 | I30: =ROUND('4.4'!$H$16,2) -> 72.9 | J30: 4964 | K30: =ROUND(I30*J30*1.33,0) -> 481295
C31: Subtotal | K31: =SUM(K27:K30) -> 5079618
C32: EXCAVACIONES Y RELLENOS
C33: 10 | D33: 5.1 | E33: 16,5 | G33: EXCAVACIÓN MANUAL EN MATERIAL COMÚN H=0.0-2.0 M (INCLUYE RETIRO DE SOBRANTES A UNA DISTANCIA MENOR DE 5 KM) | H33: M3 | I33: =ROUND('5.1'!$H$18,2) -> 12.15 | J33: 63372 | K33: =ROUND(I33*J33*1.33,0) -> 1024060
C34: 11 | D34: 5.2 | E34: 16.8 | G34: RELLENO EN RECEBO COMÚN COMPACTADO MECÁNICAMENTE | H34: M3 | I34: =ROUND('5.2'!$H$14,2) -> 4.86 | J34: 70630 | K34: =ROUND(I34*J34*1.33,0) -> 456538
C35: Subtotal | K35: =SUM(K33:K34) -> 1480598
C36: DESAGÜES E INSTALACIONES SUBTERRÁNEAS
C37: 12 | D37: 6.1 | E37: 3.5 | G37: CAJA DE INSPECCIÓN DE 60X60 | H37: UND | I37: =ROUND('6.1'!$H$14,2) -> 5 | J37: 363473 | K37: =ROUND(I37*J37*1.33,0) -> 2417095
C38: 13 | D38: 6.2 | E38: 11.33 | G38: RED SANITARIA PVC-S 4". INC ACCESORIOS | H38: ML | I38: =ROUND('6.2'!$H$15,2) -> 101.3 | J38: 76546 | K38: =ROUND(I38*J38*1.33,0) -> 10312966
C39: 14 | D39: 6.3 | E39: 3.1 | G39: SIFÓN PARA DRENAJE EN PVC DE 4" | H39: UND | I39: =ROUND('6.3'!$H$14,2) -> 9 | J39: 63771 | K39: =ROUND(I39*J39*1.33,0) -> 763339
C40: 15 | D40: 6.4 | E40: 1.21 | G40: SALIDA SANITARIA PVC-S/PARAL 4" | H40: UND | I40: =ROUND('6.4'!$H$14,2) -> 9 | J40: 152449 | K40: =ROUND(I40*J40*1.33,0) -> 1824815
C41: Subtotal | K41: =SUM(K37:K40) -> 15318215
C42: INSTALACIONES HIDRAULICAS
C43: 16 | D43: 7.1 | F43: 0AP-3 | G43: TANQUE PLÁSTICO ELEVADO 2.000 LT (INCLUYE ACCESORIOS E ISNTALACIÓN) | H43: UND | I43: =ROUND('7.1'!$H$14,2) -> 1 | J43: ='OAP-3'!H33 -> 2013806 | K43: =ROUND(I43*J43*1.33,0) -> 2678362
C44: 17 | D44: 7.2 | E44: 11.8 | G44: CONEXIÓN TANQUE ELEVADO PVC. INC ACCESORIOS | H44: ML | I44: =ROUND('7.2'!$H$14,2) -> 1 | J44: 392116 | K44: =ROUND(I44*J44*1.33,0) -> 521514
C45: 18 | D45: 7.3 | E45: 11.27 | G45: RED SUMINISTRO PVC 1/2". INC ACCESORIOS | H45: UND | I45: =ROUND('7.3'!$H$14,2) -> 51.3 | J45: 14487 | K45: =ROUND(I45*J45*1.33,0) -> 988434
C46: 19 | D46: 7.4 | E46: 11.36 | G46: REGISTRO 1/2". INC ACCESORIOS | H46: UND | I46: =ROUND('7.4'!$H$14,2) -> 9 | J46: 94630 | K46: =ROUND(I46*J46*1.33,0) -> 1132721
C47: 20 | D47: 7.5 | E47: 11.16 | G47: PUNTO HIDRÁULICO PVC-P/PARAL 1/2" | I47: =ROUND('7.5'!$H$14,2) -> 9 | J47: 115377 | K47: =ROUND(I47*J47*1.33,0) -> 1381063
C48: Subtotal | K48: =SUM(K43:K47) -> 6702094
C49: CIMENTACION
C50: 21 | D50: 8.1 | E50: 4.22 | G50: ACERO FIGURADO 60000 PSI | H50: KG | I50: =ROUND('8.1'!$H$15,2) -> 571.06 | J50: 8666 | K50: =ROUND(I50*J50*1.33,0) -> 6581912
C51: 22 | D51: 8.2 | E51: 2.7 | G51: VIGA DE AMARRE EN CONCRETO 3500 PSI (CIMENTACION ) | H51: M3 | I51: =ROUND('8.2'!$H$15,2) -> 7.29 | J51: 1026945 | K51: =ROUND(I51*J51*1.33,0) -> 9956951
C52: 23 | D52: 8.3 | E52: 4.23 | G52: REFUERZO MALLA ELECTROSOLDADA | H52: KG | I52: =ROUND('8.3'!$H$15,2) -> 449.87 | J52: 11384 | K52: =ROUND(I52*J52*1.33,0) -> 6811356
C53: 24 | D53: 8.4 | E53: 10,30 | G53: CONCRETO 3500 (PLACA PISO) | H53: M3 | I53: =ROUND('8.4'!$H$15,2) -> 80.19 | J53: 552822 | K53: =ROUND(I53*J53*1.33,0) -> 58959959
C54: Subtotal | K54: =SUM(K50:K53) -> 82310178
C55: ESTRUCTURA
C56: 25 | D56: 9.1 | E56: 4.3 | G56: COLUMNAS 3500 PSI | H56: M3 | I56: =ROUND('9.1'!$H$15,2) -> 2.65 | J56: 1268208 | K56: =ROUND(I56*J56*1.33,0) -> 4469799
C57: 26 | D57: 9.2 | E57: 4.26 | G57: VIGA AÉREA 3500 PSI | H57: M3 | I57: =ROUND('9.2'!$H$15,2) -> 3.31 | J57: 1258240 | K57: =ROUND(I57*J57*1.33,0) -> 5539150
C58: 27 | D58: 9.3 | E58: 4.22 | G58: ACERO FIGURADO 60000 PSI | H58: KG | I58: =ROUND('9.3'!$H$17,2) -> 1048.12 | J58: 8666 | K58: =ROUND(I58*J58*1.33,0) -> 12080401
C59: 28 | D59: 9.4 | E59: 4.5 | G59: ENTREPISO LÁMINA COLABORANTE 2", CAL 22, H=10 CM,INCL. MALLA DE REFUERZO, CONCRETO DE 3500 PSI | H59: M2 | I59: =ROUND('9.4'!$H$15,2) -> 17.99 | J59: 193070 | K59: =ROUND(I59*J59*1.33,0) -> 4619528
C60: Subtotal | K60: =SUM(K56:K59) -> 26708878
C61: MAMPOSTERIA
C62: 29 | D62: 10.1 | E62: 5.17 | G62: MURO EN BLOQUE N° 5 E=0,12M | H62: M2 | I62: =ROUND('10.1'!$H$15,2) -> 137.25 | J62: 65495 | K62: =ROUND(I62*J62*1.33,0) -> 11955621
C63: Subtotal | K63: =SUM(K62) -> 11955621
C64: CUBIERTA
C65: 30 | D65: 11.1 | E65: 7.32 | G65: ESTRUCTURA METÁLICA PARA TEJA DE FIBROCEMENTO (TUBO ESTRUCTURAL ABIERTO 4"x2", 15 MM) | H65: M2 | I65: =ROUND('11.1'!$H$15,2) -> 62.7 | J65: 95435 | K65: =ROUND(I65*J65*1.33,0) -> 7958420
C66: 31 | D66: 11.2 | E66: 7.44 | G66: TEJA TERMOACUSTICA ONDULADA | H66: M2 | I66: =ROUND('11.2'!$H$15,2) -> 62.7 | J66: 92212 | K66: =ROUND(I66*J66*1.33,0) -> 7689651
C67: 32 | D67: 11.3 | E67: 7,13 | G67: CANAL PVC AMAZONAS | H67: ML | I67: =ROUND('11.3'!$H$15,2) -> 19 | J67: 120049 | K67: =ROUND(I67*J67*1.33,0) -> 3033638
C68: 33 | D68: 11.4 | E68: 11.4 | G68: BAJANTE AGUAS LLUVIAS PVC 4". INC ACCESORIOS | H68: ML | I68: =ROUND('11.4'!$H$15,2) -> 9 | J68: 59949 | K68: =ROUND(I68*J68*1.33,0) -> 717590
C69: Subtotal | K69: =SUM(K65:K68) -> 19399299
C70: PAÑETE
C71: 34 | D71: 12.1 | E71: 6,19 | G71: PAÑETE LISO MUROS 1:5, E=1.5 CM | H71: M2 | I71: =ROUND('12.1'!$H$15,2) -> 319.5 | J71: 28568 | K71: =ROUND(I71*J71*1.33,0) -> 12139543
C72: 35 | D72: 12.2 | E72: 6.3 | G72: FILOS O DILATACIONES S/MURO | H72: ML | I72: =ROUND('12.2'!$H$15,2) -> 144 | J72: 7884 | K72: =ROUND(I72*J72*1.33,0) -> 1509944
C73: Subtotal | K73: =SUM(K71:K72) -> 13649487
C74: PISOS,ACABADOS,ENCHAPES Y ACCESORIOS
C75: 36 | D75: 13.1 | E75: 13.1 | G75: ALISTADO ENDURECIDO 1:3, E=0.04 | H75: M2 | I75: =ROUND('13.1'!$H$15,2) -> 60.75 | J75: 47911 | K75: =ROUND(I75*J75*1.33,0) -> 3871089
C76: 37 | D76: 13.2 | E76: 14.47 | G76: BALDOSA CERÁMICA PISO-PARED 30X60 CALIDAD PRIMERA | H76: M2 | I76: =ROUND('13.2'!$H$15,2) -> 60.75 | J76: 98270 | K76: =ROUND(I76*J76*1.33,0) -> 7939970
C77: 38 | D77: 13.3 | E77: 14,10 | G77: GUARDAESCOBA EN GRANITO | H77: ML | I77: =ROUND('13.3'!$H$15,2) -> 71.1 | J77: 50312 | K77: =ROUND(I77*J77*1.33,0) -> 4757654
C78: Subtotal | K78: =SUM(K75:K77) -> 16568713
C79: CIELO RASO
C80: 39 | D80: 14.1 | E80: 15.1 | G80: CIELO RASO EN PVC e=7 mm (INCLUYE ESTRUCTURA DE APOYO) | H80: M2 | I80: =ROUND('13.1'!$H$15,2) -> 60.75 | J80: 91009 | K80: =ROUND(I80*J80*1.33,0) -> 7353300
C81: Subtotal | K81: =SUM(K80) -> 7353300
C82: PINTURAS
C83: 40 | D83: 15.1 | E83: 18.14 | G83: ESTUCO | H83: M2 | I83: =ROUND('15.1'!$H$15,2) -> 258.75 | J83: 14293 | K83: =ROUND(I83*J83*1.33,0) -> 4918757
C84: 41 | D84: 15.2 | E84: 18.15 | G84: ESTUCO (LINEAL) FILOS | H84: ML | I84: =ROUND('15.2.'!$H$15,2) -> 124 | J84: 9127 | K84: =ROUND(I84*J84*1.33,0) -> 1505225
C85: 42 | D85: 15.3 | E85: 18.26 | G85: PINTURA EPÓXICA | H85: M2 | I85: =ROUND('15.3'!$H$15,2) -> 258.75 | J85: 24399 | K85: =ROUND(I85*J85*1.33,0) -> 8396611
C86: 43 | D86: 15.4 | E86: 18.27 | G86: PINTURA EPÓXICA (LINEAL) FILOS | H86: ML | I86: =ROUND('15.4'!$H$15,2) -> 124 | J86: 15429 | K86: =ROUND(I86*J86*1.33,0) -> 2544551
C87: Subtotal | K87: =SUM(K83:K86) -> 17365144
C88: PUERTAS Y VENTANAS
C89: 44 | D89: 16.1 | E89: 10.17 | G89: PUERTA CORTINA INCLUYE ESMALTE | H89: M2 | I89: =ROUND('16.1'!$H$15,2) -> 63 | J89: 583184 | K89: =ROUND(I89*J89*1.33,0) -> 48864987
C90: Subtotal | K90: =SUM(K89) -> 48864987
C91: INSTALACIONES ELÉCTRICAS
C92: 45 | D92: 17.1 | E92: 12.14 | G92: TABLERO PARCIALES 12 CIRCUITOS (INCLUYE TACOS DE 30A) | H92: UND | I92: =ROUND('17,1'!$H$15,2) -> 1 | J92: 570547 | K92: =ROUND(I92*J92*1.33,0) -> 758828
C93: 46 | D93: 17.2 | E93: 12.2 | G93: SALIDA LÁMPARA TOMA PVC COMPLETA. INC INTERRUPTOR | H93: UND | I93: =ROUND('17.2'!$H$15,2) -> 9 | J93: 107688 | K93: =ROUND(I93*J93*1.33,0) -> 1289025
C94: 47 | D94: 17.3 | E94: 12.9 | G94: SALIDA TOMA DOBLE PVC COMPLETA | H94: UND | I94: =ROUND('17.3'!$H$15,2) -> 9 | J94: 103248 | K94: =ROUND(I94*J94*1.33,0) -> 1235879
C95: 48 | D95: 17.4 | E95: 12.113 | G95: LUMINARIA PANEL LED REDONDO - 24W - 4000K/6000K - IP20 - 120V - DE INCRUSTAR 30cmX3cm (4 POR LOCAL ) | H95: UND | I95: =ROUND('17.4'!$H$15,2) -> 36 | J95: 59912 | K95: =ROUND(I95*J95*1.33,0) -> 2868587
C96: 49 | D96: 17.5 | E96: 12.45. | G96: CIRCUITO RAMAL 2xNo.12AWG-CU-THHN/THWN-2 + 1xNo.12AWG(T)-CU | H96: ML | I96: =ROUND('17.5'!$H$15,2) -> 24.3 | J96: 10458 | K96: =ROUND(I96*J96*1.33,0) -> 337992
C97: 50 | D97: 17.6 | E97: 12.16. | G97: TUBERÍA PVC CONDUIT 1/2". INC ACCESORIOS | H97: ML | I97: =ROUND('17.6'!$H$15,2) -> 24.3 | J97: 3094 | K97: =ROUND(I97*J97*1.33,0) -> 99995
C98: Subtotal | K98: =SUM(K92:K97) -> 6590306
C99: PARQUEADERO
C100: PRELIMINARES
C101: 51 | D101: 18.1 | E101: 1,42 | G101: REPLANTEO MANUAL DE CIMIENTOS | H101: M2 | I101: =ROUND('18.1'!H15,2) -> 3.75 | J101: 4964 | K101: =ROUND(I101*J101*1.33,0) -> 24758
C102: 52 | D102: 18.2 | E102: 1,27 | G102: DEMOLICIÓN PLACA PISO 0.15 M, INC RETIRO (RAMPA) | H102: M2 | I102: =ROUND('18.2'!H15,2) -> 25 | J102: 42423 | K102: =ROUND(I102*J102*1.33,0) -> 1410565
C103: Subtotal | K103: =SUM(K101:K102) -> 1435323
C104: ESTRUCTURA RAMPA
...

Sheet PROPUESTA ECONOMICA(Proponente)
B1: Formulario 1 - Propuesta económica - Documento tipo de selección abreviada de menor cuantía - versión 1
B2: Versión: 1 del 21 de agosto de 2025
C5: FORMULARIO 1
C6: PROPUESTA ECONOMICA
C7: [La entidad puede utilizar este formulario de presentación de propuesta económica de forma detallada, sin perjuicio que la entidad pueda modificarlo o establecer la presentación de la oferta económica con un formulario distinto al indicado.] [Los proponentes emplearán el formulario establecido por la entidad para determinar su propuesta económica conforme al Formulario 1 - Presupuesto Oficial publicado por la Entidad] [En caso de modificar el formulario, es importante tener en cuenta que no se deben incluir causales de rechazo, reglas o parámetros contrarios a los definidos en el documento base. Los términos del proceso solo se encuentran en el Documento Base, por lo que la Entidad no deberá incluir ningún tipo de notas que se configuren en reglas contrarias a las definidas en dicho documento, las notas únicamente pueden ser aclaratorias para efectos del diligenciamiento del formato]
C9: Cuando el proceso de contratación es estructurado por precios unitarios, la Entidad debe aplicar las notas 1, 2 y 3 del presente formato y las casillas de "Descripción", "Porcentaje" de la Administración, Imprevisto, Utilidad y total A.I.U. resaltadas en color amarillo.
C11: Nº | D11: ITEM DE PAGO | E11: ESPECIFICACIONES | G11: DESCRIPCION | H11: UND. | I11: CANTIDAD | J11: VALOR UNITARIO | K11: VALOR TOTAL
E12: GENERAL | F12: PARTICULAR
C15: Subtotal
C21: Subtotal
C31: Subtotal
C36: Subtotal
C39: Subtotal
C40: SUBTOTAL OBRAS
G45: SUBTOTAL OBRAS (INCLUYE IVA)
G49: VALOR TOTAL
C52: NOTA 1: Se debe tener en cuenta que el PRECIO UNITARIO incluye el valor de A.I.U. | H52: DESCRIPCION | K52: PORCENTAJE
C53: NOTA 2: Cuando la fracción decimal del peso sea igual o superior a 5 se aproximara por exceso al número entero siguiente del peso y cuando la fracción decimal del peso sea inferior a 5 se aproximará por defecto al número entero del peso. | H53: ADMINISTRACION | J53: A= | K53: [Ofrecimiento del Proponente]
C54: NOTA 3: El A.I.U y su discriminación deben estar en porcentaje (%). | H54: IMPREVISTO | J54: I= | K54: [Ofrecimiento del Proponente]
H55: UTILIDAD | J55: U= | K55: [Ofrecimiento del Proponente]
H56: TOTAL A.I.U | J56: A.I.U.= | K56: [Ofrecimiento del Proponente]
G59: Firma del Proponente o de su Representante Legal

Sheet INDICAR CÓDIGO DEL ITEM DE PAGO
B1: Formulario 1 - Propuesta económica - Documento tipo de selección abreviada de menor cuantía
B2: Versión: 1 del 21 de agosto de 2025
C5: [La entidad podrá utilizar este formato para la presentación de los análisis de precios unitarios el contratista en la oportunidad prevista en el numeral 8.2. del Documento Base]
D8: [NOMBRE DE LA ENTIDAD]
L9: VERSIÓN
D10: [NÚMERO DEL PROCESO]
L11: PÁGINA | M11: 1 | N11: DE | O11: 1
D13: ANALISIS DE PRECIOS UNITARIOS
L15: FECHA | M15: DD | N15: MM | O15: AA
C17: ITEMS DE LA PROPUESTA ECONÓMICA | I17: ITEMS NO PREVISTOS
C21: DATOS ESPECÍFICOS
C23: ITEM | D23: DESCRIPCIÓN | M23: UNIDAD | O23: CANTIDAD
C25: I. EQUIPO
C28: DESCRIPCIÓN | H28: MARCA | J28: TIPO | L28: TARIFA/HORA | M28: RENDIMIENTO | O28: Vr. UNITARIO
C29: HERRAMIENTA MENOR | L29: 10000 | M29: 40 | O29: =L29/M29 -> 250
C32: SUBTOTAL $ | O32: =O29 -> 250
C33: II. MATERIALES
C36: DESCRIPCIÓN | K36: UNIDAD | L36: CANTIDAD | M36: PRECIO UNIT. | O36: Vr. UNITARIO
C37: CONCRETO 3000 PSI | K37: M3 | L37: 1 | M37: 478674 | O37: =L37*M37 -> 478674
C38: TABLA CHAPA ORDINARIO 0.10 | K38: ML | L38: 0.51 | M38: 2949 | O38: =L38*M38 -> 1503.99
C39: MALLA ELECTROSOLDADA 6MM 15 X 15 | K39: UN | L39: 0.25 | M39: 238750 | O39: =L39*M39 -> 59687.5
C40: SUBTOTAL $ | O40: =O37+O38+O39 -> 539865.49
C41: III. TRANSPORTES
C44: MATERIAL | J44: VOL. o PESO | K44: DISTANCIA | L44: M3 o Ton/Km | M44: TARIFA | O44: Vr. UNITARIO
C47: SUBTOTAL $
C48: IV. MANO DE OBRA
C51: TRABAJADOR | J51: JORNAL | K51: PRESTACIONES | L51: JORNAL TOTAL | M51: RENDIMIENTO | O51: Vr. UNITARIO
C52: MANO DE OBRA - DD | J52: 185642 | K52: 2.2 | L52: =J52*K52 -> 408412.4 | M52: 40 | O52: =L52/M52 -> 10210.31
C56: SUBTOTAL $ | O56: =O52 -> 10210.31
C58: TOTAL COSTO DIRECTO $ | O58: =ROUND(O32+O40+O47+O56,0) -> 550326
C59: V. COSTOS INDIRECTOS
C62: Descripción | L62: Porcentaje | M62: Valor Total
C63: ADMINISTRACION
C64: IMPREVISTOS
C65: UTILIDAD
C66: SUBTOTAL $
C68: Precio Unitario Total Aproximado al peso $
H72: Firma
H73: Nombre:
H74: Representante Legal del Contratista o su Apoderado
H75: Matricula No. :
C77: OBSERVACIONES INTERVENTORÍA
C81: APROBACIÓN POR INTERVENTORÍA
C82: Nota 1: Cuando se trate de Análisis de precios unitarios correspondientes a ítems de la propuesta económica aprobada, el Interventor aprueba el desglose de los componentes manteniendo el mismo precio unitario de cada ítem, cumpliendo con las especificaciones de construcción vigentes para el proyecto.
C84: Nota 2: Cuando se trate de Análisis de precios unitarios de ítems no previstos, el Interventor aprueba el desglose y precio unitario de cada ítem no previsto, exigiendo la aplicación de los costos correspondientes a insumos y tarifas de la propuesta económica inicial cuando estén contemplados, cumpliendo con las especificaciones de construcción vigente para el proyecto.
H87: Firma
H88: Nombre:
H89: Representante Legal del Interventor o su Apoderado
H90: Matricula No. :

Sheet INDICAR CÓDIGO DEL ITEM DE  (2)
B1: Formulario 1 - Propuesta económica - Documento tipo de selección abreviada de menor cuantía
B2: Versión: 1 del 21 de agosto de 2025
C5: [La entidad podrá utilizar este formato para la presentación de los análisis de precios unitarios el contratista en la oportunidad prevista en el numeral 8.2. del Documento Base]
D8: [NOMBRE DE LA ENTIDAD]
L9: VERSIÓN
D10: [NÚMERO DEL PROCESO]
L11: PÁGINA | M11: 1 | N11: DE | O11: 1
D13: ANALISIS DE PRECIOS UNITARIOS
L15: FECHA | M15: DD | N15: MM | O15: AA
C17: ITEMS DE LA PROPUESTA ECONÓMICA
C21: DATOS ESPECÍFICOS
C23: ITEM | D23: DESCRIPCIÓN | M23: UNIDAD | O23: CANTIDAD
C25: I. EQUIPO
C28: DESCRIPCIÓN | H28: MARCA | J28: TIPO | L28: TARIFA/HORA | M28: RENDIMIENTO | O28: Vr. UNITARIO
C29: HERRAMIENTA MENOR | H29: GL | L29: 12684.33 | M29: 1 | O29: =L29/M29 -> 12684.33
C32: SUBTOTAL $ | O32: =O29 -> 12684.33
C33: II. MATERIALES
C36: DESCRIPCIÓN | K36: UNIDAD | L36: CANTIDAD | M36: PRECIO UNIT. | O36: Vr. UNITARIO
C37: Trampa De Grasa 1000 Litros Tratamiento | K37: ML | L37: 1 | M37: 1234900 | O37: =L37*M37 -> 1234900
K38: UND | L38: 0.1 | M38: 12149 | O38: =L38*M38 -> 1214.9
C40: SUBTOTAL $ | O40: =O37+O38+O39 -> 1236114.9
C41: III. TRANSPORTES
C44: MATERIAL | J44: VOL. o PESO | K44: DISTANCIA | L44: M3 o Ton/Km | M44: TARIFA | O44: Vr. UNITARIO
C45: tampa de grasas | J45: 1 | K45: 91 | L45: =J45*K45 -> 91 | M45: 1577.32 | O45: =L45*M45 -> 143536.12
C47: SUBTOTAL $ | O47: =O45 -> 143536.12
C48: IV. MANO DE OBRA
C51: TRABAJADOR | J51: JORNAL | K51: PRESTACIONES | L51: JORNAL TOTAL | M51: RENDIMIENTO | O51: Vr. UNITARIO
C52: MANO DE OBRA - BB | J52: 190265 | K52: 2 | L52: =J52*K52 -> 380530 | M52: 1.5 | O52: =L52/M52 -> 253686.67
C56: SUBTOTAL $ | O56: =O52 -> 253686.67
C58: TOTAL COSTO DIRECTO $ | O58: =O32+O40+O47+O56 -> 1646022
C59: V. COSTOS INDIRECTOS
C62: Descripción | L62: Porcentaje | M62: Valor Total
C63: ADMINISTRACION
C64: IMPREVISTOS
C65: UTILIDAD
C66: SUBTOTAL $
C68: Precio Unitario Total Aproximado al peso $
H72: Firma
H73: Nombre:
H74: Representante Legal del Contratista o su Apoderado
H75: Matricula No. :
C77: OBSERVACIONES INTERVENTORÍA
C81: APROBACIÓN POR INTERVENTORÍA
C82: Nota 1: Cuando se trate de Análisis de precios unitarios correspondientes a ítems de la propuesta económica aprobada, el Interventor aprueba el desglose de los componentes manteniendo el mismo precio unitario de cada ítem, cumpliendo con las especificaciones de construcción vigentes para el proyecto.
C84: Nota 2: Cuando se trate de Análisis de precios unitarios de ítems no previstos, el Interventor aprueba el desglose y precio unitario de cada ítem no previsto, exigiendo la aplicación de los costos correspondientes a insumos y tarifas de la propuesta económica inicial cuando estén contemplados, cumpliendo con las especificaciones de construcción vigente para el proyecto.
H87: Firma
H88: Nombre:
H89: Representante Legal del Interventor o su Apoderado
H90: Matricula No. :

Sheet INDICAR CÓDIGO DEL ITEM DE  (3)
B1: Formulario 1 - Propuesta económica - Documento tipo de selección abreviada de menor cuantía
B2: Versión: 1 del 21 de agosto de 2025
C5: [La entidad podrá utilizar este formato para la presentación de los análisis de precios unitarios el contratista en la oportunidad prevista en el numeral 8.2. del Documento Base]
D8: [NOMBRE DE LA ENTIDAD]
L9: VERSIÓN
D10: [NÚMERO DEL PROCESO]
L11: PÁGINA | M11: 1 | N11: DE | O11: 1
D13: ANALISIS DE PRECIOS UNITARIOS
L15: FECHA | M15: DD | N15: MM | O15: AA
C17: ITEMS DE LA PROPUESTA ECONÓMICA
C21: DATOS ESPECÍFICOS
C23: ITEM | D23: DESCRIPCIÓN | M23: UNIDAD | O23: CANTIDAD
C25: I. EQUIPO
C28: DESCRIPCIÓN | H28: MARCA | J28: TIPO | L28: TARIFA/HORA | M28: RENDIMIENTO | O28: Vr. UNITARIO
C29: HERRAMIENTA MENOR | H29: GL | L29: 10464.6 | M29: 1 | O29: =L29/M29 -> 10464.6
C30: SECCION DE 1,4 POR 1,4 H=2,0 - ANDAMIO | H30: D | L30: 31397 | M30: 4 | O30: =L30/M30 -> 7849.25
C32: SUBTOTAL $ | O32: =O29+O30 -> 18313.85
C33: II. MATERIALES
C36: DESCRIPCIÓN | K36: UNIDAD | L36: CANTIDAD | M36: PRECIO UNIT. | O36: Vr. UNITARIO
C37: TANQUE DE 2000 LITROS | K37: UND | L37: 1 | M37: 1572900 | O37: =L37*M37 -> 1572900
O38: =L38*M38 -> 0
C40: SUBTOTAL $ | O40: =O37+O38+O39 -> 1572900
C41: III. TRANSPORTES
C44: MATERIAL | J44: VOL. o PESO | K44: DISTANCIA | L44: M3 o Ton/Km | M44: TARIFA | O44: Vr. UNITARIO
C45: TANQUE PLASTICO DE 2000 LITROS | J45: 1 | K45: 91 | L45: =J45*K45 -> 91 | M45: 1577.32 | O45: =L45*M45 -> 143536.12
C47: SUBTOTAL $ | O47: =O45 -> 143536.12
C48: IV. MANO DE OBRA
C51: TRABAJADOR | J51: JORNAL | K51: PRESTACIONES | L51: JORNAL TOTAL | M51: RENDIMIENTO | O51: Vr. UNITARIO
C52: MANO DE OBRA - BB | J52: 209292 | K52: 2 | L52: =J52*K52 -> 418584 | M52: 1.5 | O52: =+L52/M52 -> 279056
C56: SUBTOTAL $ | O56: =O52 -> 279056
C58: TOTAL COSTO DIRECTO $ | O58: =O32+O40+O47+O56 -> 2013806
C59: V. COSTOS INDIRECTOS
C62: Descripción | L62: Porcentaje | M62: Valor Total
C63: ADMINISTRACION
C64: IMPREVISTOS
C65: UTILIDAD
C66: SUBTOTAL $
C68: Precio Unitario Total Aproximado al peso $
H72: Firma
H73: Nombre:
H74: Representante Legal del Contratista o su Apoderado
H75: Matricula No. :
C77: OBSERVACIONES INTERVENTORÍA
C81: APROBACIÓN POR INTERVENTORÍA
C82: Nota 1: Cuando se trate de Análisis de precios unitarios correspondientes a ítems de la propuesta económica aprobada, el Interventor aprueba el desglose de los componentes manteniendo el mismo precio unitario de cada ítem, cumpliendo con las especificaciones de construcción vigentes para el proyecto.
C84: Nota 2: Cuando se trate de Análisis de precios unitarios de ítems no previstos, el Interventor aprueba el desglose y precio unitario de cada ítem no previsto, exigiendo la aplicación de los costos correspondientes a insumos y tarifas de la propuesta económica inicial cuando estén contemplados, cumpliendo con las especificaciones de construcción vigente para el proyecto.
H87: Firma
H88: Nombre:
H89: Representante Legal del Interventor o su Apoderado
H90: Matricula No. :

Sheet INDICAR CÓDIGO DEL ITEM DE  (4)
B1: Formulario 1 - Propuesta económica - Documento tipo de selección abreviada de menor cuantía
B2: Versión: 1 del 21 de agosto de 2025
C5: [La entidad podrá utilizar este formato para la presentación de los análisis de precios unitarios el contratista en la oportunidad prevista en el numeral 8.2. del Documento Base]
D8: [NOMBRE DE LA ENTIDAD]
L9: VERSIÓN
D10: [NÚMERO DEL PROCESO]
L11: PÁGINA | M11: 1 | N11: DE | O11: 1
D13: ANALISIS DE PRECIOS UNITARIOS
L15: FECHA | M15: DD | N15: MM | O15: AA
C17: ITEMS DE LA PROPUESTA ECONÓMICA
C21: DATOS ESPECÍFICOS
C23: ITEM | D23: DESCRIPCIÓN | M23: UNIDAD | O23: CANTIDAD
C25: I. EQUIPO
C28: DESCRIPCIÓN | H28: MARCA | J28: TIPO | L28: TARIFA/HORA | M28: RENDIMIENTO | O28: Vr. UNITARIO
C29: HERRAMIENTA MENOR | H29: GL | L29: 2616.15 | M29: 1 | O29: =L29/M29 -> 2616.15
C32: SUBTOTAL $ | O32: =O29+O30 -> 2616.15
C33: II. MATERIALES
C36: DESCRIPCIÓN | K36: UNIDAD | L36: CANTIDAD | M36: PRECIO UNIT. | O36: Vr. UNITARIO
C37: CEMENTO BLANCO | K37: KG | L37: 0.5 | M37: 3283 | O37: =L37*M37 -> 1641.5
O38: =L38*M38 -> 0
C40: SUBTOTAL $ | O40: =O37+O38+O39 -> 1641.5
C41: III. TRANSPORTES
C44: MATERIAL | J44: VOL. o PESO | K44: DISTANCIA | L44: M3 o Ton/Km | M44: TARIFA | O44: Vr. UNITARIO
O45: =L45*M45 -> 0
C47: SUBTOTAL $ | O47: =O45 -> 0
C48: IV. MANO DE OBRA
C51: TRABAJADOR | J51: JORNAL | K51: PRESTACIONES | L51: JORNAL TOTAL | M51: RENDIMIENTO | O51: Vr. UNITARIO
C52: MANO DE OBRA - BB | J52: 209292 | K52: 2 | L52: =J52*K52 -> 418584 | M52: 8 | O52: =L52/M52 -> 52323
C56: SUBTOTAL $ | O56: =O52 -> 52323
C58: TOTAL COSTO DIRECTO $ | O58: =O32+O40+O47+O56 -> 56580.65
C59: V. COSTOS INDIRECTOS
C62: Descripción | L62: Porcentaje | M62: Valor Total
C63: ADMINISTRACION
C64: IMPREVISTOS
C65: UTILIDAD
C66: SUBTOTAL $
C68: Precio Unitario Total Aproximado al peso $
H72: Firma
H73: Nombre:
H74: Representante Legal del Contratista o su Apoderado
H75: Matricula No. :
C77: OBSERVACIONES INTERVENTORÍA
C81: APROBACIÓN POR INTERVENTORÍA
C82: Nota 1: Cuando se trate de Análisis de precios unitarios correspondientes a ítems de la propuesta económica aprobada, el Interventor aprueba el desglose de los componentes manteniendo el mismo precio unitario de cada ítem, cumpliendo con las especificaciones de construcción vigentes para el proyecto.
C84: Nota 2: Cuando se trate de Análisis de precios unitarios de ítems no previstos, el Interventor aprueba el desglose y precio unitario de cada ítem no previsto, exigiendo la aplicación de los costos correspondientes a insumos y tarifas de la propuesta económica inicial cuando estén contemplados, cumpliendo con las especificaciones de construcción vigente para el proyecto.
H87: Firma
H88: Nombre:
H89: Representante Legal del Interventor o su Apoderado
H90: Matricula No. :

Sheet INDICAR CÓDIGO DEL ITEM DE  (5)
B1: Formulario 1 - Propuesta económica - Documento tipo de selección abreviada de menor cuantía
B2: Versión: 1 del 21 de agosto de 2025
C5: [La entidad podrá utilizar este formato para la presentación de los análisis de precios unitarios el contratista en la oportunidad prevista en el numeral 8.2. del Documento Base]
D8: [NOMBRE DE LA ENTIDAD]
L9: VERSIÓN
D10: [NÚMERO DEL PROCESO]
L11: PÁGINA | M11: 1 | N11: DE | O11: 1
D13: ANALISIS DE PRECIOS UNITARIOS
L15: FECHA | M15: DD | N15: MM | O15: AA
C17: ITEMS DE LA PROPUESTA ECONÓMICA
C21: DATOS ESPECÍFICOS
C23: ITEM | D23: DESCRIPCIÓN | M23: UNIDAD | O23: CANTIDAD
C25: I. EQUIPO
C28: DESCRIPCIÓN | H28: MARCA | J28: TIPO | L28: TARIFA/HORA | M28: RENDIMIENTO | O28: Vr. UNITARIO
C29: HERRAMIENTA MENOR | H29: GL | L29: 10464.6 | M29: 1 | O29: =L29/M29 -> 10464.6
C30: SECCION DE 1,4 POR 1,4 H=2,0 - ANDAMIO | H30: D | L30: 31397 | M30: 4 | O30: =L30/M30 -> 7849.25
C32: SUBTOTAL $ | O32: =O29+O30 -> 18313.85
C33: II. MATERIALES
C36: DESCRIPCIÓN | K36: UNIDAD | L36: CANTIDAD | M36: PRECIO UNIT. | O36: Vr. UNITARIO
C37: TANQUE DE 2000 LITROS | K37: UND | L37: 1 | M37: 1126900 | O37: =L37*M37 -> 1126900
O38: =L38*M38 -> 0
C40: SUBTOTAL $ | O40: =O37+O38+O39 -> 1126900
C41: III. TRANSPORTES
C44: MATERIAL | J44: VOL. o PESO | K44: DISTANCIA | L44: M3 o Ton/Km | M44: TARIFA | O44: Vr. UNITARIO
C45: TANQUE PLASTICO DE 2000 LITROS | J45: 1 | K45: 91 | L45: =J45*K45 -> 91 | M45: 1577.32 | O45: =L45*M45 -> 143536.12
C47: SUBTOTAL $ | O47: =O45 -> 143536.12
C48: IV. MANO DE OBRA
C51: TRABAJADOR | J51: JORNAL | K51: PRESTACIONES | L51: JORNAL TOTAL | M51: RENDIMIENTO | O51: Vr. UNITARIO
C52: MANO DE OBRA - BB | J52: 209292 | K52: 2 | L52: =J52*K52 -> 418584 | M52: 1.5 | O52: =+L52/M52 -> 279056
C56: SUBTOTAL $ | O56: =O52 -> 279056
C58: TOTAL COSTO DIRECTO $ | O58: =O32+O40+O47+O56 -> 1567806
C59: V. COSTOS INDIRECTOS
C62: Descripción | L62: Porcentaje | M62: Valor Total
C63: ADMINISTRACION
C64: IMPREVISTOS
C65: UTILIDAD
C66: SUBTOTAL $
C68: Precio Unitario Total Aproximado al peso $
H72: Firma
H73: Nombre:
H74: Representante Legal del Contratista o su Apoderado
H75: Matricula No. :
C77: OBSERVACIONES INTERVENTORÍA
C81: APROBACIÓN POR INTERVENTORÍA
C82: Nota 1: Cuando se trate de Análisis de precios unitarios correspondientes a ítems de la propuesta económica aprobada, el Interventor aprueba el desglose de los componentes manteniendo el mismo precio unitario de cada ítem, cumpliendo con las especificaciones de construcción vigentes para el proyecto.
C84: Nota 2: Cuando se trate de Análisis de precios unitarios de ítems no previstos, el Interventor aprueba el desglose y precio unitario de cada ítem no previsto, exigiendo la aplicación de los costos correspondientes a insumos y tarifas de la propuesta económica inicial cuando estén contemplados, cumpliendo con las especificaciones de construcción vigente para el proyecto.
H87: Firma
H88: Nombre:
H89: Representante Legal del Interventor o su Apoderado
H90: Matricula No. :

Sheet AIU 
B1: COSTOS ADMINISTRATIVOS, IMPREVISTOS Y UTILIDADES (AIU) | H1: Código: FO-PMC- 25 Fecha: 16/02/2026 Versión: 01 Pág: 1 de 1
B2: =[8]PRESUPUESTO!A2 -> NOMBRE DEL PROYECTO: MEJORAMIENTOS LOCATIVOS DE ALGUNAS ESCUELAS DEL MUNICIPIO DE VILLETA, CUNDINAMARCA. Fecha:____/____/____
A5: EJECUCION FISICA | B5: 2 | C5: MES | F5: COSTOS DIRECTOS | H5: 365790688 | I5: $365.790.688
A7: DESCRIPCION | C7: CANTIDAD- JORNADA | D7: % DEDICACION | E7: TIEMPO (MESES) | F7: ASIGNACION BASICA | G7: FACTOR PRESTACIONAL | H7: VALOR
A9: PERSONAL TECNICO-ADMINISTRATIVO
A10: DIRECTOR DE PROYECTO | C10: 0 | D10: 0 | E10: =B5 -> 2 | F10: =1423500*3.05 -> 4341675 | G10: 2 | H10: =C10*D10*E10*F10*G10 -> 0
A11: PROFESIONAL EN OBRAS CIVILES | C11: 1 | D11: 0.26912649 | E11: =B5 -> 2 | F11: 2000000 | G11: 2 | H11: =C11*D11*E11*F11*G11 -> 2153011.9
A12: PROFESIONAL SISO | C12: 1 | D12: 0.2 | E12: =B5 -> 2 | F12: 2000000 | G12: 2 | H12: =C12*D12*E12*F12*G12 -> 1600000
A13: AUXILIAR ADMINISTRATIVO | C13: 0 | D13: 0.1 | E13: =B5 -> 2 | F13: =1423500 -> 1423500 | G13: 2 | H13: =C13*D13*E13*F13*G13 -> 0
A14: Subtotal personal tecnico-administrativo | H14: =SUM(H10:H13) -> 3753011.9
A15: POLIZAS Y GARANTÍAS
A16: GARANTÍA DE CUMPLIMIENTO | G16: 0.003 | H16: =+G16*H5 -> 1097372.1
A17: ESTABILIDAD Y CALIDAD DE LA OBRA
A18: PAGO DE SALARIOS Y PRESTACIONES SOCIALES E INDEMNIZACIONES
A19: RESPONSABILIDAD CIVIL Y EXTRACONTRACTUAL
A20: Subtotal polizas y garantías | G20: =+G16 -> 0.003 | H20: =SUM(H16:H19) -> 1097372.1
A21: DESCUENTOS LEGALES
A22: ESTAMPILLA PROCULTURA 2% | G22: =+L45 -> 0.02 | H22: =+G22*N35 -> 9730032.3
A23: ESTAMPILLA ADULTO MAYOR 4% | G23: =+L46 -> 0.04 | H23: =+G23*N35 -> 19460065
A24: RETEICA 0.8% | G24: 0.008 | H24: =+G24*N35 -> 3892012.9
A25: ESTAMPILLA JUSTICIA FAMILIAR 2% | G25: 0.02 | H25: =+G25*N35 -> 9730032.3
A26: ESTAMPILLA PRODEPORTE 2% | G26: =+L48 -> 0.02 | H26: =+G26*N35 -> 9730032.3
A27: CONTRIBUCCION ESPECIAL 5% | G27: =+L47 -> 0.05 | H27: =+G27*N35 -> 24325081 | L27: PERSONAL TECNICO-ADMINISTRATIVO | N27: =33%-N28-N29 -> 0.3 | O27: =SUM(N27:N29) -> 0.33 | P27: =+N27*N31 -> 1.0973721e+08
A28: RETENCION EN LA FUENTE 6.99X1000 | G28: =+L44 -> 0.02 | H28: =+G28*N35 -> 9730032.3 | L28: POLIZAS Y GARANTÍAS | N28: 0.03 | P28: =+N28*N35 -> 14595048
A29: Subtotal descuentos legales | H29: =SUM(H22:H28) -> 86597287 | L29: DESCUENTOS LEGALES | N29: =+G29 -> 0 | P29: =+N29*N35 -> 0
A30: TOTAL GASTOS ADMINISTRATIVOS | H30: =ROUND(+H29+H20+H14,2) -> 91447671
A31: IMPREVISTOS | H31: =H5*'PRESUPUESTO OFICIAL (Entidad)'!K227 -> 10973721 | L31: COSTOS DIRECTOS | N31: =H5 -> 365790688
A32: UTILIDADES | H32: =H5*'PRESUPUESTO OFICIAL (Entidad)'!K228 -> 18289534 | L32: AIU | M32: =[8]PRESUPUESTO!F220 -> 0.33 | N32: =+M32*N31 -> 1.2071093e+08
A33: UTILIDAD | H33: 0.05
A34: TOTAL AIU | H34: =H30+H31+H32 -> 1.2071093e+08 | L34: INTERVENTORIA | M34: 0.07
M35: Minima Cuantía 2025: 39´858.000 | N35: =+N31+N32+N34 -> 4.8650162e+08
I36: =H5+H30+H31+H32 -> 4.8650161e+08 | J36: ='PRESUPUESTO OFICIAL (Entidad)'!K222 -> 486501615 | K36: TOTAL OBRA
A37: ING. JOSE MAURICIO BELLO PEREZ
A39: Proyectó: | B39: Ing. Juan Sebastian Gaviria Garcia
B40: =+[9]PRESUPUESTO2025!C115 -> Apoyo Profesional OAP
K42: VALOR TOTAL DEL PROYECTO | L42: =N35 -> 4.8650162e+08
K43: Descripción | L43: % | M43: Base sobre la que aplica | N43: Valor estimado de carga tributaria
K44: Retención en la fuente de conformidad con lo establecido en estatuto tributario municipal de Villeta. | L44: 0.02 | M44: Valor total | N44: =+L44*L$42 -> 9730032.3
K45: Estampilla procultura | L45: 0.02 | M45: Valor total | N45: =+L45*L$42 -> 9730032.3
K46: Estampilla pro-adulto mayor | L46: 0.04 | M46: Valor total | N46: =+L46*L$42 -> 19460065
K47: Contribución Especial | L47: 0.05 | M47: Valor total | N47: =+L47*L$42 -> 24325081
K48: Tasa pro-deporte y recreación | L48: 0.02 | M48: Valor total | N48: =+L48*L$42 -> 9730032.3
K49: Pro-Justicia Familiar | L49: 0.02 | M49: Valor total | N49: =+L49*L$42 -> 9730032.3
K50: ICA, sobre el valor total del contrato | L50: 0.008 | M50: Valor total | N50: =+L50*L$42 -> 3892012.9
K51: TOTAL | N51: =SUM(N44:N50) -> 86597287

Sheet CRONOGRAMA 
B1: CRONOGRAMA
C2: ALCALDÍA MUNICIPAL DE VILLETA SISTEMA INTEGRADO DE GESTIÓN SIG PROCESO: GESTIÓN DE PLANEACIÓN Y MEJORA CONTINUA FORMATO PRESUPUESTO APU | I2: Código: FO-PMC- 25 Fecha: 16/02/2026 Versión: 01 Pág: 1 de 1
B3: NOMBRE DEL PROYECTO: Fecha:____/____/____
B4: 46235
B5: ITEM | C5: DESCRIPCION | D5: PRECONTRACTUAL | F5: EJECUCIÓN | I5: LIQUIDACIÓN
D6: MES 1 | E6: MES 2 | F6: MES 3 | G6: MES 4 | H6: MES 5 | I6: MES 6
B7: =#REF! -> #REF!
A8: 1 | B8: 1.1 | C8: CERCA EN TELA VERDE H = 2.10 M | F8: ='PRESUPUESTO OFICIAL (Entidad)'!K15 -> 463093
A9: 2 | B9: 2.1 | C9: PINTURA EPÓXICA (COLUMNAS ) | F9: ='PRESUPUESTO OFICIAL (Entidad)'!K18 -> 5965731
A10: 3 | B10: 2.2 | C10: ESMALTE SOBRE LÁMINA LINEAL (CERCHAS) | F10: ='PRESUPUESTO OFICIAL (Entidad)'!K19 -> 4857091
A11: 4 | B11: 3.1 | C11: CANAL EN LÁMINA GALVANIZADA CAL. 22; DS=90 | F11: ='PRESUPUESTO OFICIAL (Entidad)'!K22 -> 11938120
A12: 5 | B12: 3.2 | C12: BAJANTE AGUAS LLUVIAS PVC 4". INC ACCESORIOS | F12: ='PRESUPUESTO OFICIAL (Entidad)'!K23 -> 1913572
B13: PESCADERIA
A14: 6 | B14: 4.1 | C14: CERCA EN TELA VERDE H = 2.10 M | F14: ='PRESUPUESTO OFICIAL (Entidad)'!K27 -> 463093
A15: 7 | B15: 4.2 | C15: DEMOLICIÓN MUROS EN MAMPOSTERÍA 0.15 M, INC RETIRO | F15: ='PRESUPUESTO OFICIAL (Entidad)'!K28 -> 1263848
A16: 8 | B16: 4.3 | C16: DEMOLICION PLACA PISO 0.10M, INC RETIRO | F16: ='PRESUPUESTO OFICIAL (Entidad)'!K29 -> 2871382
A17: 9 | B17: 4.4 | C17: REPLANTEO MANUAL DE CIMIENTOS | F17: ='PRESUPUESTO OFICIAL (Entidad)'!K30 -> 481295
A18: 10 | B18: 5.1 | C18: EXCAVACIÓN MANUAL EN MATERIAL COMÚN H=0.0-2.0 M (INCLUYE RETIRO DE SOBRANTES A UNA DISTANCIA MENOR DE 5 KM) | F18: ='PRESUPUESTO OFICIAL (Entidad)'!K33 -> 1024060
A19: 11 | B19: 5.2 | C19: RELLENO EN RECEBO COMÚN COMPACTADO MECÁNICAMENTE | F19: ='PRESUPUESTO OFICIAL (Entidad)'!K34 -> 456538
A20: 12 | B20: 6.1 | C20: CAJA DE INSPECCIÓN DE 60X60 | F20: ='PRESUPUESTO OFICIAL (Entidad)'!K37 -> 2417095
A21: 13 | B21: 6.2 | C21: RED SANITARIA PVC-S 4". INC ACCESORIOS | F21: ='PRESUPUESTO OFICIAL (Entidad)'!K38 -> 10312966
A22: 14 | B22: 6.3 | C22: SIFÓN PARA DRENAJE EN PVC DE 4" | F22: ='PRESUPUESTO OFICIAL (Entidad)'!K39 -> 763339
A23: 15 | B23: 6.4 | C23: SALIDA SANITARIA PVC-S/PARAL 4" | F23: ='PRESUPUESTO OFICIAL (Entidad)'!K40 -> 1824815
A24: 16 | B24: 7.1 | C24: TANQUE PLÁSTICO ELEVADO 2.000 LT (INCLUYE ACCESORIOS E ISNTALACIÓN) | F24: ='PRESUPUESTO OFICIAL (Entidad)'!K43 -> 2678362
A25: 17 | B25: 7.2 | C25: CONEXIÓN TANQUE ELEVADO PVC. INC ACCESORIOS | F25: ='PRESUPUESTO OFICIAL (Entidad)'!K44 -> 521514
A26: 18 | B26: 7.3 | C26: RED SUMINISTRO PVC 1/2". INC ACCESORIOS | F26: ='PRESUPUESTO OFICIAL (Entidad)'!K45 -> 988434
A27: 19 | B27: 7.4 | C27: REGISTRO 1/2". INC ACCESORIOS | F27: ='PRESUPUESTO OFICIAL (Entidad)'!K46 -> 1132721
A28: 20 | B28: 7.5 | C28: PUNTO HIDRÁULICO PVC-P/PARAL 1/2" | F28: ='PRESUPUESTO OFICIAL (Entidad)'!K47 -> 1381063
A29: 21 | B29: 8.1 | C29: ACERO FIGURADO 60000 PSI | F29: ='PRESUPUESTO OFICIAL (Entidad)'!K50 -> 6581912
A30: 22 | B30: 8.2 | C30: VIGA DE AMARRE EN CONCRETO 3500 PSI (CIMENTACION ) | F30: ='PRESUPUESTO OFICIAL (Entidad)'!K51 -> 9956951
A31: 23 | B31: 8.3 | C31: REFUERZO MALLA ELECTROSOLDADA | F31: ='PRESUPUESTO OFICIAL (Entidad)'!K52 -> 6811356
A32: 24 | B32: 8.4 | C32: CONCRETO 3500 (PLACA PISO) | F32: ='PRESUPUESTO OFICIAL (Entidad)'!K53 -> 58959959
A33: 25 | B33: 9.1 | C33: COLUMNAS 3500 PSI | F33: ='PRESUPUESTO OFICIAL (Entidad)'!K56 -> 4469799
A34: 26 | B34: 9.2 | C34: VIGA AÉREA 3500 PSI | F34: ='PRESUPUESTO OFICIAL (Entidad)'!K57 -> 5539150
A35: 27 | B35: 9.3 | C35: ACERO FIGURADO 60000 PSI | F35: ='PRESUPUESTO OFICIAL (Entidad)'!K58 -> 12080401
A36: 28 | B36: 9.4 | C36: ENTREPISO LÁMINA COLABORANTE 2", CAL 22, H=10 CM,INCL. MALLA DE REFUERZO, CONCRETO DE 3500 PSI | F36: ='PRESUPUESTO OFICIAL (Entidad)'!K59 -> 4619528
A37: 29 | B37: 10.1 | C37: MURO EN BLOQUE N° 5 E=0,12M | F37: ='PRESUPUESTO OFICIAL (Entidad)'!K62 -> 11955621
A38: 30 | B38: 11.1 | C38: ESTRUCTURA METÁLICA PARA TEJA DE FIBROCEMENTO (TUBO ESTRUCTURAL ABIERTO 4"x2", 15 MM) | F38: ='PRESUPUESTO OFICIAL (Entidad)'!K65 -> 7958420
A39: 31 | B39: 11.2 | C39: TEJA TERMOACUSTICA ONDULADA | F39: ='PRESUPUESTO OFICIAL (Entidad)'!K66 -> 7689651
A40: 32 | B40: 11.3 | C40: CANAL PVC AMAZONAS | F40: ='PRESUPUESTO OFICIAL (Entidad)'!K67 -> 3033638
A41: 33 | B41: 11.4 | C41: BAJANTE AGUAS LLUVIAS PVC 4". INC ACCESORIOS | F41: ='PRESUPUESTO OFICIAL (Entidad)'!K68 -> 717590
A42: 34 | B42: 12.1 | C42: PAÑETE LISO MUROS 1:5, E=1.5 CM | F42: ='PRESUPUESTO OFICIAL (Entidad)'!K71 -> 12139543
A43: 35 | B43: 12.2 | C43: FILOS O DILATACIONES S/MURO | F43: ='PRESUPUESTO OFICIAL (Entidad)'!K72 -> 1509944
A44: 36 | B44: 13.1 | C44: ALISTADO ENDURECIDO 1:3, E=0.04 | F44: ='PRESUPUESTO OFICIAL (Entidad)'!K75 -> 3871089
A45: 37 | B45: 13.2 | C45: BALDOSA CERÁMICA PISO-PARED 30X60 CALIDAD PRIMERA | F45: ='PRESUPUESTO OFICIAL (Entidad)'!K76 -> 7939970
A46: 38 | B46: 13.3 | C46: GUARDAESCOBA EN GRANITO | F46: ='PRESUPUESTO OFICIAL (Entidad)'!K77 -> 4757654
A47: 39 | B47: 14.1 | C47: CIELO RASO EN PVC e=7 mm (INCLUYE ESTRUCTURA DE APOYO) | F47: ='PRESUPUESTO OFICIAL (Entidad)'!K80 -> 7353300
A48: 40 | B48: 15.1 | C48: ESTUCO | F48: ='PRESUPUESTO OFICIAL (Entidad)'!K83 -> 4918757
A49: 41 | B49: 15.2 | C49: ESTUCO (LINEAL) FILOS | F49: ='PRESUPUESTO OFICIAL (Entidad)'!K84 -> 1505225
A50: 42 | B50: 15.3 | C50: PINTURA EPÓXICA | F50: ='PRESUPUESTO OFICIAL (Entidad)'!K85 -> 8396611
A51: 43 | B51: 15.4 | C51: PINTURA EPÓXICA (LINEAL) FILOS | F51: ='PRESUPUESTO OFICIAL (Entidad)'!K86 -> 2544551
A52: 44 | B52: 16.1 | C52: PUERTA CORTINA INCLUYE ESMALTE | F52: ='PRESUPUESTO OFICIAL (Entidad)'!K89 -> 48864987
A53: 45 | B53: 17.1 | C53: TABLERO PARCIALES 12 CIRCUITOS (INCLUYE TACOS DE 30A) | F53: ='PRESUPUESTO OFICIAL (Entidad)'!K92 -> 758828
A54: 46 | B54: 17.2 | C54: SALIDA LÁMPARA TOMA PVC COMPLETA. INC INTERRUPTOR | F54: ='PRESUPUESTO OFICIAL (Entidad)'!K93 -> 1289025
A55: 47 | B55: 17.3 | C55: SALIDA TOMA DOBLE PVC COMPLETA | F55: ='PRESUPUESTO OFICIAL (Entidad)'!K94 -> 1235879
A56: 48 | B56: 17.4 | C56: LUMINARIA PANEL LED REDONDO - 24W - 4000K/6000K - IP20 - 120V - DE INCRUSTAR 30cmX3cm (4 POR LOCAL ) | F56: ='PRESUPUESTO OFICIAL (Entidad)'!K95 -> 2868587
A57: 49 | B57: 17.5 | C57: CIRCUITO RAMAL 2xNo.12AWG-CU-THHN/THWN-2 + 1xNo.12AWG(T)-CU | F57: ='PRESUPUESTO OFICIAL (Entidad)'!K96 -> 337992
A58: 50 | B58: 17.6 | C58: TUBERÍA PVC CONDUIT 1/2". INC ACCESORIOS | F58: ='PRESUPUESTO OFICIAL (Entidad)'!K97 -> 99995
B59: PARQUEADERO
A60: 51 | B60: 18.1 | C60: REPLANTEO MANUAL DE CIMIENTOS | F60: ='PRESUPUESTO OFICIAL (Entidad)'!K101 -> 24758
A61: 52 | B61: 18.2 | C61: DEMOLICIÓN PLACA PISO 0.15 M, INC RETIRO (RAMPA) | F61: ='PRESUPUESTO OFICIAL (Entidad)'!K102 -> 1410565
A62: 53 | B62: 19.1 | C62: REFUERZO MALLA ELECTROSOLDADA | F62: ='PRESUPUESTO OFICIAL (Entidad)'!K105 -> 2123486
A63: 54 | B63: 19.2 | C63: CONCRETO 3500 PSI | F63: ='PRESUPUESTO OFICIAL (Entidad)'!K106 -> 2757200
A64: 55 | B64: 20.1 | C64: MURO EN BLOQUE N° 5 E=0,12M | F64: ='PRESUPUESTO OFICIAL (Entidad)'!K109 -> 3005238
A65: 56 | B65: 21.1 | C65: PAÑETE LISO MUROS 1:5, E=1.5 CM | F65: ='PRESUPUESTO OFICIAL (Entidad)'!K112 -> 2621685
A66: 57 | B66: 22.1 | C66: ESTUCO Y VINILO 3 MANOS | F66: ='PRESUPUESTO OFICIAL (Entidad)'!K115 -> 2746034
B67: SHUT DE BASURAS NUEVO
A68: 58 | B68: 23.1 | C68: REPLANTEO MANUAL DE CIMIENTOS | G68: ='PRESUPUESTO OFICIAL (Entidad)'!K119 -> 154820
A69: 59 | B69: 23.2 | C69: DEMOLICION PLACA PISO 0.10M, INC RETIRO | G69: ='PRESUPUESTO OFICIAL (Entidad)'!K120 -> 105560
A70: 60 | B70: 24.1 | C70: ANCLAJE 1/2 | G70: ='PRESUPUESTO OFICIAL (Entidad)'!K123 -> 438921
A71: 61 | B71: 24.2 | C71: ACERO FIGURADO 60000 PSI | G71: ='PRESUPUESTO OFICIAL (Entidad)'!K124 -> 3626126
A72: 62 | B72: 24.3 | C72: COLUMNAS 3500 PSI | G72: ='PRESUPUESTO OFICIAL (Entidad)'!K125 -> 1484311
A73: 63 | B73: 24.4 | C73: VIGA AÉREA 3500 PSI | G73: ='PRESUPUESTO OFICIAL (Entidad)'!K126 -> 1439175
A74: 64 | B74: 24.5 | C74: CONSTRUCCION DE CARCAMO IN-SITU CON TAPA | G74: ='PRESUPUESTO OFICIAL (Entidad)'!K127 -> 4684375
A75: 65 | B75: 24.6 | C75: REJILLA PISO 0.30 M, PARA CARCAMO Ó CANA | G75: ='PRESUPUESTO OFICIAL (Entidad)'!K128 -> 556477
A76: 66 | B76: 25.1 | C76: MURO EN BLOQUE N° 5 E=0,12M | G76: ='PRESUPUESTO OFICIAL (Entidad)'!K131 -> 3946008
A77: 67 | B77: 26.1 | C77: ESTRUCTURA METÁLICA PARA TEJA DE FIBROCEMENTO (TUBO ESTRUCTURAL ABIERTO 4"x2", 15 MM) | G77: ='PRESUPUESTO OFICIAL (Entidad)'!K134 -> 2976474
A78: 68 | B78: 26.2 | C78: TEJA TERMOACUSTICA ONDULADA | G78: ='PRESUPUESTO OFICIAL (Entidad)'!K135 -> 2875954
A79: 69 | B79: 26.3 | C79: CANAL PVC AMAZONAS | G79: ='PRESUPUESTO OFICIAL (Entidad)'!K136 -> 1069757
A80: 70 | B80: 26.4 | C80: BAJANTE AGUAS LLUVIAS PVC 4". INC ACCESORIOS | G80: ='PRESUPUESTO OFICIAL (Entidad)'!K137 -> 318929
A81: 71 | B81: 27.1 | C81: PAÑETE LISO MUROS 1:5, E=1.5 CM | G81: ='PRESUPUESTO OFICIAL (Entidad)'!K140 -> 2678679
A82: 72 | B82: 27.2 | C82: FILOS O DILATACIONES S/MURO | G82: ='PRESUPUESTO OFICIAL (Entidad)'!K141 -> 353369
A83: 73 | B83: 28.1 | C83: ALISTADO ENDURECIDO 1:3, E=0.04 | G83: ='PRESUPUESTO OFICIAL (Entidad)'!K144 -> 1494272
A84: 74 | B84: 28.2 | C84: BALDOSA CERÁMICA PISO-PARED 30X60 CALIDAD PRIMERA | G84: ='PRESUPUESTO OFICIAL (Entidad)'!K145 -> 3064894
A85: 75 | B85: 28.3 | C85: GUARDAESCOBA EN GRANITO | G85: ='PRESUPUESTO OFICIAL (Entidad)'!K146 -> 1365065
A86: 76 | B86: 29.1 | C86: CIELO RASO EN PVC e=7 mm (INCLUYE ESTRUCTURA DE APOYO) | G86: ='PRESUPUESTO OFICIAL (Entidad)'!K149 -> 1815630
A87: 77 | B87: 30.1 | C87: ESTUCO | G87: ='PRESUPUESTO OFICIAL (Entidad)'!K152 -> 1340183
A88: 78 | B88: 30.2 | C88: ESTUCO (LINEAL) FILOS | G88: ='PRESUPUESTO OFICIAL (Entidad)'!K153 -> 409081
A89: 79 | B89: 30.3 | C89: PINTURA EPÓXICA | G89: ='PRESUPUESTO OFICIAL (Entidad)'!K154 -> 2287772
A90: 80 | B90: 30.4 | C90: PINTURA EPÓXICA (LINEAL) FILOS | G90: ='PRESUPUESTO OFICIAL (Entidad)'!K155 -> 691543
A91: 81 | B91: 31.1 | C91: PUERTA CORTINA INCLUYE ESMALTE | G91: ='PRESUPUESTO OFICIAL (Entidad)'!K158 -> 7035007
A92: 82 | B92: 31.2 | C92: PUERTA CORTINA INCLUYE ESMALTE | G92: ='PRESUPUESTO OFICIAL (Entidad)'!K159 -> 3893686
A93: 83 | B93: 32.1 | C93: SIFÓN PARA DRENAJE EN PVC DE 4" | G93: ='PRESUPUESTO OFICIAL (Entidad)'!K162 -> 169631
A94: 84 | B94: 32.2 | C94: RED SANITARIA PVC-S 4". INC ACCESORIOS | G94: ='PRESUPUESTO OFICIAL (Entidad)'!K163 -> 1018062
A95: 85 | B95: 32.3 | C95: SUMINISTRO E INSTALACION DE TRAMPA DE GRASA PVC | G95: ='PRESUPUESTO OFICIAL (Entidad)'!K164 -> 2189209
A96: 86 | B96: 33.1 | C96: SALIDA LÁMPARA TOMA PVC COMPLETA. INC INTERRUPTOR | G96: ='PRESUPUESTO OFICIAL (Entidad)'!K167 -> 143225
A97: 87 | B97: 33.2 | C97: LUMINARIA PANEL LED REDONDO - 24W - 4000K/6000K - IP20 - 120V - DE INCRUSTAR 30cmX3cm (4 POR LOCAL ) | G97: ='PRESUPUESTO OFICIAL (Entidad)'!K168 -> 318732
B98: BAÑOS Y SHUT ANTIGUO
A99: 88 | B99: 34.1 | C99: DESMONTE APARATOS SANITARIOS, INC RETIRO | G99: ='PRESUPUESTO OFICIAL (Entidad)'!K172 -> 535365
A100: 89 | B100: 34.2 | C100: DEMOLICIÓN BALDOSA DE PISO H=0.04 M, INC RETIRO | G100: ='PRESUPUESTO OFICIAL (Entidad)'!K173 -> 1716396
...

Sheet OAP-1.
A1: ANALISIS DE PRECIOS UNITARIOS
B2: ALCALDÍA MUNICIPAL DE VILLETA SISTEMA INTEGRADO DE GESTIÓN SIG PROCESO: GESTIÓN DE PLANEACIÓN Y MEJORA CONTINUA FORMATO: ANÁLISIS DE PRECIOS UNITARIO APU | G2: Código: FO-PMC- 25 Fecha: 16/02/2026 Versión: 01 Pág: 1 de 1
A4: ITEM | B4: OAP-2 | C4: CONSTRUCCION DE CARCAMO IN-SITU
B6: UNIDAD | C6: ML
A8: I. EQUIPO
A9: Descripción | C9: Unidad | D9: Tarifa | E9: Rendimiento | F9: Valor-Unit
A10: HERRAMIENTA MENOR | C10: DIA | D10: 10000 | E10: 40 | F10: =+D10/E10 -> 250
F15: Sub-total | G15: =SUM(F10:F14) -> 250
A17: II. MATERIALES EN OBRA
A18: Descripción | C18: Unidad | D18: Precio-unit | E18: Cantidad | F18: Valor total
A19: CONCRETO 3000 PSI | C19: M3 | D19: 478674 | E19: 1 | F19: =+D19*E19 -> 478674
A20: TABLA CHAPA ORDINARIO 0.10 | C20: ML | D20: 2949 | E20: 0.51 | F20: =+D20*E20 -> 1503.99
A21: MALLA ELECTROSOLDADA 6MM 15 X 15 | C21: UN | D21: 238750 | E21: 0.25 | F21: =+D21*E21 -> 59687.5
F23: Sub-total | G23: =+F19+F20+F21 -> 539865.49
A24: III. TRANSPORTES
A25: Material | B25: Vol- peso ó Cant | C25: Distancia | D25: M3-Km | E25: Tarifa | F25: Valor-Unit
F29: Sub-total | G29: =+F26+F27+F28 -> 0
A30: IV. MANO DE OBRA
A31: Trabajador | B31: Jornal | C31: Prestaciones | D31: Jornal Total | E31: Rendimiento | F31: Valor-Unit
A32: MANO DE OBRA - DD | B32: 185642 | C32: 2.2 | D32: =+B32*C32 -> 408412.4 | E32: 40 | F32: =+D32/E32 -> 10210.31
F35: Sub-total | G35: =+F32+F33+F34 -> 10210.31
A37: TOTAL COSTO DIRECTO | G37: =ROUND(+G35+G29+G23+G15,0) -> 550326
A41: ING. JOSE MAURICIO BELLO PEREZ.
A42: Jefe Oficina Asesora de Planeación
A45: Proyectó: | B45: Ing. Kevin Esteban Góngora Fonseca - OAP

Sheet OAP-2
C2: ALCALDÍA MUNICIPAL DE VILLETA SISTEMA INTEGRADO DE GESTIÓN SIG PROCESO: GESTIÓN DE PLANEACIÓN Y MEJORA CONTINUA FORMATO: ANÁLISIS DE PRECIOS UNITARIO APU | H2: Código: FO-PMC- 25 Fecha: 16/02/2026 Versión: 01 Pág: 1 de 1
B4: PROYECTO: ADECUACION SISTEMA SEPTICO ESCUELA CUNE. FECHA:___/___/____
B7: =+'[10]PRESUPUESTO 18-2-26'!#REF! -> #REF! | C7: UNIDAD | D7: UND | E7: TRAMPA DE GRASAS
B9: I. EQUIPO
B10: Descripción | D10: Unidad | E10: Tarifa | F10: Rendimiento | G10: Valor-Unit
B11: HERRAMIENTA MENOR | D11: GL | E11: 12684.33 | F11: 1 | G11: =+F11*E11 -> 12684.33
G13: Sub-total | H13: =SUM(G11:G12) -> 12684.33
B15: II. MATERIALES EN OBRA
B16: Descripción | D16: Unidad | E16: Precio-unit | F16: Cantidad | G16: Valor total
B17: Trampa De Grasa 1000 Litros Tratamiento | D17: ML | E17: 1234900 | F17: 1 | G17: =+F17*E17 -> 1234900
B18: RECEBO COMUN | D18: UND | E18: 12149 | F18: 0.1 | G18: =+F18*E18 -> 1214.9
G21: Sub-total | H21: =SUM(G17:G20) -> 1236114.9
B22: III. TRANSPORTES
B23: Material | C23: Vol- peso ó Cant | D23: Distancia | E23: M3-Km | F23: Tarifa | G23: Valor-Unit
B24: tampa de grasas | C24: 1 | D24: 91 | E24: =C24*D24 -> 91 | F24: 1577.32 | G24: =E24*F24 -> 143536.12
G26: Sub-total | H26: =SUM(G24:G25) -> 143536.12
B27: IV. MANO DE OBRA
B28: Trabajador | C28: Jornal | D28: Prestaciones | E28: Jornal Total | F28: Rendimiento | G28: Valor-Unit
B29: MANO DE OBRA BB | C29: 190265 | D29: 2 | E29: =+D29*C29 -> 380530 | F29: 1.5 | G29: =+E29/F29 -> 253686.67
G31: Sub-total | H31: =SUM(G29:G30) -> 253686.67
B33: TOTAL COSTO DIRECTO | H33: =ROUND(+H31+H26+H21+H13,0) -> 1646022
B39: ING. JOSE MAURICIO BELLO PEREZ
B40: Jefe Oficina Asesora de Planeación
C42: Elaboró: | D42: JUAN SEBASTIAN GAVIRIA GARCIA
D43: Apoyo Profesional OAP

Sheet OAP-3
C2: ALCALDÍA MUNICIPAL DE VILLETA SISTEMA INTEGRADO DE GESTIÓN SIG PROCESO: GESTIÓN DE PLANEACIÓN Y MEJORA CONTINUA FORMATO: ANÁLISIS DE PRECIOS UNITARIO APU | H2: Código: FO-PMC- 25 Fecha: 16/02/2026 Versión: 01 Pág: 1 de 1
B4: PROYECTO: ADECUACION SISTEMA SEPTICO ESCUELA CUNE. FECHA:___/___/____
B7: =+'[10]PRESUPUESTO 18-2-26'!#REF! -> #REF! | C7: UNIDAD | D7: UND | E7: TANQUE PLASTICO ELEVADO 2000 LT
B9: I. EQUIPO
B10: Descripción | D10: Unidad | E10: Tarifa | F10: Rendimiento | G10: Valor-Unit
B11: HERRAMIENTA MENOR | D11: GL | E11: 10464.6 | F11: 1 | G11: =+F11*E11 -> 10464.6 | K11: HERRAMIENTA MENOR
B12: SECCION DE 1,4 POR 1,4 H=2,0 - ANDAMIO | D12: D | E12: 31397 | F12: 4 | G12: =E12/F12 -> 7849.25
G13: Sub-total | H13: =SUM(G11:G12) -> 18313.85
B15: II. MATERIALES EN OBRA
B16: Descripción | D16: Unidad | E16: Precio-unit | F16: Cantidad | G16: Valor total
B17: TANQUE DE 2.000 Litros | E17: 1572900 | F17: 1 | G17: =+F17*E17 -> 1572900
G21: Sub-total | H21: =SUM(G17:G20) -> 1572900
B22: III. TRANSPORTES
B23: Material | C23: Vol- peso ó Cant | D23: Distancia | E23: M3-Km | F23: Tarifa | G23: Valor-Unit
B24: tanque plastico 2000 lt | C24: 1 | D24: 91 | E24: =C24*D24 -> 91 | F24: 1577.32 | G24: =E24*F24 -> 143536.12
G26: Sub-total | H26: =SUM(G24:G25) -> 143536.12
B27: IV. MANO DE OBRA
B28: Trabajador | C28: Jornal | D28: Prestaciones | E28: Jornal Total | F28: Rendimiento | G28: Valor-Unit
B29: MANO DE OBRA BB | C29: 209292 | D29: 2 | E29: =+D29*C29 -> 418584 | F29: 1.5 | G29: =+E29/F29 -> 279056
G31: Sub-total | H31: =SUM(G29:G30) -> 279056
B33: TOTAL COSTO DIRECTO | H33: =ROUND(+H31+H26+H21+H13,0) -> 2013806
B39: ING. JOSE MAURICIO BELLO PEREZ
B40: Jefe Oficina Asesora de Planeación
C42: Elaboró: | D42: JUAN SEBASTIAN GAVIRIA GARCIA
D43: Apoyo Profesional OAP

Sheet OAP-4
C2: ALCALDÍA MUNICIPAL DE VILLETA SISTEMA INTEGRADO DE GESTIÓN SIG PROCESO: GESTIÓN DE PLANEACIÓN Y MEJORA CONTINUA FORMATO: ANÁLISIS DE PRECIOS UNITARIO APU | H2: Código: FO-PMC- 25 Fecha: 16/02/2026 Versión: 01 Pág: 1 de 1
B4: PROYECTO: ADECUACION SISTEMA SEPTICO ESCUELA CUNE. FECHA:___/___/____
B7: =+'[10]PRESUPUESTO 18-2-26'!#REF! -> #REF! | C7: UNIDAD | D7: UND | E7: INSTALACION DE SANITARIOS
B9: I. EQUIPO
B10: Descripción | D10: Unidad | E10: Tarifa | F10: Rendimiento | G10: Valor-Unit
B11: HERRAMIENTA MENOR | D11: GL | E11: 2616.15 | F11: 1 | G11: =+F11*E11 -> 2616.15 | K11: HERRAMIENTA MENOR
G13: Sub-total | H13: =SUM(G11:G12) -> 2616.15
B15: II. MATERIALES EN OBRA
B16: Descripción | D16: Unidad | E16: Precio-unit | F16: Cantidad | G16: Valor total
B17: CEMENTO BLANCO | D17: KG | E17: 3283 | F17: 0.5 | G17: =+F17*E17 -> 1641.5
G21: Sub-total | H21: =SUM(G17:G20) -> 1641.5
B22: III. TRANSPORTES
B23: Material | C23: Vol- peso ó Cant | D23: Distancia | E23: M3-Km | F23: Tarifa | G23: Valor-Unit
G26: Sub-total | H26: =SUM(G24:G25) -> 0
B27: IV. MANO DE OBRA
B28: Trabajador | C28: Jornal | D28: Prestaciones | E28: Jornal Total | F28: Rendimiento | G28: Valor-Unit
B29: MANO DE OBRA BB | C29: 209292 | D29: 2 | E29: =+D29*C29 -> 418584 | F29: 8 | G29: =+E29/F29 -> 52323
G31: Sub-total | H31: =SUM(G29:G30) -> 52323
B33: TOTAL COSTO DIRECTO | H33: =ROUND(+H31+H26+H21+H13,0) -> 56581
B39: ING. JOSE MAURICIO BELLO PEREZ
B40: Jefe Oficina Asesora de Planeación
C42: Elaboró: | D42: JUAN SEBASTIAN GAVIRIA GARCIA
D43: Apoyo Profesional OAP

Sheet OAP-5
C2: ALCALDÍA MUNICIPAL DE VILLETA SISTEMA INTEGRADO DE GESTIÓN SIG PROCESO: GESTIÓN DE PLANEACIÓN Y MEJORA CONTINUA FORMATO: ANÁLISIS DE PRECIOS UNITARIO APU | H2: Código: FO-PMC- 25 Fecha: 16/02/2026 Versión: 01 Pág: 1 de 1
B4: PROYECTO: ADECUACION SISTEMA SEPTICO ESCUELA CUNE. FECHA:___/___/____
B7: =+'[10]PRESUPUESTO 18-2-26'!#REF! -> #REF! | C7: UNIDAD | D7: UND | E7: TANQUE PLASTICO ELEVADO 2000 LT
B9: I. EQUIPO
B10: Descripción | D10: Unidad | E10: Tarifa | F10: Rendimiento | G10: Valor-Unit
B11: HERRAMIENTA MENOR | D11: GL | E11: 10464.6 | F11: 1 | G11: =+F11*E11 -> 10464.6
B12: SECCION DE 1,4 POR 1,4 H=2,0 - ANDAMIO | D12: D | E12: 31397 | F12: 4 | G12: =E12/F12 -> 7849.25
G13: Sub-total | H13: =SUM(G11:G12) -> 18313.85
B15: II. MATERIALES EN OBRA
B16: Descripción | D16: Unidad | E16: Precio-unit | F16: Cantidad | G16: Valor total
B17: TANQUE DE 2.000 Litros | E17: 1126900 | F17: 1 | G17: =+F17*E17 -> 1126900
G21: Sub-total | H21: =SUM(G17:G20) -> 1126900
B22: III. TRANSPORTES
B23: Material | C23: Vol- peso ó Cant | D23: Distancia | E23: M3-Km | F23: Tarifa | G23: Valor-Unit
B24: tanque plastico 2000 lt | C24: 1 | D24: 91 | E24: =C24*D24 -> 91 | F24: 1577.32 | G24: =E24*F24 -> 143536.12
G26: Sub-total | H26: =SUM(G24:G25) -> 143536.12
B27: IV. MANO DE OBRA
B28: Trabajador | C28: Jornal | D28: Prestaciones | E28: Jornal Total | F28: Rendimiento | G28: Valor-Unit
B29: MANO DE OBRA BB | C29: 209292 | D29: 2 | E29: =+D29*C29 -> 418584 | F29: 1.5 | G29: =+E29/F29 -> 279056
G31: Sub-total | H31: =SUM(G29:G30) -> 279056
B33: TOTAL COSTO DIRECTO | H33: =ROUND(+H31+H26+H21+H13,0) -> 1567806
B39: ING. JOSE MAURICIO BELLO PEREZ
B40: Jefe Oficina Asesora de Planeación
C42: Elaboró: | D42: JUAN SEBASTIAN GAVIRIA GARCIA
D43: Apoyo Profesional OAP

Sheet 1.1.
A1: MEMORIAS DE CÁLCULO
B2: ADECUACIÓN Y MANTENIMIENTO DE LA INFRAESTRUCTURA DE LA CENTRAL DE ABASTOS DEL MUNICIPIO DE VILLETA.
A3: ITEM | B3: ='PRESUPUESTO OFICIAL (Entidad)'!D15 -> 1.1
A4: REFERENCIA | B4: ='PRESUPUESTO OFICIAL (Entidad)'!E15 -> ICCU 1,8
A5: DESCRIPCIÓN | B5: ='PRESUPUESTO OFICIAL (Entidad)'!G15 -> CERCA EN TELA VERDE H = 2.10 M
A6: UNIDAD | B6: ='PRESUPUESTO OFICIAL (Entidad)'!H15 -> ML
A7: CANTIDAD | B7: =+H14 -> 10
A9: UBICACIÓN | C9: CANT | D9: LARGO | E9: ANCHO | F9: ALTO | G9: ÁREA | H9: ACUMULADO
A10: CERRAMIENTO | C10: 1 | D10: 10 | H10: =+D10 -> 10
H11: =+D11 -> 0
A14: TOTAL | H14: =+H10+H11 -> 10
A16: FOTO ó PLANO
A37: ING. JOSE MAURICIO BELLO PEREZ.
A38: Jefe Oficina Asesora de Planeación
A40: Proyectó: | B40: Ing. Sebastian Gaviria - Profesional de apoyo OAP

Sheet 2.1
A1: MEMORIAS DE CÁLCULO
B2: ADECUACIÓN Y MANTENIMIENTO DE LA INFRAESTRUCTURA DE LA CENTRAL DE ABASTOS DEL MUNICIPIO DE VILLETA.
A3: ITEM | B3: ='PRESUPUESTO OFICIAL (Entidad)'!D18 -> 2.1
A4: REFERENCIA | B4: ='PRESUPUESTO OFICIAL (Entidad)'!E18 -> 18.26
A5: DESCRIPCIÓN | B5: ='PRESUPUESTO OFICIAL (Entidad)'!G18 -> PINTURA EPÓXICA (COLUMNAS )
A6: UNIDAD | B6: ='PRESUPUESTO OFICIAL (Entidad)'!H18 -> M2
A7: CANTIDAD
A9: UBICACIÓN | C9: CANT | D9: LARGO | E9: ANCHO | F9: ALTO | G9: ÁREA | H9: ACUMULADO
A10: PINTURA COLUMNAS parqueo altas | C10: 24 | D10: 0.3 | F10: 3 | G10: =(D10*F10)*4 -> 3.6 | H10: =+C10*G10 -> 86.4
A11: PINTURA COLUMNAS altas | C11: 14 | D11: 0.3 | F11: 3 | G11: =(D11*F11)*4 -> 3.6 | H11: =+C11*G11 -> 50.4
A12: PINTURA COLUMNAS CORTAS | C12: 28 | D12: 0.3 | F12: 1.4 | G12: =(D12*F12)*4 -> 1.68 | H12: =+C12*G12 -> 47.04
H13: =+E13*D13 -> 0
H14: =+E14*D14 -> 0
H15: =+E15*D15 -> 0
H16: =+E16*D16 -> 0
A18: TOTAL | H18: =SUM(H10:H17) -> 183.84
A20: FOTO ó PLANO
A41: ING. JOSE MAURICIO BELLO PEREZ.
A42: Jefe Oficina Asesora de Planeación
A44: Proyectó: | B44: Ing. Sebastian Gaviria - Profesional de apoyo OAP

Sheet 2.2
A1: MEMORIAS DE CÁLCULO
B2: ADECUACIÓN Y MANTENIMIENTO DE LA INFRAESTRUCTURA DE LA CENTRAL DE ABASTOS DEL MUNICIPIO DE VILLETA.
A3: ITEM | B3: ='PRESUPUESTO OFICIAL (Entidad)'!D19 -> 2.2
A4: REFERENCIA | B4: ='PRESUPUESTO OFICIAL (Entidad)'!E19 -> 18.8
A5: DESCRIPCIÓN | B5: ='PRESUPUESTO OFICIAL (Entidad)'!G19 -> ESMALTE SOBRE LÁMINA LINEAL (CERCHAS)
A6: UNIDAD | B6: ='PRESUPUESTO OFICIAL (Entidad)'!H19 -> ML
A7: CANTIDAD | B7: =+H18 -> 732
A9: UBICACIÓN | C9: CANT | D9: LARGO | E9: ANCHO | F9: ALTO | G9: ÁREA | H9: ACUMULADO
A10: ESMALTE COLUMNAS CECHA SUBIENDO | C10: =24+14+28 -> 66 | F10: 2 | G10: =(D10*F10)*4 -> 0 | H10: =+C10*F10 -> 132
A11: CERCHAS LONGITUDINALES CUBIERTA | C11: 12 | D11: 25 | H11: =+C11*D11 -> 300
A12: TRASVERSALES CUBIERTA | C12: 30 | D12: 10 | H12: =+C12*D12 -> 300
H13: =+E13*D13 -> 0
H14: =+E14*D14 -> 0
H15: =+E15*D15 -> 0
H16: =+E16*D16 -> 0
A18: TOTAL | H18: =SUM(H10:H17) -> 732
A20: FOTO ó PLANO
A41: ING. JOSE MAURICIO BELLO PEREZ.
A42: Jefe Oficina Asesora de Planeación
A44: Proyectó: | B44: Ing. Sebastian Gaviria - Profesional de apoyo OAP

Sheet 3.1
A1: MEMORIAS DE CÁLCULO
B2: ADECUACIÓN Y MANTENIMIENTO DE LA INFRAESTRUCTURA DE LA CENTRAL DE ABASTOS DEL MUNICIPIO DE VILLETA.
A3: ITEM | B3: ='PRESUPUESTO OFICIAL (Entidad)'!D22 -> 3.1
A4: REFERENCIA | B4: ='PRESUPUESTO OFICIAL (Entidad)'!E22 -> 7.18
A5: DESCRIPCIÓN | B5: ='PRESUPUESTO OFICIAL (Entidad)'!G22 -> CANAL EN LÁMINA GALVANIZADA CAL. 22; DS=90
A6: UNIDAD | B6: ='PRESUPUESTO OFICIAL (Entidad)'!H22 -> ML
A7: CANTIDAD | B7: =H18 -> 105
A9: UBICACIÓN | C9: CANT | D9: LARGO | E9: ANCHO | F9: ALTO | G9: ÁREA | H9: ACUMULADO
A10: CANAL PLAZA | C10: 3 | D10: 25 | G10: =(D10*F10)*4 -> 0 | H10: =+C10*D10 -> 75
A11: CANAL BODEGA | C11: 1 | D11: 30 | H11: =+C11*D11 -> 30
H12: =+E12*D12 -> 0
H13: =+E13*D13 -> 0
H14: =+E14*D14 -> 0
H15: =+E15*D15 -> 0
H16: =+E16*D16 -> 0
A18: TOTAL | H18: =SUM(H10:H17) -> 105
A20: FOTO ó PLANO
A41: ING. JOSE MAURICIO BELLO PEREZ.
A42: Jefe Oficina Asesora de Planeación
A44: Proyectó: | B44: Ing. Sebastian Gaviria - Profesional de apoyo OAP

Sheet 3.2
A1: MEMORIAS DE CÁLCULO
B2: ADECUACIÓN Y MANTENIMIENTO DE LA INFRAESTRUCTURA DE LA CENTRAL DE ABASTOS DEL MUNICIPIO DE VILLETA.
A3: ITEM | B3: ='PRESUPUESTO OFICIAL (Entidad)'!D23 -> 3.2
A4: REFERENCIA | B4: ='PRESUPUESTO OFICIAL (Entidad)'!E23 -> 11.4
A5: DESCRIPCIÓN | B5: ='PRESUPUESTO OFICIAL (Entidad)'!G23 -> BAJANTE AGUAS LLUVIAS PVC 4". INC ACCESORIOS
A6: UNIDAD | B6: ='PRESUPUESTO OFICIAL (Entidad)'!H23 -> ML
A7: CANTIDAD | B7: =+H18 -> 24
A9: UBICACIÓN | C9: CANT | D9: LARGO | E9: ANCHO | F9: ALTO | G9: ÁREA | H9: ACUMULADO
A10: BAJANTE | C10: 4 | F10: 4 | G10: =(D10*F10)*4 -> 0 | H10: =+C10*F10 -> 16
A11: BAJANTE BODEGA | C11: 2 | F11: 4 | H11: =+C11*F11 -> 8
H12: =+E12*D12 -> 0
H13: =+E13*D13 -> 0
H14: =+E14*D14 -> 0
H15: =+E15*D15 -> 0
H16: =+E16*D16 -> 0
A18: TOTAL | H18: =SUM(H10:H17) -> 24
A20: FOTO ó PLANO
A41: ING. JOSE MAURICIO BELLO PEREZ.
A42: Jefe Oficina Asesora de Planeación
A44: Proyectó: | B44: Ing. Sebastian Gaviria - Profesional de apoyo OAP

Sheet 4.1
A1: MEMORIAS DE CÁLCULO
B2: ADECUACIÓN Y MANTENIMIENTO DE LA INFRAESTRUCTURA DE LA CENTRAL DE ABASTOS DEL MUNICIPIO DE VILLETA.
A3: ITEM | B3: 4.1
A4: REFERENCIA | B4: ICCU 1,8
A5: DESCRIPCIÓN | B5: CERCA EN TELA VERDE H = 2.10 M
A6: UNIDAD | B6: ML
A7: CANTIDAD | B7: =+H14 -> 10
A9: UBICACIÓN | C9: CANT | D9: LARGO | E9: ANCHO | F9: ALTO | G9: ÁREA | H9: ACUMULADO
A10: Cerramiento Oriental | C10: 1 | D10: 10 | H10: =+D10 -> 10
H11: =+D11 -> 0
A14: TOTAL | H14: =+H10+H11 -> 10
A16: FOTO ó PLANO
A37: ING. JOSE MAURICIO BELLO PEREZ.
A38: Jefe Oficina Asesora de Planeación
A40: Proyectó: | B40: Ing. Sebastian Gaviria - Profesional de apoyo OAP

Sheet 4.2.
A1: MEMORIAS DE CÁLCULO
B2: ADECUACIÓN Y MANTENIMIENTO DE LA INFRAESTRUCTURA DE LA CENTRAL DE ABASTOS DEL MUNICIPIO DE VILLETA.
A3: ITEM | B3: 4.2
A4: REFERENCIA | B4: 1.16
A5: DESCRIPCIÓN | B5: DEMOLICIÓN MUROS EN MAMPOSTERÍA 0.15 M, INC RETIRO
A6: UNIDAD | B6: M2
A7: CANTIDAD | B7: =+H14 -> 36.3
A9: UBICACIÓN | C9: CANT | D9: LARGO | E9: ANCHO | F9: ALTO | G9: ÁREA | H9: ACUMULADO
A10: DEMOLICION MUROS EXISTENTES | C10: 1 | D10: 24.3 | F10: 1 | H10: =C10*D10*F10 -> 24.3
C11: 4 | D11: 3 | F11: 1 | H11: =C11*D11*F11 -> 12
A14: TOTAL | H14: =+H10+H11 -> 36.3
A16: FOTO ó PLANO
A37: ING. JOSE MAURICIO BELLO PEREZ.
A38: Jefe Oficina Asesora de Planeación
A40: Proyectó: | B40: Ing. Sebastian Gaviria - Profesional de apoyo OAP

Sheet 4.3
A1: MEMORIAS DE CÁLCULO
B2: ADECUACIÓN Y MANTENIMIENTO DE LA INFRAESTRUCTURA DE LA CENTRAL DE ABASTOS DEL MUNICIPIO DE VILLETA.
A3: ITEM | B3: 4.3
A4: REFERENCIA | B4: ICCU 1,26
A5: DESCRIPCIÓN | B5: DEMOLICION PLACA PISO 0.10M, INC RETIRO
A6: UNIDAD | B6: M2
A7: CANTIDAD | B7: =+H14 -> 72.9
A9: UBICACIÓN | C9: CANT | D9: LARGO | E9: ANCHO | F9: ALTO | G9: ÁREA | H9: ACUMULADO
A10: DEMOLICION PLACA PISO | C10: 1 | D10: 24.3 | E10: 3 | H10: =+D10*E10 -> 72.9
H11: =+D11 -> 0
A14: TOTAL | H14: =+H10+H11 -> 72.9
A16: FOTO ó PLANO
A37: ING. JOSE MAURICIO BELLO PEREZ.
A38: Jefe Oficina Asesora de Planeación
A40: Proyectó: | B40: Ing. Sebastian Gaviria - Profesional de apoyo OAP

Sheet 4.4
A1: MEMORIAS DE CÁLCULO
B2: ADECUACIÓN Y MANTENIMIENTO DE LA INFRAESTRUCTURA DE LA CENTRAL DE ABASTOS DEL MUNICIPIO DE VILLETA.
A3: ITEM | B3: 4.4
A4: REFERENCIA | B4: ICCU 1,42
A5: DESCRIPCIÓN | B5: REPLANTEO MANUAL DE CIMIENTOS
A6: UNIDAD | B6: M2
A7: CANTIDAD | B7: =+H16 -> 72.9
A9: UBICACIÓN | C9: CANT | D9: LARGO | E9: ANCHO | F9: ALTO | G9: ÁREA | H9: ACUMULADO
A10: REPLANTEO PEZCADERIA | C10: 1 | D10: 24.3 | E10: 3 | H10: =+C10*E10*D10 -> 72.9
A16: TOTAL | H16: =SUM(H10:H15) -> 72.9
A18: FOTO ó PLANO
A39: ING. JOSE MAURICIO BELLO PEREZ.
A40: Jefe Oficina Asesora de Planeación
A42: Proyectó: | B42: Ing. Sebastian Gaviria - Profesional de apoyo OAP

Sheet 5.1
A1: MEMORIAS DE CÁLCULO
B2: ADECUACIÓN Y MANTENIMIENTO DE LA INFRAESTRUCTURA DE LA CENTRAL DE ABASTOS DEL MUNICIPIO DE VILLETA.
A3: ITEM | B3: 5.1
A4: REFERENCIA | B4: 16,5
A5: DESCRIPCIÓN | B5: EXCAVACIÓN MANUAL EN MATERIAL COMÚN H=0.0-2.0 M (INCLUYE RETIRO DE SOBRANTES A UNA DISTANCIA MENOR DE 5 KM)
A6: UNIDAD | B6: M3
A7: CANTIDAD | B7: =+H18 -> 12.15
A9: UBICACIÓN | C9: CANT | D9: LARGO | E9: ANCHO | F9: ALTO | G9: ÁREA | H9: ACUMULADO
A10: EXCAVACION | C10: 2 | D10: 24.3 | E10: 0.3 | F10: =0.5 -> 0.5 | H10: =+C10*E10*D10*F10 -> 7.29
C11: 12 | D11: 2.7 | E11: 0.3 | F11: =0.5 -> 0.5 | H11: =+C11*E11*D11*F11 -> 4.86
H12: =+E12*D12 -> 0
H13: =+E13*D13 -> 0
H14: =+E14*D14 -> 0
H15: =+E15*D15 -> 0
H16: =+E16*D16 -> 0
A18: TOTAL | H18: =SUM(H10:H17) -> 12.15
A20: FOTO ó PLANO
A41: ING. JOSE MAURICIO BELLO PEREZ.
A42: Jefe Oficina Asesora de Planeación
A44: Proyectó: | B44: Ing. Sebastian Gaviria - Profesional de apoyo OAP

Sheet 5.2
A1: MEMORIAS DE CÁLCULO
B2: ADECUACIÓN Y MANTENIMIENTO DE LA INFRAESTRUCTURA DE LA CENTRAL DE ABASTOS DEL MUNICIPIO DE VILLETA.
A3: ITEM | B3: 5.2
A4: REFERENCIA | B4: 16.8
A5: DESCRIPCIÓN | B5: RELLENO EN RECEBO COMÚN COMPACTADO MECÁNICAMENTE
A6: UNIDAD | B6: M3
A7: CANTIDAD | B7: =+H14 -> 4.86
A9: UBICACIÓN | C9: CANT | D9: LARGO | E9: ANCHO | F9: ALTO | G9: ÁREA | H9: ACUMULADO
A10: RELLENO | C10: 2 | D10: 24.3 | E10: 0.3 | F10: =0.2 -> 0.2 | H10: =+C10*D10*E10*F10 -> 2.916
C11: 12 | D11: 2.7 | E11: 0.3 | F11: =0.2 -> 0.2 | H11: =+C11*D11*E11*F11 -> 1.944
A14: TOTAL | H14: =+H10+H11 -> 4.86
A16: FOTO ó PLANO
A37: ING. JOSE MAURICIO BELLO PEREZ.
A38: Jefe Oficina Asesora de Planeación
A40: Proyectó: | B40: Ing. Sebastian Gaviria - Profesional de apoyo OAP

Sheet 6.1
A1: MEMORIAS DE CÁLCULO
B2: ADECUACIÓN Y MANTENIMIENTO DE LA INFRAESTRUCTURA DE LA CENTRAL DE ABASTOS DEL MUNICIPIO DE VILLETA.
A3: ITEM | B3: 6.1
A4: REFERENCIA | B4: 3.5
A5: DESCRIPCIÓN | B5: CAJA DE INSPECCIÓN DE 60X60
A6: UNIDAD | B6: UND
A7: CANTIDAD | B7: =+H14 -> 5
A9: UBICACIÓN | C9: CANT | D9: LARGO | E9: ANCHO | F9: ALTO | G9: ÁREA | H9: ACUMULADO
A10: CAJAS DE INSPECCION 60X60 | C10: 5 | H10: =+C10 -> 5
A14: TOTAL | H14: =+H10+H11 -> 5
A16: FOTO ó PLANO
A37: ING. JOSE MAURICIO BELLO PEREZ.
A38: Jefe Oficina Asesora de Planeación
A40: Proyectó: | B40: Ing. Sebastian Gaviria - Profesional de apoyo OAP

Sheet 6.2
A1: MEMORIAS DE CÁLCULO
B2: ADECUACIÓN Y MANTENIMIENTO DE LA INFRAESTRUCTURA DE LA CENTRAL DE ABASTOS DEL MUNICIPIO DE VILLETA.
A3: ITEM | B3: 6.2
A4: REFERENCIA | B4: 11.33
A5: DESCRIPCIÓN | B5: RED SANITARIA PVC-S 4". INC ACCESORIOS
A6: UNIDAD | B6: ML
A7: CANTIDAD | B7: =+H15 -> 101.3
A9: UBICACIÓN | C9: CANT | D9: LARGO | E9: ANCHO | F9: AREA | G9: kg/m2 | H9: ACUMULADO
A10: RED SANITARIA | C10: 9 | D10: 6 | H10: =C10*D10 -> 54
C11: 1 | D11: 24.3 | H11: =C11*D11 -> 24.3
C12: 1 | D12: 2 | H12: =C12*D12 -> 2
A13: LLUVIA | C13: 3 | D13: 2 | H13: =C13*D13 -> 6
C14: 1 | D14: 15 | H14: =C14*D14 -> 15
A15: TOTAL | H15: =H10+H11+H12+H13+H14 -> 101.3
A17: FOTO ó PLANO
A38: ING. JOSE MAURICIO BELLO PEREZ.
A39: Jefe Oficina Asesora de Planeación
A41: Proyectó: | B41: Ing. Sebastian Gaviria - Profesional de apoyo OAP

Sheet 6.3
A1: MEMORIAS DE CÁLCULO
B2: ADECUACIÓN Y MANTENIMIENTO DE LA INFRAESTRUCTURA DE LA CENTRAL DE ABASTOS DEL MUNICIPIO DE VILLETA.
A3: ITEM | B3: 6.3
A4: REFERENCIA | B4: 3.1
A5: DESCRIPCIÓN | B5: SIFÓN PARA DRENAJE EN PVC DE 4"
A6: UNIDAD | B6: UND
A7: CANTIDAD | B7: =+H14 -> 9
A9: UBICACIÓN | C9: CANT | D9: LARGO | E9: ANCHO | F9: AREA | G9: kg/m2 | H9: ACUMULADO
A10: SIFON | C10: 9 | H10: =+C10 -> 9
A14: TOTAL | H14: =+H10 -> 9
A16: FOTO ó PLANO
A37: ING. JOSE MAURICIO BELLO PEREZ.
A38: Jefe Oficina Asesora de Planeación
A40: Proyectó: | B40: Ing. Sebastian Gaviria - Profesional de apoyo OAP

Sheet 6.4
A1: MEMORIAS DE CÁLCULO
B2: ADECUACIÓN Y MANTENIMIENTO DE LA INFRAESTRUCTURA DE LA CENTRAL DE ABASTOS DEL MUNICIPIO DE VILLETA.
A3: ITEM | B3: 6.4
A4: REFERENCIA | B4: 1.21
A5: DESCRIPCIÓN | B5: SALIDA SANITARIA PVC-S/PARAL 4"
A6: UNIDAD | B6: UND
A7: CANTIDAD | B7: =+H14 -> 9
A9: UBICACIÓN | C9: CANT | D9: LARGO | E9: ANCHO | F9: AREA | G9: kg/m2 | H9: ACUMULADO
A10: SALIDA SANITARIA PARAL | C10: 9 | H10: =C10 -> 9
A14: TOTAL | H14: =+H10 -> 9
A16: FOTO ó PLANO
A37: ING. JOSE MAURICIO BELLO PEREZ.
A38: Jefe Oficina Asesora de Planeación
A40: Proyectó: | B40: Ing. Sebastian Gaviria - Profesional de apoyo OAP

Sheet 7.1
A1: MEMORIAS DE CÁLCULO
B2: ADECUACIÓN Y MANTENIMIENTO DE LA INFRAESTRUCTURA DE LA CENTRAL DE ABASTOS DEL MUNICIPIO DE VILLETA.
A3: ITEM | B3: 7.1
A4: REFERENCIA | B4: 0AP-3
A5: DESCRIPCIÓN | B5: TANQUE PLÁSTICO ELEVADO 2.000 LT (INCLUYE ACCESORIOS E ISNTALACIÓN)
A6: UNIDAD | B6: UND
A7: CANTIDAD | B7: =+H14 -> 1
A9: UBICACIÓN | C9: CANT | D9: LARGO | E9: ANCHO | F9: AREA | G9: kg/m2 | H9: ACUMULADO
A10: TANQUE 500 L | C10: 1 | H10: =+C10 -> 1
A14: TOTAL | H14: =+H10 -> 1
A16: FOTO ó PLANO
A37: ING. JOSE MAURICIO BELLO PEREZ.
A38: Jefe Oficina Asesora de Planeación
A40: Proyectó: | B40: Ing. Sebastian Gaviria - Profesional de apoyo OAP

Sheet 7.2
A1: MEMORIAS DE CÁLCULO
B2: ADECUACIÓN Y MANTENIMIENTO DE LA INFRAESTRUCTURA DE LA CENTRAL DE ABASTOS DEL MUNICIPIO DE VILLETA.
A3: ITEM | B3: 7.2
A4: REFERENCIA | B4: 11.8
A5: DESCRIPCIÓN | B5: CONEXIÓN TANQUE ELEVADO PVC. INC ACCESORIOS
A6: UNIDAD | B6: ML
A7: CANTIDAD | B7: =+H14 -> 1
A9: UBICACIÓN | C9: CANT | D9: LARGO | E9: ANCHO | F9: AREA | G9: kg/m2 | H9: ACUMULADO
A10: CONEXIÓN A TANQUE | C10: 1 | H10: =+C10 -> 1
A14: TOTAL | H14: =+H10 -> 1
A16: FOTO ó PLANO
A37: ING. JOSE MAURICIO BELLO PEREZ.
A38: Jefe Oficina Asesora de Planeación
A40: Proyectó: | B40: Ing. Sebastian Gaviria - Profesional de apoyo OAP

Sheet 7.3
A1: MEMORIAS DE CÁLCULO
B2: ADECUACIÓN Y MANTENIMIENTO DE LA INFRAESTRUCTURA DE LA CENTRAL DE ABASTOS DEL MUNICIPIO DE VILLETA.
A3: ITEM | B3: 7.3
A4: REFERENCIA | B4: 11.27
A5: DESCRIPCIÓN | B5: RED SUMINISTRO PVC 1/2". INC ACCESORIOS
A6: UNIDAD | B6: UND
A7: CANTIDAD | B7: =+H14 -> 51.3
A9: UBICACIÓN | C9: CANT | D9: LARGO | E9: ANCHO | F9: AREA | G9: kg/m2 | H9: ACUMULADO
A10: RED | C10: 1 | D10: 24.3 | H10: =+C10*D10 -> 24.3
C11: 9 | D11: 3 | H11: =+C11*D11 -> 27
A14: TOTAL | H14: =+H10+H11 -> 51.3
A16: FOTO ó PLANO
A37: ING. JOSE MAURICIO BELLO PEREZ.
A38: Jefe Oficina Asesora de Planeación
A40: Proyectó: | B40: Ing. Sebastian Gaviria - Profesional de apoyo OAP

Sheet 7.4
A1: MEMORIAS DE CÁLCULO
B2: ADECUACIÓN Y MANTENIMIENTO DE LA INFRAESTRUCTURA DE LA CENTRAL DE ABASTOS DEL MUNICIPIO DE VILLETA.
A3: ITEM | B3: 7.4
A4: REFERENCIA | B4: 11.36
A5: DESCRIPCIÓN | B5: REGISTRO 1/2". INC ACCESORIOS
A6: UNIDAD | B6: UND
A7: CANTIDAD | B7: =+H14 -> 9
A9: UBICACIÓN | C9: CANT | D9: LARGO | E9: ANCHO | F9: AREA | G9: kg/m2 | H9: ACUMULADO
A10: REGISTRO | C10: 9 | H10: =+C10 -> 9
A14: TOTAL | H14: =+H10 -> 9
A16: FOTO ó PLANO
A37: ING. JOSE MAURICIO BELLO PEREZ.
A38: Jefe Oficina Asesora de Planeación
A40: Proyectó: | B40: Ing. Sebastian Gaviria - Profesional de apoyo OAP

Sheet 7.5
A1: MEMORIAS DE CÁLCULO
B2: ADECUACIÓN Y MANTENIMIENTO DE LA INFRAESTRUCTURA DE LA CENTRAL DE ABASTOS DEL MUNICIPIO DE VILLETA.
A3: ITEM | B3: 7.5
A4: REFERENCIA | B4: 11.16
A5: DESCRIPCIÓN | B5: PUNTO HIDRÁULICO PVC-P/PARAL 1/2"
A6: UNIDAD | B6: UND
A7: CANTIDAD | B7: =+H14 -> 9
A9: UBICACIÓN | C9: CANT | D9: LARGO | E9: ANCHO | F9: AREA | G9: kg/m2 | H9: ACUMULADO
A10: PUNTO HIDRAULICO | C10: 9 | H10: =+C10 -> 9
A14: TOTAL | H14: =+H10 -> 9
A16: FOTO ó PLANO
A37: ING. JOSE MAURICIO BELLO PEREZ.
A38: Jefe Oficina Asesora de Planeación
A40: Proyectó: | B40: Ing. Sebastian Gaviria - Profesional de apoyo OAP

Sheet 8.1
A1: MEMORIAS DE CÁLCULO
B2: ADECUACIÓN Y MANTENIMIENTO DE LA INFRAESTRUCTURA DE LA CENTRAL DE ABASTOS DEL MUNICIPIO DE VILLETA.
A3: ITEM | B3: 8.1
A4: REF ICCU | B4: 4.22
A5: DESCRIPCIÓN | B5: ACERO FIGURADO 60000 PSI
A6: UNIDAD | B6: KG
A7: CANTIDAD | B7: =H15 -> 571.0632
A9: UBICACIÓN | C9: DIAMETRO | E9: CANT | F9: LONGITUD | G9: PESO (Kg/ml) | H9: ACUMULADO
A10: Ref.Longitudinal sobrecimiento | C10: #4 | E10: =4*2 -> 8 | F10: 26.45 | G10: 0.99 | H10: =+E10*F10*G10 -> 209.484
A11: Ref transversal sobrecimiento | C11: #3 | E11: =14*9*2 -> 252 | F11: 0.8 | G11: 0.56 | H11: =+E11*F11*G11 -> 112.896
A12: Ref.Longitudinal sobrecimiento | C12: #4 | E12: =4*12 -> 48 | F12: =3.31 -> 3.31 | G12: 0.99 | H12: =+E12*F12*G12 -> 157.2912
A13: Ref transversal sobrecimiento | C13: #3 | E13: =17*12 -> 204 | F13: 0.8 | G13: 0.56 | H13: =+E13*F13*G13 -> 91.392
H14: =+E14*F14*G14 -> 0
A15: TOTAL | H15: =SUM(H10:H14) -> 571.0632
A17: FOTO ó PLANO
A37: ING. JOSE MAURICIO BELLO PEREZ.
A38: Jefe Oficina Asesora de Planeación
A40: Proyectó: | B40: Ing. Sebastian Gaviria - Profesional de apoyo OAP

Sheet 8.2
A1: MEMORIAS DE CÁLCULO
B2: ADECUACIÓN Y MANTENIMIENTO DE LA INFRAESTRUCTURA DE LA CENTRAL DE ABASTOS DEL MUNICIPIO DE VILLETA.
A3: ITEM | B3: 8.2
A4: REFERENCIA | B4: 2.7
A5: DESCRIPCIÓN | B5: VIGA DE AMARRE EN CONCRETO 3500 PSI (CIMENTACION )
A6: UNIDAD | B6: M3
A7: CANTIDAD | B7: =+H15 -> 7.29
A9: UBICACIÓN | C9: CANT | D9: LARGO | E9: ANCHO | F9: ALTO | G9: ÁREA | H9: ACUMULADO
A10: CONCRETO VIGA CIMENTACION | C10: 2 | D10: 24.3 | E10: 0.3 | F10: 0.3 | H10: =+C10*D10*E10*F10 -> 4.374
C11: 12 | D11: 2.7 | E11: 0.3 | F11: 0.3 | H11: =+C11*D11*E11*F11 -> 2.916
H12: =+C12*D12*E12*F12 -> 0
H13: =+C13*D13*E13*F13 -> 0
H14: =+C14*D14*E14*F14 -> 0
A15: TOTAL | H15: =SUM(H10:H14) -> 7.29
A17: FOTO ó PLANO
A38: ING. JOSE MAURICIO BELLO PEREZ.
A39: Jefe Oficina Asesora de Planeación
A41: Proyectó: | B41: Ing. Sebastian Gaviria - Profesional de apoyo OAP

Sheet 8.3
A1: MEMORIAS DE CÁLCULO
B2: ADECUACIÓN Y MANTENIMIENTO DE LA INFRAESTRUCTURA DE LA CENTRAL DE ABASTOS DEL MUNICIPIO DE VILLETA.
A3: ITEM | B3: 8.3
A4: REF ICCU | B4: 4.23
A5: DESCRIPCIÓN | B5: REFUERZO MALLA ELECTROSOLDADA
A6: UNIDAD | B6: KG
A7: CANTIDAD | B7: =+H15 -> 449.8659
A9: UBICACIÓN | C9: DIAMETRO | E9: CANT m2 | G9: PESO (Kg/m2) | H9: ACUMULADO
A10: MALLA ELECTRO SOLADADA | C10: #6 | E10: =24.3*3.3*1.1 -> 88.209 | G10: 5.1 | H10: =+E10*G10 -> 449.8659
H11: =+E11*F11*G11 -> 0
H12: =+E12*F12*G12 -> 0
H13: =+E13*F13*G13 -> 0
H14: =+E14*F14*G14 -> 0
A15: TOTAL | H15: =SUM(H10:H14) -> 449.8659
A17: FOTO ó PLANO
A37: ING. JOSE MAURICIO BELLO PEREZ.
A38: Jefe Oficina Asesora de Planeación
A40: Proyectó: | B40: Ing. Sebastian Gaviria - Profesional de apoyo OAP

Sheet 8.4
A1: MEMORIAS DE CÁLCULO
B2: ADECUACIÓN Y MANTENIMIENTO DE LA INFRAESTRUCTURA DE LA CENTRAL DE ABASTOS DEL MUNICIPIO DE VILLETA.
A3: ITEM | B3: 8.4
A4: REFERENCIA | B4: 10,30
A5: DESCRIPCIÓN | B5: CONCRETO 3500 (PLACA PISO)
A6: UNIDAD | B6: M3
A7: CANTIDAD | B7: =+H15 -> 80.19
A9: UBICACIÓN | C9: CANT | D9: LARGO | E9: ANCHO | F9: ALTO | G9: ÁREA | H9: ACUMULADO
A10: CONCRETO PLACA PISO | C10: 1 | D10: 24.3 | E10: 3.3 | H10: =+C10*D10*E10 -> 80.19
H11: =+C11*D11*E11*F11 -> 0
H12: =+C12*D12*E12*F12 -> 0
H13: =+C13*D13*E13*F13 -> 0
H14: =+C14*D14*E14*F14 -> 0
A15: TOTAL | H15: =SUM(H10:H14) -> 80.19
A17: FOTO ó PLANO
A38: ING. JOSE MAURICIO BELLO PEREZ.
A39: Jefe Oficina Asesora de Planeación
A41: Proyectó: | B41: Ing. Sebastian Gaviria - Profesional de apoyo OAP

Sheet 9.1
A1: MEMORIAS DE CÁLCULO
B2: ADECUACIÓN Y MANTENIMIENTO DE LA INFRAESTRUCTURA DE LA CENTRAL DE ABASTOS DEL MUNICIPIO DE VILLETA.
A3: ITEM | B3: 9.1
A4: REFERENCIA | B4: 4.3
A5: DESCRIPCIÓN | B5: COLUMNAS 3500 PSI
A6: UNIDAD | B6: M3
A7: CANTIDAD | B7: =+H15 -> 2.646
A9: UBICACIÓN | C9: CANT | D9: LARGO | E9: ANCHO | F9: ALTO | G9: ÁREA | H9: ACUMULADO
A10: CONCRETO COLUMNAS | C10: 24 | D10: 0.3 | E10: 0.15 | F10: 2.45 | H10: =C10*D10*E10*F10 -> 2.646
H11: =+C11*D11*E11*F11 -> 0
H12: =+C12*D12*E12*F12 -> 0
H13: =+C13*D13*E13*F13 -> 0
H14: =+C14*D14*E14*F14 -> 0
A15: TOTAL | H15: =SUM(H10:H14) -> 2.646
A17: FOTO ó PLANO
A38: ING. JOSE MAURICIO BELLO PEREZ.
A39: Jefe Oficina Asesora de Planeación
A41: Proyectó: | B41: Ing. Sebastian Gaviria - Profesional de apoyo OAP

Sheet 9.2
A1: MEMORIAS DE CÁLCULO
B2: ADECUACIÓN Y MANTENIMIENTO DE LA INFRAESTRUCTURA DE LA CENTRAL DE ABASTOS DEL MUNICIPIO DE VILLETA.
A3: ITEM | B3: 9.2
A4: REFERENCIA | B4: 4.26
A5: DESCRIPCIÓN | B5: VIGA AÉREA 3500 PSI
A6: UNIDAD | B6: M3
A7: CANTIDAD | B7: =+H15 -> 3.3075
A9: UBICACIÓN | C9: CANT | D9: LARGO | E9: ANCHO | F9: ALTO | G9: ÁREA | H9: ACUMULADO
A10: CONCRETO VIGAS AEREAS | C10: 2 | D10: 24.3 | E10: 0.15 | F10: 0.25 | H10: =C10*D10*E10*F10 -> 1.8225
C11: 12 | D11: 3.3 | E11: 0.15 | F11: 0.25 | H11: =+C11*D11*E11*F11 -> 1.485
H12: =+C12*D12*E12*F12 -> 0
H13: =+C13*D13*E13*F13 -> 0
H14: =+C14*D14*E14*F14 -> 0
A15: TOTAL | H15: =SUM(H10:H14) -> 3.3075
A17: FOTO ó PLANO
A38: ING. JOSE MAURICIO BELLO PEREZ.
A39: Jefe Oficina Asesora de Planeación
A41: Proyectó: | B41: Ing. Sebastian Gaviria - Profesional de apoyo OAP

Sheet 9.3
A1: MEMORIAS DE CÁLCULO
B2: ADECUACIÓN Y MANTENIMIENTO DE LA INFRAESTRUCTURA DE LA CENTRAL DE ABASTOS DEL MUNICIPIO DE VILLETA.
A3: ITEM | B3: 9.3
A4: REF ICCU | B4: 4.22
A5: DESCRIPCIÓN | B5: ACERO FIGURADO 60000 PSI
A6: UNIDAD | B6: KG
A7: CANTIDAD | B7: =+H17 -> 1048.1232
A9: UBICACIÓN | C9: DIAMETRO | E9: CANT | F9: LONGITUD | G9: PESO (Kg/ml) | H9: ACUMULADO
A10: ACERO LONGI COLUMNAS | C10: #4 | E10: =4*24 -> 96 | F10: 3 | G10: 0.99 | H10: =+E10*F10*G10 -> 285.12
A11: ACERO TRASVER COLUMNAS | C11: #3 | E11: =19*24 -> 456 | F11: 0.78 | G11: 0.56 | H11: =+E11*F11*G11 -> 199.1808
A12: ACERO LONGI VIGAS 24m | C12: #4 | E12: =4*2 -> 8 | F12: 26.52 | G12: 0.99 | H12: =+E12*F12*G12 -> 210.0384
A13: ACERO TRASVER VIGAS 24m | C13: #3 | E13: =16*9*2 -> 288 | F13: 0.68 | G13: 0.56 | H13: =+E13*F13*G13 -> 109.6704
A14: ACERO LONGI VIGAS 3,30m | C14: #4 | E14: =4*12 -> 48 | F14: 3.31 | G14: 0.99 | H14: =+E14*F14*G14 -> 157.2912
A15: ACERO TRASVER VIGAS 3,30m | C15: #3 | E15: =19*12 -> 228 | F15: 0.68 | G15: 0.56 | H15: =+E15*F15*G15 -> 86.8224
H16: =+E16*F16*G16 -> 0
A17: TOTAL | H17: =SUM(H10:H16) -> 1048.1232
A19: FOTO ó PLANO
A39: ING. JOSE MAURICIO BELLO PEREZ.
A40: Jefe Oficina Asesora de Planeación
A42: Proyectó: | B42: Ing. Sebastian Gaviria - Profesional de apoyo OAP

Sheet 9.4
A1: MEMORIAS DE CÁLCULO
B2: ADECUACIÓN Y MANTENIMIENTO DE LA INFRAESTRUCTURA DE LA CENTRAL DE ABASTOS DEL MUNICIPIO DE VILLETA.
A3: ITEM | B3: 9.4
A4: REFERENCIA | B4: 4.5
A5: DESCRIPCIÓN | B5: ENTREPISO LÁMINA COLABORANTE 2", CAL 22, H=10 CM,INCL. MALLA DE REFUERZO, CONCRETO DE 3500 PSI
A6: UNIDAD | B6: M2
A7: CANTIDAD | B7: =+H15 -> 17.985
A9: UBICACIÓN | C9: CANT | D9: LARGO | E9: ANCHO | F9: ALTO | G9: ÁREA | H9: ACUMULADO
A10: PLACA PARA TANQUE | D10: 5.45 | E10: 3.3 | H10: =D10*E10 -> 17.985
H11: =+C11*D11*E11*F11 -> 0
H12: =+C12*D12*E12*F12 -> 0
H13: =+C13*D13*E13*F13 -> 0
H14: =+C14*D14*E14*F14 -> 0
A15: TOTAL | H15: =SUM(H10:H14) -> 17.985
A17: FOTO ó PLANO
A38: ING. JOSE MAURICIO BELLO PEREZ.
A39: Jefe Oficina Asesora de Planeación
A41: Proyectó: | B41: Ing. Sebastian Gaviria - Profesional de apoyo OAP

Sheet 10.1
A1: MEMORIAS DE CÁLCULO
B2: ADECUACIÓN Y MANTENIMIENTO DE LA INFRAESTRUCTURA DE LA CENTRAL DE ABASTOS DEL MUNICIPIO DE VILLETA.
A3: ITEM | B3: 10.1
A4: REFERENCIA | B4: 5.17
A5: DESCRIPCIÓN | B5: MURO EN BLOQUE N° 5 E=0,12M
A6: UNIDAD | B6: M2
A7: CANTIDAD | B7: =+H15 -> 137.25
A9: UBICACIÓN | C9: CANT | D9: LARGO | E9: ANCHO | F9: ALTO | G9: ÁREA | H9: ACUMULADO
A10: MAMPOSTERIA | C10: 9 | D10: 2.5 | F10: 2.5 | H10: =C10*D10*F10 -> 56.25
C11: 12 | D11: 2.7 | F11: 2.5 | H11: =C11*D11*F11 -> 81
H12: =+C12*D12*E12*F12 -> 0
H13: =+C13*D13*E13*F13 -> 0
H14: =+C14*D14*E14*F14 -> 0
A15: TOTAL | H15: =SUM(H10:H14) -> 137.25
A17: FOTO ó PLANO
A38: ING. JOSE MAURICIO BELLO PEREZ.
A39: Jefe Oficina Asesora de Planeación
A41: Proyectó: | B41: Ing. Sebastian Gaviria - Profesional de apoyo OAP

Sheet 11.1
A1: MEMORIAS DE CÁLCULO
B2: ADECUACIÓN Y MANTENIMIENTO DE LA INFRAESTRUCTURA DE LA CENTRAL DE ABASTOS DEL MUNICIPIO DE VILLETA.
A3: ITEM | B3: 11.1
A4: REFERENCIA | B4: 7.32
A5: DESCRIPCIÓN | B5: ESTRUCTURA METÁLICA PARA TEJA DE FIBROCEMENTO (TUBO ESTRUCTURAL ABIERTO 4"x2", 15 MM)
A6: UNIDAD | B6: M2
A7: CANTIDAD | B7: =H15 -> 62.7
A9: UBICACIÓN | C9: CANT | D9: LARGO | E9: ANCHO | F9: ALTO | G9: ÁREA | H9: ACUMULADO
A10: ESTRUCTURA CUBIERTA | C10: 1 | D10: 19 | E10: 3.3 | H10: =C10*D10*E10 -> 62.7
H11: =+C11*D11*E11*F11 -> 0
H12: =+C12*D12*E12*F12 -> 0
H13: =+C13*D13*E13*F13 -> 0
H14: =+C14*D14*E14*F14 -> 0
A15: TOTAL | H15: =SUM(H10:H14) -> 62.7
A17: FOTO ó PLANO
A38: ING. JOSE MAURICIO BELLO PEREZ.
A39: Jefe Oficina Asesora de Planeación
A41: Proyectó: | B41: Ing. Sebastian Gaviria - Profesional de apoyo OAP

Sheet 11.2
A1: MEMORIAS DE CÁLCULO
B2: ADECUACIÓN Y MANTENIMIENTO DE LA INFRAESTRUCTURA DE LA CENTRAL DE ABASTOS DEL MUNICIPIO DE VILLETA.
A3: ITEM | B3: 11.2
A4: REFERENCIA | B4: 7.44
A5: DESCRIPCIÓN | B5: TEJA TERMOACUSTICA ONDULADA
A6: UNIDAD | B6: M2
A7: CANTIDAD | B7: =+H15 -> 62.7
A9: UBICACIÓN | C9: CANT | D9: LARGO | E9: ANCHO | F9: ALTO | G9: ÁREA | H9: ACUMULADO
A10: TEJA | C10: 1 | D10: 19 | E10: 3.3 | H10: =C10*D10*E10 -> 62.7
H11: =+C11*D11*E11*F11 -> 0
H12: =+C12*D12*E12*F12 -> 0
H13: =+C13*D13*E13*F13 -> 0
H14: =+C14*D14*E14*F14 -> 0
A15: TOTAL | H15: =SUM(H10:H14) -> 62.7
A17: FOTO ó PLANO
A38: ING. JOSE MAURICIO BELLO PEREZ.
A39: Jefe Oficina Asesora de Planeación
A41: Proyectó: | B41: Ing. Sebastian Gaviria - Profesional de apoyo OAP

Sheet 11.3
A1: MEMORIAS DE CÁLCULO
B2: ADECUACIÓN Y MANTENIMIENTO DE LA INFRAESTRUCTURA DE LA CENTRAL DE ABASTOS DEL MUNICIPIO DE VILLETA.
A3: ITEM | B3: 11.3
A4: REFERENCIA | B4: 7,13
A5: DESCRIPCIÓN | B5: CANAL PVC AMAZONAS
A6: UNIDAD | B6: ML
A7: CANTIDAD | B7: =+H15 -> 19
A9: UBICACIÓN | C9: CANT | D9: LARGO | E9: ANCHO | F9: ALTO | G9: ÁREA | H9: ACUMULADO
A10: CANAL | C10: 1 | D10: 19 | H10: =C10*D10 -> 19
H11: =+C11*D11*E11*F11 -> 0
H12: =+C12*D12*E12*F12 -> 0
H13: =+C13*D13*E13*F13 -> 0
H14: =+C14*D14*E14*F14 -> 0
A15: TOTAL | H15: =SUM(H10:H14) -> 19
A17: FOTO ó PLANO
A38: ING. JOSE MAURICIO BELLO PEREZ.
A39: Jefe Oficina Asesora de Planeación
A41: Proyectó: | B41: Ing. Sebastian Gaviria - Profesional de apoyo OAP

Sheet 11.4
A1: MEMORIAS DE CÁLCULO
B2: ADECUACIÓN Y MANTENIMIENTO DE LA INFRAESTRUCTURA DE LA CENTRAL DE ABASTOS DEL MUNICIPIO DE VILLETA.
A3: ITEM | B3: 11.4
A4: REFERENCIA | B4: 11.4
A5: DESCRIPCIÓN | B5: BAJANTE AGUAS LLUVIAS PVC 4". INC ACCESORIOS
A6: UNIDAD | B6: ML
A7: CANTIDAD | B7: =+H15 -> 9
A9: UBICACIÓN | C9: CANT | D9: LARGO | E9: ANCHO | F9: ALTO | G9: ÁREA | H9: ACUMULADO
A10: BAJANTE | C10: 3 | D10: 3 | H10: =C10*D10 -> 9
H11: =+C11*D11*E11*F11 -> 0
H12: =+C12*D12*E12*F12 -> 0
H13: =+C13*D13*E13*F13 -> 0
H14: =+C14*D14*E14*F14 -> 0
A15: TOTAL | H15: =SUM(H10:H14) -> 9
A17: FOTO ó PLANO
A38: ING. JOSE MAURICIO BELLO PEREZ.
A39: Jefe Oficina Asesora de Planeación
A41: Proyectó: | B41: Ing. Sebastian Gaviria - Profesional de apoyo OAP

Sheet 12.1
A1: MEMORIAS DE CÁLCULO
B2: ADECUACIÓN Y MANTENIMIENTO DE LA INFRAESTRUCTURA DE LA CENTRAL DE ABASTOS DEL MUNICIPIO DE VILLETA.
A3: ITEM | B3: 12.1
A4: REFERENCIA | B4: 6,19
A5: DESCRIPCIÓN | B5: PAÑETE LISO MUROS 1:5, E=1.5 CM
A6: UNIDAD | B6: M2
A7: CANTIDAD | B7: =+H15 -> 319.5
A9: UBICACIÓN | C9: CANT | D9: LARGO | E9: ANCHO | F9: ALTO | G9: ÁREA | H9: ACUMULADO
A10: PAÑETE | C10: 2 | D10: 24.3 | F10: 2.5 | H10: =C10*D10*F10 -> 121.5
C11: =12*2 -> 24 | D11: 3.3 | F11: 2.5 | H11: =C11*D11*F11 -> 198
H12: =+C12*D12*E12*F12 -> 0
H13: =+C13*D13*E13*F13 -> 0
H14: =+C14*D14*E14*F14 -> 0
A15: TOTAL | H15: =SUM(H10:H14) -> 319.5
A17: FOTO ó PLANO
A38: ING. JOSE MAURICIO BELLO PEREZ.
A39: Jefe Oficina Asesora de Planeación
A41: Proyectó: | B41: Ing. Sebastian Gaviria - Profesional de apoyo OAP

Sheet 12.2
A1: MEMORIAS DE CÁLCULO
B2: ADECUACIÓN Y MANTENIMIENTO DE LA INFRAESTRUCTURA DE LA CENTRAL DE ABASTOS DEL MUNICIPIO DE VILLETA.
A3: ITEM | B3: 12.2
A4: REFERENCIA | B4: 6.3
A5: DESCRIPCIÓN | B5: FILOS O DILATACIONES S/MURO
A6: UNIDAD | B6: ML
A7: CANTIDAD | B7: =+H15 -> 144
A9: UBICACIÓN | C9: CANT | D9: LARGO | E9: ANCHO | F9: ALTO | G9: ÁREA | H9: ACUMULADO
A10: PAÑETE FILOS | C10: 40 | D10: 3 | H10: =C10*D10 -> 120
C11: 1 | D11: 24 | H11: =C11*D11 -> 24
H12: =+C12*D12*E12*F12 -> 0
H13: =+C13*D13*E13*F13 -> 0
H14: =+C14*D14*E14*F14 -> 0
A15: TOTAL | H15: =SUM(H10:H14) -> 144
A17: FOTO ó PLANO
A38: ING. JOSE MAURICIO BELLO PEREZ.
A39: Jefe Oficina Asesora de Planeación
A41: Proyectó: | B41: Ing. Sebastian Gaviria - Profesional de apoyo OAP

Sheet 13.1
A1: MEMORIAS DE CÁLCULO
B2: ADECUACIÓN Y MANTENIMIENTO DE LA INFRAESTRUCTURA DE LA CENTRAL DE ABASTOS DEL MUNICIPIO DE VILLETA.
A3: ITEM | B3: 13.1
A4: REFERENCIA | B4: 13.1
A5: DESCRIPCIÓN | B5: ALISTADO ENDURECIDO 1:3, E=0.04
A6: UNIDAD | B6: M2
A7: CANTIDAD | B7: =+H15 -> 60.75
A9: UBICACIÓN | C9: CANT | D9: LARGO | E9: ANCHO | F9: ALTO | G9: ÁREA | H9: ACUMULADO
A10: ALISTADO | C10: 9 | D10: 2.5 | E10: 2.7 | H10: =C10*D10*E10 -> 60.75
H11: =+C11*D11*E11*F11 -> 0
H12: =+C12*D12*E12*F12 -> 0
H13: =+C13*D13*E13*F13 -> 0
H14: =+C14*D14*E14*F14 -> 0
A15: TOTAL | H15: =SUM(H10:H14) -> 60.75
A17: FOTO ó PLANO
A38: ING. JOSE MAURICIO BELLO PEREZ.
A39: Jefe Oficina Asesora de Planeación
A41: Proyectó: | B41: Ing. Sebastian Gaviria - Profesional de apoyo OAP

Sheet 13.2
A1: MEMORIAS DE CÁLCULO
B2: ADECUACIÓN Y MANTENIMIENTO DE LA INFRAESTRUCTURA DE LA CENTRAL DE ABASTOS DEL MUNICIPIO DE VILLETA.
A3: ITEM | B3: 13.2
A4: REFERENCIA | B4: 14.47
A5: DESCRIPCIÓN | B5: BALDOSA CERÁMICA PISO-PARED 30X60 CALIDAD PRIMERA
A6: UNIDAD | B6: M2
A7: CANTIDAD | B7: =+H15 -> 60.75
A9: UBICACIÓN | C9: CANT | D9: LARGO | E9: ANCHO | F9: ALTO | G9: ÁREA | H9: ACUMULADO
A10: BALDOSA piso | C10: 9 | D10: 2.5 | E10: 2.7 | H10: =C10*D10*E10 -> 60.75
H11: =+C11*D11*E11*F11 -> 0
H12: =+C12*D12*E12*F12 -> 0
H13: =+C13*D13*E13*F13 -> 0
H14: =+C14*D14*E14*F14 -> 0
A15: TOTAL | H15: =SUM(H10:H14) -> 60.75
A17: FOTO ó PLANO
A38: ING. JOSE MAURICIO BELLO PEREZ.
A39: Jefe Oficina Asesora de Planeación
A41: Proyectó: | B41: Ing. Sebastian Gaviria - Profesional de apoyo OAP

Sheet 13.3
A1: MEMORIAS DE CÁLCULO
B2: ADECUACIÓN Y MANTENIMIENTO DE LA INFRAESTRUCTURA DE LA CENTRAL DE ABASTOS DEL MUNICIPIO DE VILLETA.
A3: ITEM | B3: 13.3
A4: REFERENCIA | B4: 14,10
A5: DESCRIPCIÓN | B5: GUARDAESCOBA EN GRANITO
A6: UNIDAD | B6: ML
A7: CANTIDAD | B7: =+H15 -> 71.1
A9: UBICACIÓN | C9: CANT | D9: LARGO | E9: ANCHO | F9: ALTO | G9: ÁREA | H9: ACUMULADO
A10: GUARDA ESCOBA | C10: 9 | D10: =2.7+2.5+2.7 -> 7.9 | H10: =C10*D10 -> 71.1
H11: =+C11*D11*E11*F11 -> 0
H12: =+C12*D12*E12*F12 -> 0
H13: =+C13*D13*E13*F13 -> 0
H14: =+C14*D14*E14*F14 -> 0
A15: TOTAL | H15: =SUM(H10:H14) -> 71.1
A17: FOTO ó PLANO
A38: ING. JOSE MAURICIO BELLO PEREZ.
A39: Jefe Oficina Asesora de Planeación
A41: Proyectó: | B41: Ing. Sebastian Gaviria - Profesional de apoyo OAP

Sheet 14.1
A1: MEMORIAS DE CÁLCULO
B2: ADECUACIÓN Y MANTENIMIENTO DE LA INFRAESTRUCTURA DE LA CENTRAL DE ABASTOS DEL MUNICIPIO DE VILLETA.
A3: ITEM | B3: 14.1
A4: REFERENCIA | B4: 15.1
A5: DESCRIPCIÓN | B5: CIELO RASO EN PVC e=7 mm (INCLUYE ESTRUCTURA DE APOYO)
A6: UNIDAD | B6: M2
A7: CANTIDAD | B7: =+H15 -> 60.75
A9: UBICACIÓN | C9: CANT | D9: LARGO | E9: ANCHO | F9: ALTO | G9: ÁREA | H9: ACUMULADO
A10: CIELO RASO | C10: 9 | D10: 2.5 | E10: 2.7 | H10: =C10*D10*E10 -> 60.75
H11: =+C11*D11*E11*F11 -> 0
H12: =+C12*D12*E12*F12 -> 0
H13: =+C13*D13*E13*F13 -> 0
H14: =+C14*D14*E14*F14 -> 0
A15: TOTAL | H15: =SUM(H10:H14) -> 60.75
A17: FOTO ó PLANO
A38: ING. JOSE MAURICIO BELLO PEREZ.
A39: Jefe Oficina Asesora de Planeación
A41: Proyectó: | B41: Ing. Sebastian Gaviria - Profesional de apoyo OAP

Sheet 15.1
A1: MEMORIAS DE CÁLCULO
B2: ADECUACIÓN Y MANTENIMIENTO DE LA INFRAESTRUCTURA DE LA CENTRAL DE ABASTOS DEL MUNICIPIO DE VILLETA.
A3: ITEM | B3: 15.1
A4: REFERENCIA | B4: 18.14
A5: DESCRIPCIÓN | B5: ESTUCO
A6: UNIDAD | B6: M2
A7: CANTIDAD | B7: =+H15 -> 258.75
A9: UBICACIÓN | C9: CANT | D9: LARGO | E9: ANCHO | F9: ALTO | G9: ÁREA | H9: ACUMULADO
A10: ESTUCO | C10: 1 | D10: 24.3 | F10: 2.5 | H10: =C10*D10*F10 -> 60.75
C11: =12*2 -> 24 | D11: 3.3 | F11: 2.5 | H11: =+C11*D11*F11 -> 198
H12: =+C12*D12*E12*F12 -> 0
H13: =+C13*D13*E13*F13 -> 0
H14: =+C14*D14*E14*F14 -> 0
A15: TOTAL | H15: =SUM(H10:H14) -> 258.75
A17: FOTO ó PLANO
A38: ING. JOSE MAURICIO BELLO PEREZ.
A39: Jefe Oficina Asesora de Planeación
A41: Proyectó: | B41: Ing. Sebastian Gaviria - Profesional de apoyo OAP

Sheet 15.2.
A1: MEMORIAS DE CÁLCULO
B2: ADECUACIÓN Y MANTENIMIENTO DE LA INFRAESTRUCTURA DE LA CENTRAL DE ABASTOS DEL MUNICIPIO DE VILLETA.
A3: ITEM | B3: 15.2
A4: REFERENCIA | B4: 18.15
A5: DESCRIPCIÓN | B5: ESTUCO (LINEAL) FILOS
A6: UNIDAD | B6: ML
A7: CANTIDAD | B7: =+H15 -> 124
A9: UBICACIÓN | C9: CANT | D9: LARGO | E9: ANCHO | F9: ALTO | G9: ÁREA | H9: ACUMULADO
A10: ESTUCO FILOS | C10: 40 | F10: 2.5 | H10: =C10*F10 -> 100
C11: 1 | F11: 24 | H11: =C11*F11 -> 24
H12: =+C12*D12*E12*F12 -> 0
H13: =+C13*D13*E13*F13 -> 0
H14: =+C14*D14*E14*F14 -> 0
A15: TOTAL | H15: =SUM(H10:H14) -> 124
A17: FOTO ó PLANO
A38: ING. JOSE MAURICIO BELLO PEREZ.
A39: Jefe Oficina Asesora de Planeación
A41: Proyectó: | B41: Ing. Sebastian Gaviria - Profesional de apoyo OAP

Sheet 15.3
A1: MEMORIAS DE CÁLCULO
B2: ADECUACIÓN Y MANTENIMIENTO DE LA INFRAESTRUCTURA DE LA CENTRAL DE ABASTOS DEL MUNICIPIO DE VILLETA.
A3: ITEM | B3: 15.3
A4: REFERENCIA | B4: 18.26
A5: DESCRIPCIÓN | B5: PINTURA EPÓXICA
A6: UNIDAD | B6: M2
A7: CANTIDAD | B7: =+H15 -> 258.75
A9: UBICACIÓN | C9: CANT | D9: LARGO | E9: ANCHO | F9: ALTO | G9: ÁREA | H9: ACUMULADO
A10: PINTURA EPOXICA | C10: 1 | D10: 24.3 | F10: 2.5 | H10: =C10*D10*F10 -> 60.75
C11: =12*2 -> 24 | D11: 3.3 | F11: 2.5 | H11: =+C11*D11*F11 -> 198
H12: =+C12*D12*E12*F12 -> 0
H13: =+C13*D13*E13*F13 -> 0
H14: =+C14*D14*E14*F14 -> 0
A15: TOTAL | H15: =SUM(H10:H14) -> 258.75
A17: FOTO ó PLANO
A38: ING. JOSE MAURICIO BELLO PEREZ.
A39: Jefe Oficina Asesora de Planeación
A41: Proyectó: | B41: Ing. Sebastian Gaviria - Profesional de apoyo OAP

Sheet 15.4
A1: MEMORIAS DE CÁLCULO
B2: ADECUACIÓN Y MANTENIMIENTO DE LA INFRAESTRUCTURA DE LA CENTRAL DE ABASTOS DEL MUNICIPIO DE VILLETA.
A3: ITEM | B3: 15.4
A4: REFERENCIA | B4: 18.27
A5: DESCRIPCIÓN | B5: PINTURA EPÓXICA (LINEAL) FILOS
A6: UNIDAD | B6: ML
A7: CANTIDAD | B7: =+H15 -> 124
A9: UBICACIÓN | C9: CANT | D9: LARGO | E9: ANCHO | F9: ALTO | G9: ÁREA | H9: ACUMULADO
A10: PINTURA EPOXICA FILOS | C10: 40 | F10: 2.5 | H10: =C10*F10 -> 100
C11: 1 | F11: 24 | H11: =C11*F11 -> 24
H12: =+C12*D12*E12*F12 -> 0
H13: =+C13*D13*E13*F13 -> 0
H14: =+C14*D14*E14*F14 -> 0
A15: TOTAL | H15: =SUM(H10:H14) -> 124
A17: FOTO ó PLANO
A38: ING. JOSE MAURICIO BELLO PEREZ.
A39: Jefe Oficina Asesora de Planeación
A41: Proyectó: | B41: Ing. Sebastian Gaviria - Profesional de apoyo OAP

Sheet 16.1
A1: MEMORIAS DE CÁLCULO
B2: ADECUACIÓN Y MANTENIMIENTO DE LA INFRAESTRUCTURA DE LA CENTRAL DE ABASTOS DEL MUNICIPIO DE VILLETA.
A3: ITEM | B3: 16.1
A4: REFERENCIA | B4: 10.17
A5: DESCRIPCIÓN | B5: PUERTA CORTINA INCLUYE ESMALTE
A6: UNIDAD | B6: M2
A7: CANTIDAD | B7: =+H15 -> 63
A9: UBICACIÓN | C9: CANT | D9: LARGO | E9: ANCHO | F9: ALTO | G9: ÁREA | H9: ACUMULADO
A10: PUERTA | C10: 9 | D10: 2 | F10: 3.5 | H10: =C10*D10*F10 -> 63
H11: =+C11*D11*F11 -> 0
H12: =+C12*D12*E12*F12 -> 0
H13: =+C13*D13*E13*F13 -> 0
H14: =+C14*D14*E14*F14 -> 0
A15: TOTAL | H15: =SUM(H10:H14) -> 63
A17: FOTO ó PLANO
A38: ING. JOSE MAURICIO BELLO PEREZ.
A39: Jefe Oficina Asesora de Planeación
A41: Proyectó: | B41: Ing. Sebastian Gaviria - Profesional de apoyo OAP

Sheet 17,1
A1: MEMORIAS DE CÁLCULO
B2: ADECUACIÓN Y MANTENIMIENTO DE LA INFRAESTRUCTURA DE LA CENTRAL DE ABASTOS DEL MUNICIPIO DE VILLETA.
A3: ITEM | B3: 17.1
A4: REFERENCIA | B4: 12.14
A5: DESCRIPCIÓN | B5: TABLERO PARCIALES 12 CIRCUITOS (INCLUYE TACOS DE 30A)
A6: UNIDAD | B6: UND
A7: CANTIDAD | B7: =+H15 -> 1
A9: UBICACIÓN | C9: CANT | D9: LARGO | E9: ANCHO | F9: ALTO | G9: ÁREA | H9: ACUMULADO
A10: TABLERO ELECTRICO | C10: 1 | H10: =C10 -> 1
H11: =+C11*D11*F11 -> 0
H12: =+C12*D12*E12*F12 -> 0
H13: =+C13*D13*E13*F13 -> 0
H14: =+C14*D14*E14*F14 -> 0
A15: TOTAL | H15: =SUM(H10:H14) -> 1
A17: FOTO ó PLANO
A38: ING. JOSE MAURICIO BELLO PEREZ.
A39: Jefe Oficina Asesora de Planeación
A41: Proyectó: | B41: Ing. Sebastian Gaviria - Profesional de apoyo OAP

Sheet 17.2
A1: MEMORIAS DE CÁLCULO
B2: ADECUACIÓN Y MANTENIMIENTO DE LA INFRAESTRUCTURA DE LA CENTRAL DE ABASTOS DEL MUNICIPIO DE VILLETA.
A3: ITEM | B3: 17.2
A4: REFERENCIA | B4: 12.2
A5: DESCRIPCIÓN | B5: SALIDA LÁMPARA TOMA PVC COMPLETA. INC INTERRUPTOR
A6: UNIDAD | B6: UND
A7: CANTIDAD | B7: =+H15 -> 9
A9: UBICACIÓN | C9: CANT | D9: LARGO | E9: ANCHO | F9: ALTO | G9: ÁREA | H9: ACUMULADO
A10: SALIDA LAMPARA TOMA | C10: 9 | H10: =C10 -> 9
H11: =+C11*D11*F11 -> 0
H12: =+C12*D12*E12*F12 -> 0
H13: =+C13*D13*E13*F13 -> 0
H14: =+C14*D14*E14*F14 -> 0
A15: TOTAL | H15: =SUM(H10:H14) -> 9
A17: FOTO ó PLANO
A38: ING. JOSE MAURICIO BELLO PEREZ.
A39: Jefe Oficina Asesora de Planeación
A41: Proyectó: | B41: Ing. Sebastian Gaviria - Profesional de apoyo OAP

Sheet 17.3
A1: MEMORIAS DE CÁLCULO
B2: ADECUACIÓN Y MANTENIMIENTO DE LA INFRAESTRUCTURA DE LA CENTRAL DE ABASTOS DEL MUNICIPIO DE VILLETA.
A3: ITEM | B3: 17.3
A4: REFERENCIA | B4: 12.9
A5: DESCRIPCIÓN | B5: SALIDA TOMA DOBLE PVC COMPLETA
A6: UNIDAD | B6: UND
A7: CANTIDAD | B7: =+H15 -> 9
A9: UBICACIÓN | C9: CANT | D9: LARGO | E9: ANCHO | F9: ALTO | G9: ÁREA | H9: ACUMULADO
A10: SALIDA LAMPARA TOMA | C10: 9 | H10: =C10 -> 9
H11: =+C11*D11*F11 -> 0
H12: =+C12*D12*E12*F12 -> 0
H13: =+C13*D13*E13*F13 -> 0
H14: =+C14*D14*E14*F14 -> 0
A15: TOTAL | H15: =SUM(H10:H14) -> 9
A17: FOTO ó PLANO
A38: ING. JOSE MAURICIO BELLO PEREZ.
A39: Jefe Oficina Asesora de Planeación
A41: Proyectó: | B41: Ing. Sebastian Gaviria - Profesional de apoyo OAP

Sheet 17.4
A1: MEMORIAS DE CÁLCULO
B2: ADECUACIÓN Y MANTENIMIENTO DE LA INFRAESTRUCTURA DE LA CENTRAL DE ABASTOS DEL MUNICIPIO DE VILLETA.
A3: ITEM | B3: 17.4
A4: REFERENCIA | B4: 12.113
A5: DESCRIPCIÓN | B5: LUMINARIA PANEL LED REDONDO - 24W - 4000K/6000K - IP20 - 120V - DE INCRUSTAR 30cmX3cm (4 POR LOCAL )
A6: UNIDAD | B6: UND
A7: CANTIDAD | B7: =+H15 -> 36
A9: UBICACIÓN | C9: CANT | D9: LARGO | E9: ANCHO | F9: ALTO | G9: ÁREA | H9: ACUMULADO
A10: LIUMINARIA | C10: =4*9 -> 36 | H10: =C10 -> 36
H11: =+C11*D11*F11 -> 0
H12: =+C12*D12*E12*F12 -> 0
H13: =+C13*D13*E13*F13 -> 0
H14: =+C14*D14*E14*F14 -> 0
A15: TOTAL | H15: =SUM(H10:H14) -> 36
A17: FOTO ó PLANO
A38: ING. JOSE MAURICIO BELLO PEREZ.
A39: Jefe Oficina Asesora de Planeación
A41: Proyectó: | B41: Ing. Sebastian Gaviria - Profesional de apoyo OAP

Sheet 17.5
A1: MEMORIAS DE CÁLCULO
B2: ADECUACIÓN Y MANTENIMIENTO DE LA INFRAESTRUCTURA DE LA CENTRAL DE ABASTOS DEL MUNICIPIO DE VILLETA.
A3: ITEM | B3: 17.5
A4: REFERENCIA | B4: 12.45.
A5: DESCRIPCIÓN | B5: CIRCUITO RAMAL 2xNo.12AWG-CU-THHN/THWN-2 + 1xNo.12AWG(T)-CU
A6: UNIDAD | B6: ML
A7: CANTIDAD | B7: =+H15 -> 24.3
A9: UBICACIÓN | C9: CANT | D9: LARGO | E9: ANCHO | F9: ALTO | G9: ÁREA | H9: ACUMULADO
A10: LIUMINARIA | D10: 24.3 | H10: =D10 -> 24.3
H11: =+C11*D11*F11 -> 0
H12: =+C12*D12*E12*F12 -> 0
H13: =+C13*D13*E13*F13 -> 0
H14: =+C14*D14*E14*F14 -> 0
A15: TOTAL | H15: =SUM(H10:H14) -> 24.3
A17: FOTO ó PLANO
A38: ING. JOSE MAURICIO BELLO PEREZ.
A39: Jefe Oficina Asesora de Planeación
A41: Proyectó: | B41: Ing. Sebastian Gaviria - Profesional de apoyo OAP

Sheet 17.6
A1: MEMORIAS DE CÁLCULO
B2: ADECUACIÓN Y MANTENIMIENTO DE LA INFRAESTRUCTURA DE LA CENTRAL DE ABASTOS DEL MUNICIPIO DE VILLETA.
A3: ITEM | B3: 17.6
A4: REFERENCIA | B4: 12.16.
A5: DESCRIPCIÓN | B5: TUBERÍA PVC CONDUIT 1/2". INC ACCESORIOS
A6: UNIDAD | B6: ML
A7: CANTIDAD | B7: =+H15 -> 24.3
A9: UBICACIÓN | C9: CANT | D9: LARGO | E9: ANCHO | F9: ALTO | G9: ÁREA | H9: ACUMULADO
A10: TUBERIA | D10: 24.3 | H10: =D10 -> 24.3
H11: =+C11*D11*F11 -> 0
H12: =+C12*D12*E12*F12 -> 0
H13: =+C13*D13*E13*F13 -> 0
H14: =+C14*D14*E14*F14 -> 0
A15: TOTAL | H15: =SUM(H10:H14) -> 24.3
A17: FOTO ó PLANO
A38: ING. JOSE MAURICIO BELLO PEREZ.
A39: Jefe Oficina Asesora de Planeación
A41: Proyectó: | B41: Ing. Sebastian Gaviria - Profesional de apoyo OAP

Sheet 18.1
A1: MEMORIAS DE CÁLCULO
B2: ADECUACIÓN Y MANTENIMIENTO DE LA INFRAESTRUCTURA DE LA CENTRAL DE ABASTOS DEL MUNICIPIO DE VILLETA.
A3: ITEM | B3: 18.1
A4: REFERENCIA | B4: 1,42
A5: DESCRIPCIÓN | B5: REPLANTEO MANUAL DE CIMIENTOS
A6: UNIDAD | B6: M2
A7: CANTIDAD | B7: =+H15 -> 3.75
A9: UBICACIÓN | C9: CANT | D9: LARGO | E9: ANCHO | F9: ALTO | G9: ÁREA | H9: ACUMULADO
A10: REMPLANTEO PARQUEADERO | D10: 3.75 | E10: 1 | H10: =D10*E10 -> 3.75
H11: =+C11*D11*F11 -> 0
H12: =+C12*D12*E12*F12 -> 0
H13: =+C13*D13*E13*F13 -> 0
H14: =+C14*D14*E14*F14 -> 0
A15: TOTAL | H15: =SUM(H10:H14) -> 3.75
A17: FOTO ó PLANO
A38: ING. JOSE MAURICIO BELLO PEREZ.
A39: Jefe Oficina Asesora de Planeación
A41: Proyectó: | B41: Ing. Sebastian Gaviria - Profesional de apoyo OAP

Sheet 18.2
A1: MEMORIAS DE CÁLCULO
B2: ADECUACIÓN Y MANTENIMIENTO DE LA INFRAESTRUCTURA DE LA CENTRAL DE ABASTOS DEL MUNICIPIO DE VILLETA.
A3: ITEM | B3: 18.2
A4: REFERENCIA | B4: 1,27
A5: DESCRIPCIÓN | B5: DEMOLICIÓN PLACA PISO 0.15 M, INC RETIRO (RAMPA)
A6: UNIDAD | B6: M2
A7: CANTIDAD | B7: =+H15 -> 25
A9: UBICACIÓN | C9: CANT | D9: LARGO | E9: ANCHO | F9: ALTO | G9: ÁREA | H9: ACUMULADO
A10: DEMOLICION RAMPA | D10: 5 | E10: 5 | H10: =D10*E10 -> 25
H11: =+C11*D11*F11 -> 0
H12: =+C12*D12*E12*F12 -> 0
H13: =+C13*D13*E13*F13 -> 0
H14: =+C14*D14*E14*F14 -> 0
A15: TOTAL | H15: =SUM(H10:H14) -> 25
A17: FOTO ó PLANO
A38: ING. JOSE MAURICIO BELLO PEREZ.
A39: Jefe Oficina Asesora de Planeación
A41: Proyectó: | B41: Ing. Sebastian Gaviria - Profesional de apoyo OAP

Sheet 19.1
A1: MEMORIAS DE CÁLCULO
B2: ADECUACIÓN Y MANTENIMIENTO DE LA INFRAESTRUCTURA DE LA CENTRAL DE ABASTOS DEL MUNICIPIO DE VILLETA.
A3: ITEM | B3: 19.1
A4: REFERENCIA | B4: 1,42
A5: DESCRIPCIÓN | B5: REPLANTEO MANUAL DE CIMIENTOS
A6: UNIDAD | B6: KG
A7: CANTIDAD | B7: =+H14 -> 0
A9: UBICACIÓN | C9: DIAMETRO | E9: CANT m2 | G9: PESO (Kg/m2) | H9: ACUMULADO
A10: MALLA ELECTRO SOLADADA | C10: #6 | E10: =5*5*1.1 -> 27.5 | G10: 5.1 | H10: =+E10*G10 -> 140.25
H11: =+E11*F11*G11 -> 0
H12: =+E12*F12*G12 -> 0
H13: =+E13*F13*G13 -> 0
H14: =+E14*F14*G14 -> 0
A15: TOTAL | H15: =SUM(H10:H14) -> 140.25
A16: FOTO ó PLANO
A37: ING. JOSE MAURICIO BELLO PEREZ.
A38: Jefe Oficina Asesora de Planeación
A40: Proyectó: | B40: Ing. Sebastian Gaviria - Profesional de apoyo OAP

Sheet 19.2
A1: MEMORIAS DE CÁLCULO
B2: ADECUACIÓN Y MANTENIMIENTO DE LA INFRAESTRUCTURA DE LA CENTRAL DE ABASTOS DEL MUNICIPIO DE VILLETA.
A3: ITEM | B3: 19.2
A4: REFERENCIA | B4: 10,30
A5: DESCRIPCIÓN | B5: CONCRETO 3500
A6: UNIDAD | B6: M3
A7: CANTIDAD | B7: =+H15 -> 3.75
A9: UBICACIÓN | C9: CANT | D9: LARGO | E9: ANCHO | F9: ALTO | G9: ÁREA | H9: ACUMULADO
A10: DEMOLICION RAMPA | D10: 5 | E10: 5 | F10: 0.15 | H10: =D10*E10*F10 -> 3.75
H11: =+C11*D11*F11 -> 0
H12: =+C12*D12*E12*F12 -> 0
H13: =+C13*D13*E13*F13 -> 0
H14: =+C14*D14*E14*F14 -> 0
A15: TOTAL | H15: =SUM(H10:H14) -> 3.75
A17: FOTO ó PLANO
A38: ING. JOSE MAURICIO BELLO PEREZ.
A39: Jefe Oficina Asesora de Planeación
A41: Proyectó: | B41: Ing. Sebastian Gaviria - Profesional de apoyo OAP

Sheet 20.1
A1: MEMORIAS DE CÁLCULO
B2: ADECUACIÓN Y MANTENIMIENTO DE LA INFRAESTRUCTURA DE LA CENTRAL DE ABASTOS DEL MUNICIPIO DE VILLETA.
A3: ITEM | B3: 20.1
A4: REFERENCIA | B4: 5.17
A5: DESCRIPCIÓN | B5: MURO EN BLOQUE N° 5 E=0,12M
A6: UNIDAD | B6: M2
A7: CANTIDAD | B7: =+H15 -> 34.5
A9: UBICACIÓN | C9: CANT | D9: LARGO | E9: ANCHO | F9: ALTO | G9: ÁREA | H9: ACUMULADO
A10: MURO PARQUEADERO | D10: =5.5+6 -> 11.5 | F10: 3 | H10: =D10*F10 -> 34.5
H11: =+C11*D11*F11 -> 0
H12: =+C12*D12*E12*F12 -> 0
H13: =+C13*D13*E13*F13 -> 0
H14: =+C14*D14*E14*F14 -> 0
A15: TOTAL | H15: =SUM(H10:H14) -> 34.5
A17: FOTO ó PLANO
A38: ING. JOSE MAURICIO BELLO PEREZ.
A39: Jefe Oficina Asesora de Planeación
A41: Proyectó: | B41: Ing. Sebastian Gaviria - Profesional de apoyo OAP

Sheet 21.1
A1: MEMORIAS DE CÁLCULO
B2: ADECUACIÓN Y MANTENIMIENTO DE LA INFRAESTRUCTURA DE LA CENTRAL DE ABASTOS DEL MUNICIPIO DE VILLETA.
A3: ITEM | B3: 21.1
A4: REFERENCIA | B4: 5.17
A5: DESCRIPCIÓN | B5: PAÑETE LISO MUROS 1:5, E=1.5 CM
A6: UNIDAD | B6: M2
A7: CANTIDAD | B7: =+H15 -> 69
A9: UBICACIÓN | C9: CANT | D9: LARGO | E9: ANCHO | F9: ALTO | G9: ÁREA | H9: ACUMULADO
A10: MURO PARQUEADERO | C10: 2 | D10: =5.5+6 -> 11.5 | F10: 3 | H10: =C10*D10*F10 -> 69
H11: =+C11*D11*F11 -> 0
H12: =+C12*D12*E12*F12 -> 0
H13: =+C13*D13*E13*F13 -> 0
H14: =+C14*D14*E14*F14 -> 0
A15: TOTAL | H15: =SUM(H10:H14) -> 69
A17: FOTO ó PLANO
A38: ING. JOSE MAURICIO BELLO PEREZ.
A39: Jefe Oficina Asesora de Planeación
A41: Proyectó: | B41: Ing. Sebastian Gaviria - Profesional de apoyo OAP

Sheet 22.1
A1: MEMORIAS DE CÁLCULO
B2: ADECUACIÓN Y MANTENIMIENTO DE LA INFRAESTRUCTURA DE LA CENTRAL DE ABASTOS DEL MUNICIPIO DE VILLETA.
A3: ITEM | B3: 22.1
A4: REFERENCIA | B4: 18,16
A5: DESCRIPCIÓN | B5: ESTUCO Y VINILO 3 MANOS
A6: UNIDAD | B6: M2
A7: CANTIDAD | B7: =+H15 -> 69
A9: UBICACIÓN | C9: CANT | D9: LARGO | E9: ANCHO | F9: ALTO | G9: ÁREA | H9: ACUMULADO
A10: MURO PARQUEADERO | C10: 2 | D10: =5.5+6 -> 11.5 | F10: 3 | H10: =C10*D10*F10 -> 69
H11: =+C11*D11*F11 -> 0
H12: =+C12*D12*E12*F12 -> 0
H13: =+C13*D13*E13*F13 -> 0
H14: =+C14*D14*E14*F14 -> 0
A15: TOTAL | H15: =SUM(H10:H14) -> 69
A17: FOTO ó PLANO
A38: ING. JOSE MAURICIO BELLO PEREZ.
A39: Jefe Oficina Asesora de Planeación
A41: Proyectó: | B41: Ing. Sebastian Gaviria - Profesional de apoyo OAP

Sheet 23.1
A1: MEMORIAS DE CÁLCULO
B2: ADECUACIÓN Y MANTENIMIENTO DE LA INFRAESTRUCTURA DE LA CENTRAL DE ABASTOS DEL MUNICIPIO DE VILLETA.
A3: ITEM | B3: 23.1
A4: REFERENCIA | B4: 1,42
A5: DESCRIPCIÓN | B5: REPLANTEO MANUAL DE CIMIENTOS
A6: UNIDAD | B6: M2
A7: CANTIDAD | B7: =+H15 -> 23.45
A9: UBICACIÓN | C9: CANT | D9: LARGO | E9: ANCHO | F9: ALTO | G9: ÁREA | H9: ACUMULADO
A10: CERRAMIENTO SHUT NUEVO | D10: 6.7 | E10: 3.5 | H10: =D10*E10 -> 23.45
H11: =+C11*D11*F11 -> 0
H12: =+C12*D12*E12*F12 -> 0
H13: =+C13*D13*E13*F13 -> 0
H14: =+C14*D14*E14*F14 -> 0
A15: TOTAL | H15: =SUM(H10:H14) -> 23.45
A17: FOTO ó PLANO
A38: ING. JOSE MAURICIO BELLO PEREZ.
A39: Jefe Oficina Asesora de Planeación
A41: Proyectó: | B41: Ing. Sebastian Gaviria - Profesional de apoyo OAP

Sheet 23.2
A1: MEMORIAS DE CÁLCULO
B2: ADECUACIÓN Y MANTENIMIENTO DE LA INFRAESTRUCTURA DE LA CENTRAL DE ABASTOS DEL MUNICIPIO DE VILLETA.
A3: ITEM | B3: 23.2
A4: REFERENCIA | B4: 1,26
A5: DESCRIPCIÓN | B5: DEMOLICION PLACA PISO 0.10M, INC RETIRO
A6: UNIDAD | B6: M2
A7: CANTIDAD | B7: =+H15 -> 2.68
A9: UBICACIÓN | C9: CANT | D9: LARGO | E9: ANCHO | F9: ALTO | G9: ÁREA | H9: ACUMULADO
A10: DEMOLICION PARA CARCAMO | D10: =6.7 -> 6.7 | E10: 0.4 | H10: =D10*E10 -> 2.68
H11: =+C11*D11*F11 -> 0
H12: =+C12*D12*E12*F12 -> 0
H13: =+C13*D13*E13*F13 -> 0
H14: =+C14*D14*E14*F14 -> 0
A15: TOTAL | H15: =SUM(H10:H14) -> 2.68
A17: FOTO ó PLANO
A38: ING. JOSE MAURICIO BELLO PEREZ.
A39: Jefe Oficina Asesora de Planeación
A41: Proyectó: | B41: Ing. Sebastian Gaviria - Profesional de apoyo OAP

Sheet 24.1
A1: MEMORIAS DE CÁLCULO
B2: ADECUACIÓN Y MANTENIMIENTO DE LA INFRAESTRUCTURA DE LA CENTRAL DE ABASTOS DEL MUNICIPIO DE VILLETA.
A3: ITEM | B3: 24.1
A4: REFERENCIA | B4: 5,54
A5: DESCRIPCIÓN | B5: ANCLAJE 1/2
A6: UNIDAD | B6: UND
A7: CANTIDAD | B7: =+H15 -> 16
A9: UBICACIÓN | C9: CANT | D9: LARGO | E9: ANCHO | F9: ALTO | G9: ÁREA | H9: ACUMULADO
A10: ANCLAJE | C10: =4*4 -> 16 | H10: =C10 -> 16
H11: =+C11*D11*F11 -> 0
H12: =+C12*D12*E12*F12 -> 0
H13: =+C13*D13*E13*F13 -> 0
H14: =+C14*D14*E14*F14 -> 0
A15: TOTAL | H15: =SUM(H10:H14) -> 16
A17: FOTO ó PLANO
A38: ING. JOSE MAURICIO BELLO PEREZ.
A39: Jefe Oficina Asesora de Planeación
A41: Proyectó: | B41: Ing. Sebastian Gaviria - Profesional de apoyo OAP

Sheet 24.2
A1: MEMORIAS DE CÁLCULO
B2: ADECUACIÓN Y MANTENIMIENTO DE LA INFRAESTRUCTURA DE LA CENTRAL DE ABASTOS DEL MUNICIPIO DE VILLETA.
A3: ITEM | B3: 24.2
A4: REFERENCIA | B4: 10,30
A5: DESCRIPCIÓN | B5: ACERO FIGURADO 60000 PSI
A6: UNIDAD | B6: KG
A7: CANTIDAD | B7: =+H16 -> 314.6136
A9: UBICACIÓN | C9: DIAMETRO | E9: CANT | F9: LONGITUD | G9: PESO (Kg/ml) | H9: ACUMULADO
A10: ACERO LONGI SHUT COLUMNAS | C10: #4 | E10: =8*4 -> 32 | F10: 3 | G10: 0.99 | H10: =+E10*F10*G10 -> 95.04
A11: ACERO TRASVER COLUMNAS | C11: #3 | E11: =19*8 -> 152 | F11: 0.78 | G11: 0.56 | H11: =+E11*F11*G11 -> 66.3936
A12: ACERO LONGI SHUT VIGAS | C12: #4 | E12: =(4*2) -> 8 | F12: =7.42 -> 7.42 | G12: 0.99 | H12: =+E12*F12*G12 -> 58.7664
C13: #5 | E13: =(4*3) -> 12 | F13: 3.62 | G13: 0.99 | H13: =+E13*F13*G13 -> 43.0056
A14: ACERO TRASVER VIGAS | C14: #3 | E14: =39*2 -> 78 | F14: 0.68 | G14: 0.56 | H14: =+E14*F14*G14 -> 29.7024
A15: ACERO TRASVER VIGAS | C15: #3 | E15: =19*3 -> 57 | F15: 0.68 | G15: 0.56 | H15: =+E15*F15*G15 -> 21.7056
A16: TOTAL | H16: =SUM(H10:H15) -> 314.6136
A18: FOTO ó PLANO
A39: ING. JOSE MAURICIO BELLO PEREZ.
A40: Jefe Oficina Asesora de Planeación
A42: Proyectó: | B42: Ing. Sebastian Gaviria - Profesional de apoyo OAP

Sheet 24.3
A1: MEMORIAS DE CÁLCULO
B2: ADECUACIÓN Y MANTENIMIENTO DE LA INFRAESTRUCTURA DE LA CENTRAL DE ABASTOS DEL MUNICIPIO DE VILLETA.
A3: ITEM | B3: 24.3
A4: REFERENCIA | B4: 4,30
A5: DESCRIPCIÓN | B5: COLUMNAS 3500 PSI
A6: UNIDAD | B6: M3
A7: CANTIDAD | B7: =+H15 -> 0.882
A9: UBICACIÓN | C9: CANT | D9: LARGO | E9: ANCHO | F9: ALTO | G9: ÁREA | H9: ACUMULADO
A10: CONCRETO COLUMNAS SHUT | C10: 8 | D10: 0.3 | E10: 0.15 | F10: 2.45 | H10: =C10*D10*E10*F10 -> 0.882
H11: =+C11*D11*F11 -> 0
H12: =+C12*D12*E12*F12 -> 0
H13: =+C13*D13*E13*F13 -> 0
H14: =+C14*D14*E14*F14 -> 0
A15: TOTAL | H15: =SUM(H10:H14) -> 0.882
A17: FOTO ó PLANO
A38: ING. JOSE MAURICIO BELLO PEREZ.
A39: Jefe Oficina Asesora de Planeación
A41: Proyectó: | B41: Ing. Sebastian Gaviria - Profesional de apoyo OAP

Sheet 24.4
A1: MEMORIAS DE CÁLCULO
B2: ADECUACIÓN Y MANTENIMIENTO DE LA INFRAESTRUCTURA DE LA CENTRAL DE ABASTOS DEL MUNICIPIO DE VILLETA.
A3: ITEM | B3: 24.4
A4: REFERENCIA | B4: 4,26
A5: DESCRIPCIÓN | B5: VIGA AÉREA 3500 PSI
A6: UNIDAD | B6: M3
A7: CANTIDAD | B7: =+H15 -> 0.8625
A9: UBICACIÓN | C9: CANT | D9: LARGO | E9: ANCHO | F9: ALTO | G9: ÁREA | H9: ACUMULADO
A10: CONCRETO VIGAS SHUT | C10: 2 | D10: 6.7 | E10: 0.15 | F10: 0.25 | H10: =C10*D10*E10*F10 -> 0.5025
A11: CONCRETO VIGAS SHUT | C11: 3 | D11: 3.2 | E11: 0.15 | F11: 0.25 | H11: =C11*D11*E11*F11 -> 0.36
H12: =+C12*D12*E12*F12 -> 0
H13: =+C13*D13*E13*F13 -> 0
H14: =+C14*D14*E14*F14 -> 0
A15: TOTAL | H15: =SUM(H10:H14) -> 0.8625
A17: FOTO ó PLANO
A38: ING. JOSE MAURICIO BELLO PEREZ.
A39: Jefe Oficina Asesora de Planeación
A41: Proyectó: | B41: Ing. Sebastian Gaviria - Profesional de apoyo OAP

Sheet 24.5
A1: MEMORIAS DE CÁLCULO
B2: ADECUACIÓN Y MANTENIMIENTO DE LA INFRAESTRUCTURA DE LA CENTRAL DE ABASTOS DEL MUNICIPIO DE VILLETA.
A3: ITEM | B3: 24.5
A4: REFERENCIA | B4: OAP-1
A5: DESCRIPCIÓN | B5: CONSTRUCCION DE CARCAMO IN-SITU CON TAPA
A6: UNIDAD | B6: ML
A7: CANTIDAD | B7: =+H15 -> 6.4
A9: UBICACIÓN | C9: CANT | D9: LARGO | E9: ANCHO | F9: ALTO | G9: ÁREA | H9: ACUMULADO
A10: CARCAMO | C10: 1 | D10: 6.4 | H10: =C10*D10 -> 6.4
H11: =C11*D11*E11*F11 -> 0
H12: =+C12*D12*E12*F12 -> 0
H13: =+C13*D13*E13*F13 -> 0
H14: =+C14*D14*E14*F14 -> 0
A15: TOTAL | H15: =SUM(H10:H14) -> 6.4
A17: FOTO ó PLANO
A38: ING. JOSE MAURICIO BELLO PEREZ.
A39: Jefe Oficina Asesora de Planeación
A41: Proyectó: | B41: Ing. Sebastian Gaviria - Profesional de apoyo OAP

Sheet 24,6
A1: MEMORIAS DE CÁLCULO
B2: ADECUACIÓN Y MANTENIMIENTO DE LA INFRAESTRUCTURA DE LA CENTRAL DE ABASTOS DEL MUNICIPIO DE VILLETA.
A3: ITEM | B3: 24.6
A4: REFERENCIA | B4: 10.21
A5: DESCRIPCIÓN | B5: REJILLA PISO 0.30 M, PARA CARCAMO Ó CANA
A6: UNIDAD | B6: M2
A7: CANTIDAD | B7: =+H15 -> 2.56
A9: UBICACIÓN | C9: CANT | D9: LARGO | E9: ANCHO | F9: ALTO | G9: ÁREA | H9: ACUMULADO
A10: REJILLA CARCAMO | D10: 6.4 | E10: 0.4 | H10: =D10*E10 -> 2.56
H11: =C11*D11*E11*F11 -> 0
H12: =+C12*D12*E12*F12 -> 0
H13: =+C13*D13*E13*F13 -> 0
H14: =+C14*D14*E14*F14 -> 0
A15: TOTAL | H15: =SUM(H10:H14) -> 2.56
A17: FOTO ó PLANO
A38: ING. JOSE MAURICIO BELLO PEREZ.
A39: Jefe Oficina Asesora de Planeación
A41: Proyectó: | B41: Ing. Sebastian Gaviria - Profesional de apoyo OAP

Sheet 25.1
A1: MEMORIAS DE CÁLCULO
B2: ADECUACIÓN Y MANTENIMIENTO DE LA INFRAESTRUCTURA DE LA CENTRAL DE ABASTOS DEL MUNICIPIO DE VILLETA.
A3: ITEM | B3: 25.1
A4: REFERENCIA | B4: 5.17
A5: DESCRIPCIÓN | B5: MURO EN BLOQUE N° 5 E=0,12M
A6: UNIDAD | B6: M2
A7: CANTIDAD | B7: =+H15 -> 45.3
A9: UBICACIÓN | C9: CANT | D9: LARGO | E9: ANCHO | F9: ALTO | G9: ÁREA | H9: ACUMULADO
A10: MAMPOSTERIA | D10: =3.2+6.7+1+2.1+2.1 -> 15.1 | F10: 3 | H10: =D10*F10 -> 45.3
H11: =C11*D11*E11*F11 -> 0
H12: =+C12*D12*E12*F12 -> 0
H13: =+C13*D13*E13*F13 -> 0
H14: =+C14*D14*E14*F14 -> 0
A15: TOTAL | H15: =SUM(H10:H14) -> 45.3
A17: FOTO ó PLANO
A38: ING. JOSE MAURICIO BELLO PEREZ.
A39: Jefe Oficina Asesora de Planeación
A41: Proyectó: | B41: Ing. Sebastian Gaviria - Profesional de apoyo OAP

Sheet 26.1
A1: MEMORIAS DE CÁLCULO
B2: ADECUACIÓN Y MANTENIMIENTO DE LA INFRAESTRUCTURA DE LA CENTRAL DE ABASTOS DEL MUNICIPIO DE VILLETA.
A3: ITEM | B3: 26.1
A4: REFERENCIA | B4: 7.32
A5: DESCRIPCIÓN | B5: ESTRUCTURA METÁLICA PARA TEJA DE FIBROCEMENTO (TUBO ESTRUCTURAL ABIERTO 4"x2", 15 MM)
A6: UNIDAD | B6: M2
A7: CANTIDAD | B7: =+H15 -> 23.45
A9: UBICACIÓN | C9: CANT | D9: LARGO | E9: ANCHO | F9: ALTO | G9: ÁREA | H9: ACUMULADO
A10: ESTRUCTURA SHUT | D10: 6.7 | E10: 3.5 | H10: =D10*E10 -> 23.45
H11: =C11*D11*E11*F11 -> 0
H12: =+C12*D12*E12*F12 -> 0
H13: =+C13*D13*E13*F13 -> 0
H14: =+C14*D14*E14*F14 -> 0
A15: TOTAL | H15: =SUM(H10:H14) -> 23.45
A17: FOTO ó PLANO
A38: ING. JOSE MAURICIO BELLO PEREZ.
A39: Jefe Oficina Asesora de Planeación
A41: Proyectó: | B41: Ing. Sebastian Gaviria - Profesional de apoyo OAP

Sheet 26.2
A1: MEMORIAS DE CÁLCULO
B2: ADECUACIÓN Y MANTENIMIENTO DE LA INFRAESTRUCTURA DE LA CENTRAL DE ABASTOS DEL MUNICIPIO DE VILLETA.
A3: ITEM | B3: 26.2
A4: REFERENCIA | B4: 7.44
A5: DESCRIPCIÓN | B5: TEJA TERMOACUSTICA ONDULADA
A6: UNIDAD | B6: M2
A7: CANTIDAD | B7: =+H15 -> 23.45
A9: UBICACIÓN | C9: CANT | D9: LARGO | E9: ANCHO | F9: ALTO | G9: ÁREA | H9: ACUMULADO
A10: TEJAS SHUT | D10: 6.7 | E10: 3.5 | H10: =D10*E10 -> 23.45
H11: =C11*D11*E11*F11 -> 0
H12: =+C12*D12*E12*F12 -> 0
H13: =+C13*D13*E13*F13 -> 0
H14: =+C14*D14*E14*F14 -> 0
A15: TOTAL | H15: =SUM(H10:H14) -> 23.45
A17: FOTO ó PLANO
A38: ING. JOSE MAURICIO BELLO PEREZ.
A39: Jefe Oficina Asesora de Planeación
A41: Proyectó: | B41: Ing. Sebastian Gaviria - Profesional de apoyo OAP

Sheet 26.3
A1: MEMORIAS DE CÁLCULO
B2: ADECUACIÓN Y MANTENIMIENTO DE LA INFRAESTRUCTURA DE LA CENTRAL DE ABASTOS DEL MUNICIPIO DE VILLETA.
A3: ITEM | B3: 26.3
A4: REFERENCIA | B4: 7,13
A5: DESCRIPCIÓN | B5: CANAL PVC AMAZONAS
A6: UNIDAD | B6: ML
A7: CANTIDAD | B7: =+H15 -> 6.7
A9: UBICACIÓN | C9: CANT | D9: LARGO | E9: ANCHO | F9: ALTO | G9: ÁREA | H9: ACUMULADO
A10: CANAÑ SHUT | D10: 6.7 | H10: =D10 -> 6.7
H11: =C11*D11*E11*F11 -> 0
H12: =+C12*D12*E12*F12 -> 0
H13: =+C13*D13*E13*F13 -> 0
H14: =+C14*D14*E14*F14 -> 0
A15: TOTAL | H15: =SUM(H10:H14) -> 6.7
A17: FOTO ó PLANO
A38: ING. JOSE MAURICIO BELLO PEREZ.
A39: Jefe Oficina Asesora de Planeación
A41: Proyectó: | B41: Ing. Sebastian Gaviria - Profesional de apoyo OAP

Sheet 26.4
A1: MEMORIAS DE CÁLCULO
B2: ADECUACIÓN Y MANTENIMIENTO DE LA INFRAESTRUCTURA DE LA CENTRAL DE ABASTOS DEL MUNICIPIO DE VILLETA.
A3: ITEM | B3: 26.4
A4: REFERENCIA | B4: 11.4
A5: DESCRIPCIÓN | B5: BAJANTE AGUAS LLUVIAS PVC 4". INC ACCESORIOS
A6: UNIDAD | B6: ML
A7: CANTIDAD | B7: =+H15 -> 4
A9: UBICACIÓN | C9: CANT | D9: LARGO | E9: ANCHO | F9: ALTO | G9: ÁREA | H9: ACUMULADO
A10: BAJANTE SHUT | D10: 4 | H10: =D10 -> 4
H11: =C11*D11*E11*F11 -> 0
H12: =+C12*D12*E12*F12 -> 0
H13: =+C13*D13*E13*F13 -> 0
H14: =+C14*D14*E14*F14 -> 0
A15: TOTAL | H15: =SUM(H10:H14) -> 4
A17: FOTO ó PLANO
A38: ING. JOSE MAURICIO BELLO PEREZ.
A39: Jefe Oficina Asesora de Planeación
A41: Proyectó: | B41: Ing. Sebastian Gaviria - Profesional de apoyo OAP

Sheet 27.1
A1: MEMORIAS DE CÁLCULO
B2: ADECUACIÓN Y MANTENIMIENTO DE LA INFRAESTRUCTURA DE LA CENTRAL DE ABASTOS DEL MUNICIPIO DE VILLETA.
A3: ITEM | B3: 27.1
A4: REFERENCIA | B4: 5.17
A5: DESCRIPCIÓN | B5: PAÑETE LISO MUROS 1:5, E=1.5 CM
A6: UNIDAD | B6: M2
A7: CANTIDAD | B7: =+H15 -> 70.5
A9: UBICACIÓN | C9: CANT | D9: LARGO | E9: ANCHO | F9: ALTO | G9: ÁREA | H9: ACUMULADO
A10: PAÑETE | C10: 2 | D10: =3.2+1+2.1+2.1 -> 8.4 | F10: 3 | H10: =C10*D10*F10 -> 50.4
C11: 1 | D11: 6.7 | F11: 3 | H11: =C11*D11*F11 -> 20.1
H12: =+C12*D12*E12*F12 -> 0
H13: =+C13*D13*E13*F13 -> 0
H14: =+C14*D14*E14*F14 -> 0
A15: TOTAL | H15: =SUM(H10:H14) -> 70.5
A17: FOTO ó PLANO
A38: ING. JOSE MAURICIO BELLO PEREZ.
A39: Jefe Oficina Asesora de Planeación
A41: Proyectó: | B41: Ing. Sebastian Gaviria - Profesional de apoyo OAP

Sheet 27.2
A1: MEMORIAS DE CÁLCULO
B2: ADECUACIÓN Y MANTENIMIENTO DE LA INFRAESTRUCTURA DE LA CENTRAL DE ABASTOS DEL MUNICIPIO DE VILLETA.
A3: ITEM | B3: 27.2
A4: REFERENCIA | B4: 6.3
A5: DESCRIPCIÓN | B5: FILOS O DILATACIONES S/MURO
A6: UNIDAD | B6: ML
A7: CANTIDAD | B7: =+H15 -> 33.7
A9: UBICACIÓN | C9: CANT | D9: LARGO | E9: ANCHO | F9: ALTO | G9: ÁREA | H9: ACUMULADO
A10: PAÑETE FILOS | C10: 10 | F10: 3 | H10: =C10*F10 -> 30
C11: 1 | F11: 3.7 | H11: =C11*F11 -> 3.7
H12: =+C12*D12*E12*F12 -> 0
H13: =+C13*D13*E13*F13 -> 0
H14: =+C14*D14*E14*F14 -> 0
A15: TOTAL | H15: =SUM(H10:H14) -> 33.7
A17: FOTO ó PLANO
A38: ING. JOSE MAURICIO BELLO PEREZ.
A39: Jefe Oficina Asesora de Planeación
A41: Proyectó: | B41: Ing. Sebastian Gaviria - Profesional de apoyo OAP

Sheet 28.1
A1: MEMORIAS DE CÁLCULO
B2: ADECUACIÓN Y MANTENIMIENTO DE LA INFRAESTRUCTURA DE LA CENTRAL DE ABASTOS DEL MUNICIPIO DE VILLETA.
A3: ITEM | B3: 28.1
A4: REFERENCIA | B4: 13.1
A5: DESCRIPCIÓN | B5: ALISTADO ENDURECIDO 1:3, E=0.04
A6: UNIDAD | B6: M2
A7: CANTIDAD | B7: =+H15 -> 23.45
A9: UBICACIÓN | C9: CANT | D9: LARGO | E9: ANCHO | F9: ALTO | G9: ÁREA | H9: ACUMULADO
A10: ALISTADO PISO | D10: 6.7 | E10: 3.5 | H10: =D10*E10 -> 23.45
H11: =C11*D11*E11*F11 -> 0
H12: =+C12*D12*E12*F12 -> 0
H13: =+C13*D13*E13*F13 -> 0
H14: =+C14*D14*E14*F14 -> 0
A15: TOTAL | H15: =SUM(H10:H14) -> 23.45
A17: FOTO ó PLANO
A38: ING. JOSE MAURICIO BELLO PEREZ.
A39: Jefe Oficina Asesora de Planeación
A41: Proyectó: | B41: Ing. Sebastian Gaviria - Profesional de apoyo OAP

Sheet 28.2
A1: MEMORIAS DE CÁLCULO
B2: ADECUACIÓN Y MANTENIMIENTO DE LA INFRAESTRUCTURA DE LA CENTRAL DE ABASTOS DEL MUNICIPIO DE VILLETA.
A3: ITEM | B3: 28.2
A4: REFERENCIA | B4: 14.47
A5: DESCRIPCIÓN | B5: BALDOSA CERÁMICA PISO-PARED 30X60 CALIDAD PRIMERA
A6: UNIDAD | B6: M2
A7: CANTIDAD | B7: =+H15 -> 23.45
A9: UBICACIÓN | C9: CANT | D9: LARGO | E9: ANCHO | F9: ALTO | G9: ÁREA | H9: ACUMULADO
A10: BALDOSA PISO | D10: 6.7 | E10: 3.5 | H10: =D10*E10 -> 23.45
H11: =C11*D11*E11*F11 -> 0
H12: =+C12*D12*E12*F12 -> 0
H13: =+C13*D13*E13*F13 -> 0
H14: =+C14*D14*E14*F14 -> 0
A15: TOTAL | H15: =SUM(H10:H14) -> 23.45
A17: FOTO ó PLANO
A38: ING. JOSE MAURICIO BELLO PEREZ.
A39: Jefe Oficina Asesora de Planeación
A41: Proyectó: | B41: Ing. Sebastian Gaviria - Profesional de apoyo OAP

Sheet 28.3
A1: MEMORIAS DE CÁLCULO
B2: ADECUACIÓN Y MANTENIMIENTO DE LA INFRAESTRUCTURA DE LA CENTRAL DE ABASTOS DEL MUNICIPIO DE VILLETA.
A3: ITEM | B3: 28.3
A4: REFERENCIA | B4: 14,10
A5: DESCRIPCIÓN | B5: GUARDAESCOBA EN GRANITO
A6: UNIDAD | B6: ML
A7: CANTIDAD | B7: =+H15 -> 20.4
A9: UBICACIÓN | C9: CANT | D9: LARGO | E9: ANCHO | F9: ALTO | G9: ÁREA | H9: ACUMULADO
A10: GUARDA ESCOBA SHUT | C10: 2 | D10: =6.7+3.5 -> 10.2 | H10: =C10*D10 -> 20.4
H11: =C11*D11*E11*F11 -> 0
H12: =+C12*D12*E12*F12 -> 0
H13: =+C13*D13*E13*F13 -> 0
H14: =+C14*D14*E14*F14 -> 0
A15: TOTAL | H15: =SUM(H10:H14) -> 20.4
A17: FOTO ó PLANO
A38: ING. JOSE MAURICIO BELLO PEREZ.
A39: Jefe Oficina Asesora de Planeación
A41: Proyectó: | B41: Ing. Sebastian Gaviria - Profesional de apoyo OAP

Sheet 29.1
A1: MEMORIAS DE CÁLCULO
B2: ADECUACIÓN Y MANTENIMIENTO DE LA INFRAESTRUCTURA DE LA CENTRAL DE ABASTOS DEL MUNICIPIO DE VILLETA.
A3: ITEM | B3: 29.1
A4: REFERENCIA | B4: 15.1
A5: DESCRIPCIÓN | B5: CIELO RASO EN PVC e=7 mm (INCLUYE ESTRUCTURA DE APOYO)
A6: UNIDAD | B6: M2
A7: CANTIDAD | B7: =+H15 -> 15
A9: UBICACIÓN | C9: CANT | D9: LARGO | E9: ANCHO | F9: ALTO | G9: ÁREA | H9: ACUMULADO
A10: CIELO RASO | D10: 5 | E10: 3 | H10: =D10*E10 -> 15
H11: =C11*D11*E11*F11 -> 0
H12: =+C12*D12*E12*F12 -> 0
H13: =+C13*D13*E13*F13 -> 0
H14: =+C14*D14*E14*F14 -> 0
A15: TOTAL | H15: =SUM(H10:H14) -> 15
A17: FOTO ó PLANO
A38: ING. JOSE MAURICIO BELLO PEREZ.
A39: Jefe Oficina Asesora de Planeación
A41: Proyectó: | B41: Ing. Sebastian Gaviria - Profesional de apoyo OAP

Sheet 30.1
A1: MEMORIAS DE CÁLCULO
B2: ADECUACIÓN Y MANTENIMIENTO DE LA INFRAESTRUCTURA DE LA CENTRAL DE ABASTOS DEL MUNICIPIO DE VILLETA.
A3: ITEM | B3: 30.1
A4: REFERENCIA | B4: 18.14
A5: DESCRIPCIÓN | B5: ESTUCO
A6: UNIDAD | B6: M2
A7: CANTIDAD | B7: =+H15 -> 70.5
A9: UBICACIÓN | C9: CANT | D9: LARGO | E9: ANCHO | F9: ALTO | G9: ÁREA | H9: ACUMULADO
A10: ESTUCO MUROS | C10: 2 | D10: =3.2+1+2.1+2.1 -> 8.4 | F10: 3 | H10: =C10*D10*F10 -> 50.4
C11: 1 | D11: 6.7 | F11: 3 | H11: =C11*D11*F11 -> 20.1
H12: =+C12*D12*E12*F12 -> 0
H13: =+C13*D13*E13*F13 -> 0
H14: =+C14*D14*E14*F14 -> 0
A15: TOTAL | H15: =SUM(H10:H14) -> 70.5
A17: FOTO ó PLANO
A38: ING. JOSE MAURICIO BELLO PEREZ.
A39: Jefe Oficina Asesora de Planeación
A41: Proyectó: | B41: Ing. Sebastian Gaviria - Profesional de apoyo OAP

Sheet 30.2.
A1: MEMORIAS DE CÁLCULO
B2: ADECUACIÓN Y MANTENIMIENTO DE LA INFRAESTRUCTURA DE LA CENTRAL DE ABASTOS DEL MUNICIPIO DE VILLETA.
A3: ITEM | B3: 30.2
A4: REFERENCIA | B4: 18.15
A5: DESCRIPCIÓN | B5: ESTUCO (LINEAL) FILOS
A6: UNIDAD | B6: ML
A7: CANTIDAD | B7: =+H15 -> 33.7
A9: UBICACIÓN | C9: CANT | D9: LARGO | E9: ANCHO | F9: ALTO | G9: ÁREA | H9: ACUMULADO
A10: ESTUCO MUROS | C10: 10 | F10: 3 | H10: =C10*F10 -> 30
C11: 1 | F11: 3.7 | H11: =C11*F11 -> 3.7
H12: =+C12*D12*E12*F12 -> 0
H13: =+C13*D13*E13*F13 -> 0
H14: =+C14*D14*E14*F14 -> 0
A15: TOTAL | H15: =SUM(H10:H14) -> 33.7
A17: FOTO ó PLANO
A38: ING. JOSE MAURICIO BELLO PEREZ.
A39: Jefe Oficina Asesora de Planeación
A41: Proyectó: | B41: Ing. Sebastian Gaviria - Profesional de apoyo OAP

Sheet 30.3
A1: MEMORIAS DE CÁLCULO
B2: ADECUACIÓN Y MANTENIMIENTO DE LA INFRAESTRUCTURA DE LA CENTRAL DE ABASTOS DEL MUNICIPIO DE VILLETA.
A3: ITEM | B3: 30.3
A4: REFERENCIA | B4: 18.26
A5: DESCRIPCIÓN | B5: PINTURA EPÓXICA
A6: UNIDAD | B6: M2
A7: CANTIDAD | B7: =+H15 -> 70.5
A9: UBICACIÓN | C9: CANT | D9: LARGO | E9: ANCHO | F9: ALTO | G9: ÁREA | H9: ACUMULADO
A10: PINTURA MUROS | C10: 2 | D10: =3.2+1+2.1+2.1 -> 8.4 | F10: 3 | H10: =C10*D10*F10 -> 50.4
C11: 1 | D11: 6.7 | F11: 3 | H11: =C11*D11*F11 -> 20.1
H12: =+C12*D12*E12*F12 -> 0
H13: =+C13*D13*E13*F13 -> 0
H14: =+C14*D14*E14*F14 -> 0
A15: TOTAL | H15: =SUM(H10:H14) -> 70.5
A17: FOTO ó PLANO
A38: ING. JOSE MAURICIO BELLO PEREZ.
A39: Jefe Oficina Asesora de Planeación
A41: Proyectó: | B41: Ing. Sebastian Gaviria - Profesional de apoyo OAP

Sheet 30.4
A1: MEMORIAS DE CÁLCULO
B2: ADECUACIÓN Y MANTENIMIENTO DE LA INFRAESTRUCTURA DE LA CENTRAL DE ABASTOS DEL MUNICIPIO DE VILLETA.
A3: ITEM | B3: 30.4
A4: REFERENCIA | B4: 18.27
A5: DESCRIPCIÓN | B5: PINTURA EPÓXICA (LINEAL) FILOS
A6: UNIDAD | B6: ML
A7: CANTIDAD | B7: =+H15 -> 33.7
A9: UBICACIÓN | C9: CANT | D9: LARGO | E9: ANCHO | F9: ALTO | G9: ÁREA | H9: ACUMULADO
A10: PINTURA MUROS | C10: 10 | F10: 3 | H10: =C10*F10 -> 30
C11: 1 | F11: 3.7 | H11: =C11*F11 -> 3.7
H12: =+C12*D12*E12*F12 -> 0
H13: =+C13*D13*E13*F13 -> 0
H14: =+C14*D14*E14*F14 -> 0
A15: TOTAL | H15: =SUM(H10:H14) -> 33.7
A17: FOTO ó PLANO
A38: ING. JOSE MAURICIO BELLO PEREZ.
A39: Jefe Oficina Asesora de Planeación
A41: Proyectó: | B41: Ing. Sebastian Gaviria - Profesional de apoyo OAP

Sheet 31.1
A1: MEMORIAS DE CÁLCULO
B2: ADECUACIÓN Y MANTENIMIENTO DE LA INFRAESTRUCTURA DE LA CENTRAL DE ABASTOS DEL MUNICIPIO DE VILLETA.
A3: ITEM | B3: 31.1
A4: REFERENCIA | B4: 10.7
A5: DESCRIPCIÓN | B5: PUERTA CORTINA INCLUYE ESMALTE
A6: UNIDAD | B6: M2
A7: CANTIDAD | B7: =+H15 -> 9.065
A9: UBICACIÓN | C9: CANT | D9: LARGO | E9: ANCHO | F9: ALTO | G9: ÁREA | H9: ACUMULADO
A10: puerta principal para descargue | C10: 1 | D10: 3.7 | F10: 2.45 | H10: =C10*D10*F10 -> 9.065
H11: =C11*F11 -> 0
H12: =+C12*D12*E12*F12 -> 0
H13: =+C13*D13*E13*F13 -> 0
H14: =+C14*D14*E14*F14 -> 0
A15: TOTAL | H15: =SUM(H10:H14) -> 9.065
A17: FOTO ó PLANO
A38: ING. JOSE MAURICIO BELLO PEREZ.
A39: Jefe Oficina Asesora de Planeación
A41: Proyectó: | B41: Ing. Sebastian Gaviria - Profesional de apoyo OAP

Sheet 31.2
A1: MEMORIAS DE CÁLCULO
B2: ADECUACIÓN Y MANTENIMIENTO DE LA INFRAESTRUCTURA DE LA CENTRAL DE ABASTOS DEL MUNICIPIO DE VILLETA.
A3: ITEM | B3: 31.2
A4: REFERENCIA | B4: 10.7
A5: DESCRIPCIÓN | B5: PUERTA CORTINA INCLUYE ESMALTE
A6: UNIDAD | B6: M2
A7: CANTIDAD | B7: =+H15 -> 5.0225
A9: UBICACIÓN | C9: CANT | D9: LARGO | E9: ANCHO | F9: ALTO | G9: ÁREA | H9: ACUMULADO
A10: puerta de acceso al shut | C10: 1 | D10: 2.05 | F10: 2.45 | H10: =C10*D10*F10 -> 5.0225
H11: =C11*F11 -> 0
H12: =+C12*D12*E12*F12 -> 0
H13: =+C13*D13*E13*F13 -> 0
H14: =+C14*D14*E14*F14 -> 0
A15: TOTAL | H15: =SUM(H10:H14) -> 5.0225
A17: FOTO ó PLANO
A38: ING. JOSE MAURICIO BELLO PEREZ.
A39: Jefe Oficina Asesora de Planeación
A41: Proyectó: | B41: Ing. Sebastian Gaviria - Profesional de apoyo OAP

Sheet 32,1
A1: MEMORIAS DE CÁLCULO
B2: ADECUACIÓN Y MANTENIMIENTO DE LA INFRAESTRUCTURA DE LA CENTRAL DE ABASTOS DEL MUNICIPIO DE VILLETA.
A3: ITEM | B3: 32.1
A4: REFERENCIA | B4: 3.1
A5: DESCRIPCIÓN | B5: SIFÓN PARA DRENAJE EN PVC DE 4"
A6: UNIDAD | B6: UND
A7: CANTIDAD | B7: =+H15 -> 2
A9: UBICACIÓN | C9: CANT | D9: LARGO | E9: ANCHO | F9: ALTO | G9: ÁREA | H9: ACUMULADO
A10: sifon del carcamo | C10: 2 | H10: =C10 -> 2
H11: =C11*F11 -> 0
H12: =+C12*D12*E12*F12 -> 0
H13: =+C13*D13*E13*F13 -> 0
H14: =+C14*D14*E14*F14 -> 0
A15: TOTAL | H15: =SUM(H10:H14) -> 2
A17: FOTO ó PLANO
A38: ING. JOSE MAURICIO BELLO PEREZ.
A39: Jefe Oficina Asesora de Planeación
A41: Proyectó: | B41: Ing. Sebastian Gaviria - Profesional de apoyo OAP

Sheet 32,2
A1: MEMORIAS DE CÁLCULO
B2: ADECUACIÓN Y MANTENIMIENTO DE LA INFRAESTRUCTURA DE LA CENTRAL DE ABASTOS DEL MUNICIPIO DE VILLETA.
A3: ITEM | B3: 32.2
A4: REFERENCIA | B4: 11.33
A5: DESCRIPCIÓN | B5: RED SANITARIA PVC-S 4". INC ACCESORIOS
A6: UNIDAD | B6: ML
A7: CANTIDAD | B7: =+H15 -> 10
A9: UBICACIÓN | C9: CANT | D9: LARGO | E9: ANCHO | F9: ALTO | G9: ÁREA | H9: ACUMULADO
A10: RED CONDUCCCION HACIA LA TRAMPA Y CAJA | D10: 10 | H10: =D10 -> 10
H11: =C11*F11 -> 0
H12: =+C12*D12*E12*F12 -> 0
H13: =+C13*D13*E13*F13 -> 0
H14: =+C14*D14*E14*F14 -> 0
A15: TOTAL | H15: =SUM(H10:H14) -> 10
A17: FOTO ó PLANO
A38: ING. JOSE MAURICIO BELLO PEREZ.
A39: Jefe Oficina Asesora de Planeación
A41: Proyectó: | B41: Ing. Sebastian Gaviria - Profesional de apoyo OAP

Sheet 32,3
A1: MEMORIAS DE CÁLCULO
B2: ADECUACIÓN Y MANTENIMIENTO DE LA INFRAESTRUCTURA DE LA CENTRAL DE ABASTOS DEL MUNICIPIO DE VILLETA.
A3: ITEM | B3: 32.3
A4: REFERENCIA | B4: OAP-2
A5: DESCRIPCIÓN | B5: SUMINISTRO E INSTALACION DE TRAMPA DE GRASA PVC
A6: UNIDAD | B6: UN
A7: CANTIDAD | B7: =+H15 -> 1
A9: UBICACIÓN | C9: CANT | D9: LARGO | E9: ANCHO | F9: ALTO | G9: ÁREA | H9: ACUMULADO
A10: TRAMPA DE GRASAS SHUT | C10: 1 | H10: =C10 -> 1
H11: =C11*F11 -> 0
H12: =+C12*D12*E12*F12 -> 0
H13: =+C13*D13*E13*F13 -> 0
H14: =+C14*D14*E14*F14 -> 0
A15: TOTAL | H15: =SUM(H10:H14) -> 1
A17: FOTO ó PLANO
A38: ING. JOSE MAURICIO BELLO PEREZ.
A39: Jefe Oficina Asesora de Planeación
A41: Proyectó: | B41: Ing. Sebastian Gaviria - Profesional de apoyo OAP

Sheet 33,1
A1: MEMORIAS DE CÁLCULO
B2: ADECUACIÓN Y MANTENIMIENTO DE LA INFRAESTRUCTURA DE LA CENTRAL DE ABASTOS DEL MUNICIPIO DE VILLETA.
A3: ITEM | B3: 33.1
A4: REFERENCIA | B4: 12.2
A5: DESCRIPCIÓN | B5: SALIDA LÁMPARA TOMA PVC COMPLETA. INC INTERRUPTOR
A6: UNIDAD | B6: UND
A7: CANTIDAD | B7: =+H15 -> 1
A9: UBICACIÓN | C9: CANT | D9: LARGO | E9: ANCHO | F9: ALTO | G9: ÁREA | H9: ACUMULADO
A10: salida lampara | C10: 1 | H10: =C10 -> 1
H11: =C11*F11 -> 0
H12: =+C12*D12*E12*F12 -> 0
H13: =+C13*D13*E13*F13 -> 0
H14: =+C14*D14*E14*F14 -> 0
A15: TOTAL | H15: =SUM(H10:H14) -> 1
A17: FOTO ó PLANO
A38: ING. JOSE MAURICIO BELLO PEREZ.
A39: Jefe Oficina Asesora de Planeación
A41: Proyectó: | B41: Ing. Sebastian Gaviria - Profesional de apoyo OAP

Sheet 33.2
A1: MEMORIAS DE CÁLCULO
B2: ADECUACIÓN Y MANTENIMIENTO DE LA INFRAESTRUCTURA DE LA CENTRAL DE ABASTOS DEL MUNICIPIO DE VILLETA.
A3: ITEM | B3: 33.2
A4: REFERENCIA | B4: 12.113
A5: DESCRIPCIÓN | B5: LUMINARIA PANEL LED REDONDO - 24W - 4000K/6000K - IP20 - 120V - DE INCRUSTAR 30cmX3cm (4 POR LOCAL )
A6: UNIDAD | B6: UND
A7: CANTIDAD | B7: =+H15 -> 4
A9: UBICACIÓN | C9: CANT | D9: LARGO | E9: ANCHO | F9: ALTO | G9: ÁREA | H9: ACUMULADO
A10: luminaria | C10: 4 | H10: =C10 -> 4
H11: =C11*F11 -> 0
H12: =+C12*D12*E12*F12 -> 0
H13: =+C13*D13*E13*F13 -> 0
H14: =+C14*D14*E14*F14 -> 0
A15: TOTAL | H15: =SUM(H10:H14) -> 4
A17: FOTO ó PLANO
A38: ING. JOSE MAURICIO BELLO PEREZ.
A39: Jefe Oficina Asesora de Planeación
A41: Proyectó: | B41: Ing. Sebastian Gaviria - Profesional de apoyo OAP

Sheet 34,1
A1: MEMORIAS DE CÁLCULO
B2: ADECUACIÓN Y MANTENIMIENTO DE LA INFRAESTRUCTURA DE LA CENTRAL DE ABASTOS DEL MUNICIPIO DE VILLETA.
A3: ITEM | B3: 34.1
A4: REFERENCIA | B4: 1.32
A5: DESCRIPCIÓN | B5: DESMONTE APARATOS SANITARIOS, INC RETIRO
A6: UNIDAD | B6: UND
A7: CANTIDAD | B7: =+H15 -> 10
A9: UBICACIÓN | C9: CANT | D9: LARGO | E9: ANCHO | F9: ALTO | G9: ÁREA | H9: ACUMULADO
A10: Desmonte de aparatos sanitarios | C10: 10 | H10: =C10 -> 10
H11: =C11*F11 -> 0
H12: =+C12*D12*E12*F12 -> 0
H13: =+C13*D13*E13*F13 -> 0
H14: =+C14*D14*E14*F14 -> 0
A15: TOTAL | H15: =SUM(H10:H14) -> 10
A17: FOTO ó PLANO
A38: ING. JOSE MAURICIO BELLO PEREZ.
A39: Jefe Oficina Asesora de Planeación
A41: Proyectó: | B41: Ing. Sebastian Gaviria - Profesional de apoyo OAP

Sheet 34,2.
A1: MEMORIAS DE CÁLCULO
B2: ADECUACIÓN Y MANTENIMIENTO DE LA INFRAESTRUCTURA DE LA CENTRAL DE ABASTOS DEL MUNICIPIO DE VILLETA.
A3: ITEM | B3: 34.2
A4: REFERENCIA | B4: 1.11
A5: DESCRIPCIÓN | B5: DEMOLICIÓN BALDOSA DE PISO H=0.04 M, INC RETIRO
A6: UNIDAD | B6: M2
A7: CANTIDAD | B7: =+H15 -> 69.6
A9: UBICACIÓN | C9: CANT | D9: LARGO | E9: ANCHO | F9: ALTO | G9: ÁREA | H9: ACUMULADO
A10: BALDOSA BAÑOS PISO BAÑO | D10: 6 | E10: 7.2 | H10: =D10*E10 -> 43.2
A11: BALDOSA SHUT ANTIGUO | D11: 4.8 | E11: 5.5 | H11: =D11*E11 -> 26.4
H12: =+C12*D12*E12*F12 -> 0
H13: =+C13*D13*E13*F13 -> 0
H14: =+C14*D14*E14*F14 -> 0
A15: TOTAL | H15: =SUM(H10:H14) -> 69.6
A17: FOTO ó PLANO
A38: ING. JOSE MAURICIO BELLO PEREZ.
A39: Jefe Oficina Asesora de Planeación
A41: Proyectó: | B41: Ing. Sebastian Gaviria - Profesional de apoyo OAP

Sheet 34.3
A1: MEMORIAS DE CÁLCULO
B2: ADECUACIÓN Y MANTENIMIENTO DE LA INFRAESTRUCTURA DE LA CENTRAL DE ABASTOS DEL MUNICIPIO DE VILLETA.
A3: ITEM | B3: 34.3
A4: REFERENCIA | B4: 1.12
A5: DESCRIPCIÓN | B5: DEMOLICIÓN ENCHAPE MURO, INC RETIRO
A6: UNIDAD | B6: M2
A7: CANTIDAD | B7: =+H15 -> 163.5
A9: UBICACIÓN | C9: CANT | D9: LARGO | E9: ANCHO | F9: ALTO | G9: ÁREA | H9: ACUMULADO
A10: ENCHAPE MUROS BAÑOS | C10: 2 | D10: 6 | F10: 2.5 | H10: =C10*D10*F10 -> 30
A11: MURO MITAD DE LOS DOS BAÑOS | C11: 2 | D11: 7.3 | F11: 2.5 | H11: =C11*D11*F11 -> 36.5
A12: MUROS LATERALES CORTOS | C12: 4 | D12: =2.7 -> 2.7 | F12: 2.5 | H12: =C12*D12*F12 -> 27
A13: DIVISIONES HOMBRES LADO Y LADO | C13: 10 | D13: 1.4 | F13: 2.5 | H13: =C13*D13*F13 -> 35
A14: DIVISONES MUJERES LADO Y LADO | C14: 10 | D14: 1.4 | F14: 2.5 | H14: =C14*D14*F14 -> 35
A15: TOTAL | H15: =SUM(H10:H14) -> 163.5
A17: FOTO ó PLANO
A38: ING. JOSE MAURICIO BELLO PEREZ.
A39: Jefe Oficina Asesora de Planeación
A41: Proyectó: | B41: Ing. Sebastian Gaviria - Profesional de apoyo OAP

Sheet 34.4
A1: MEMORIAS DE CÁLCULO
B2: ADECUACIÓN Y MANTENIMIENTO DE LA INFRAESTRUCTURA DE LA CENTRAL DE ABASTOS DEL MUNICIPIO DE VILLETA.
A3: ITEM | B3: 34.4
A4: REFERENCIA | B4: 2.34
A5: DESCRIPCIÓN | B5: DESMONTE DE CUBIERTAS (ASBESTO CEMENTO), INC RETIRO
A6: UNIDAD | B6: M2
A7: CANTIDAD | B7: =+H15 -> 47.36
A9: UBICACIÓN | C9: CANT | D9: LARGO | E9: ANCHO | F9: ALTO | G9: ÁREA | H9: ACUMULADO
A10: CUBIERTA BAÑOS | D10: 6.4 | E10: 7.4 | H10: =D10*E10 -> 47.36
H11: =C11*D11*F11 -> 0
H12: =C12*D12*F12 -> 0
H13: =+C13*D13*E13*F13 -> 0
H14: =+C14*D14*E14*F14 -> 0
A15: TOTAL | H15: =SUM(H10:H14) -> 47.36
A17: FOTO ó PLANO
A38: ING. JOSE MAURICIO BELLO PEREZ.
A39: Jefe Oficina Asesora de Planeación
A41: Proyectó: | B41: Ing. Sebastian Gaviria - Profesional de apoyo OAP

Sheet 35.1,
A1: MEMORIAS DE CÁLCULO
B2: ADECUACIÓN Y MANTENIMIENTO DE LA INFRAESTRUCTURA DE LA CENTRAL DE ABASTOS DEL MUNICIPIO DE VILLETA.
A3: ITEM | B3: 35.1
A4: REFERENCIA | B4: ICCU 10,30
A5: DESCRIPCIÓN | B5: ACERO FIGURADO 60000 PSI
A6: UNIDAD | B6: KG
A7: CANTIDAD | B7: =+H16 -> 35.424
A9: UBICACIÓN | C9: DIAMETRO | E9: CANT | F9: LONGITUD | G9: PESO (Kg/ml) | H9: ACUMULADO
A10: ACERO LONGI SHUT viga | C10: #5 | E10: 4 | F10: 3.2 | G10: 1.56 | H10: =+E10*F10*G10 -> 19.968
A11: ACERO TRASVER viga | C11: #3 | E11: =7+6+7 -> 20 | F11: 1.38 | G11: 0.56 | H11: =+E11*F11*G11 -> 15.456
H12: =+E12*F12*G12 -> 0
H13: =+E13*F13*G13 -> 0
H14: =+E14*F14*G14 -> 0
H15: =+E15*F15*G15 -> 0
A16: TOTAL | H16: =SUM(H10:H15) -> 35.424
A18: FOTO ó PLANO
A39: ING. JOSE MAURICIO BELLO PEREZ.
A40: Jefe Oficina Asesora de Planeación
A42: Proyectó: | B42: Ing. Sebastian Gaviria - Profesional de apoyo OAP

Sheet 35,2
A1: MEMORIAS DE CÁLCULO
B2: ADECUACIÓN Y MANTENIMIENTO DE LA INFRAESTRUCTURA DE LA CENTRAL DE ABASTOS DEL MUNICIPIO DE VILLETA.
A3: ITEM | B3: 35.2
A4: REFERENCIA | B4: 4.26
A5: DESCRIPCIÓN | B5: VIGA AÉREA 3500 PSI
A6: UNIDAD | B6: M3
A7: CANTIDAD | B7: =+H15 -> 0.4298
A9: UBICACIÓN | C9: CANT | D9: LARGO | E9: ANCHO | F9: ALTO | G9: ÁREA | H9: ACUMULADO
A10: VIGA PARA TANQUE | D10: 3.07 | E10: 0.35 | F10: 0.4 | H10: =D10*E10*F10 -> 0.4298
H11: =C11*D11*F11 -> 0
H12: =C12*D12*F12 -> 0
H13: =+C13*D13*E13*F13 -> 0
H14: =+C14*D14*E14*F14 -> 0
A15: TOTAL | H15: =SUM(H10:H14) -> 0.4298
A17: FOTO ó PLANO
A38: ING. JOSE MAURICIO BELLO PEREZ.
A39: Jefe Oficina Asesora de Planeación
A41: Proyectó: | B41: Ing. Sebastian Gaviria - Profesional de apoyo OAP

Sheet 35.3.
A1: MEMORIAS DE CÁLCULO
B2: ADECUACIÓN Y MANTENIMIENTO DE LA INFRAESTRUCTURA DE LA CENTRAL DE ABASTOS DEL MUNICIPIO DE VILLETA.
A3: ITEM | B3: 35.3
A4: REFERENCIA | B4: 4.5
A5: DESCRIPCIÓN | B5: ENTREPISO LÁMINA COLABORANTE 2", CAL 22, H=10 CM,INCL. MALLA DE REFUERZO, CONCRETO DE 3500 PSI
A6: UNIDAD | B6: M2
A7: CANTIDAD | B7: =+H15 -> 4.4505
A9: UBICACIÓN | C9: CANT | D9: LARGO | E9: ANCHO | F9: ALTO | G9: ÁREA | H9: ACUMULADO
A10: placa para tanque | D10: 3.87 | E10: 1.15 | H10: =D10*E10 -> 4.4505
H11: =C11*D11*F11 -> 0
H12: =C12*D12*F12 -> 0
H13: =+C13*D13*E13*F13 -> 0
H14: =+C14*D14*E14*F14 -> 0
A15: TOTAL | H15: =SUM(H10:H14) -> 4.4505
A17: FOTO ó PLANO
A38: ING. JOSE MAURICIO BELLO PEREZ.
A39: Jefe Oficina Asesora de Planeación
A41: Proyectó: | B41: Ing. Sebastian Gaviria - Profesional de apoyo OAP

Sheet 36.1
A1: MEMORIAS DE CÁLCULO
B2: ADECUACIÓN Y MANTENIMIENTO DE LA INFRAESTRUCTURA DE LA CENTRAL DE ABASTOS DEL MUNICIPIO DE VILLETA.
A3: ITEM | B3: 36.1
A4: REFERENCIA | B4: OAP-5
A5: DESCRIPCIÓN | B5: TANQUE PLÁSTICO ELEVADO 2000 LT (INCLUYE ACCESORIOS E ISNTALACIÓN)
A6: UNIDAD | B6: UND
A7: CANTIDAD | B7: =+H15 -> 2
A9: UBICACIÓN | C9: CANT | D9: LARGO | E9: ANCHO | F9: ALTO | G9: ÁREA | H9: ACUMULADO
A10: TANQUE | C10: 2 | H10: =C10 -> 2
H11: =C11*D11*F11 -> 0
H12: =C12*D12*F12 -> 0
H13: =+C13*D13*E13*F13 -> 0
H14: =+C14*D14*E14*F14 -> 0
A15: TOTAL | H15: =SUM(H10:H14) -> 2
A17: FOTO ó PLANO
A38: ING. JOSE MAURICIO BELLO PEREZ.
A39: Jefe Oficina Asesora de Planeación
A41: Proyectó: | B41: Ing. Sebastian Gaviria - Profesional de apoyo OAP

Sheet 36.2
A1: MEMORIAS DE CÁLCULO
B2: ADECUACIÓN Y MANTENIMIENTO DE LA INFRAESTRUCTURA DE LA CENTRAL DE ABASTOS DEL MUNICIPIO DE VILLETA.
A3: ITEM | B3: 36.2
A4: REFERENCIA | B4: 11.8
A5: DESCRIPCIÓN | B5: CONEXIÓN TANQUE ELEVADO PVC. INC ACCESORIOS
A6: UNIDAD | B6: UND
A7: CANTIDAD | B7: =+H15 -> 2
A9: UBICACIÓN | C9: CANT | D9: LARGO | E9: ANCHO | F9: ALTO | G9: ÁREA | H9: ACUMULADO
A10: CONEXIÓN | C10: 2 | H10: =C10 -> 2
H11: =C11*D11*F11 -> 0
H12: =C12*D12*F12 -> 0
H13: =+C13*D13*E13*F13 -> 0
H14: =+C14*D14*E14*F14 -> 0
A15: TOTAL | H15: =SUM(H10:H14) -> 2
A17: FOTO ó PLANO
A38: ING. JOSE MAURICIO BELLO PEREZ.
A39: Jefe Oficina Asesora de Planeación
A41: Proyectó: | B41: Ing. Sebastian Gaviria - Profesional de apoyo OAP

Sheet 36.3
A1: MEMORIAS DE CÁLCULO
B2: ADECUACIÓN Y MANTENIMIENTO DE LA INFRAESTRUCTURA DE LA CENTRAL DE ABASTOS DEL MUNICIPIO DE VILLETA.
A3: ITEM | B3: 36.3
A4: REFERENCIA | B4: 11.27
A5: DESCRIPCIÓN | B5: RED SUMINISTRO PVC 1/2". INC ACCESORIOS
A6: UNIDAD | B6: ML
A7: CANTIDAD | B7: =+H15 -> 2
A9: UBICACIÓN | C9: CANT | D9: LARGO | E9: ANCHO | F9: ALTO | G9: ÁREA | H9: ACUMULADO
A10: RED | D10: 2 | H10: =D10 -> 2
H11: =C11*D11*F11 -> 0
H12: =C12*D12*F12 -> 0
H13: =+C13*D13*E13*F13 -> 0
H14: =+C14*D14*E14*F14 -> 0
A15: TOTAL | H15: =SUM(H10:H14) -> 2
A17: FOTO ó PLANO
A38: ING. JOSE MAURICIO BELLO PEREZ.
A39: Jefe Oficina Asesora de Planeación
A41: Proyectó: | B41: Ing. Sebastian Gaviria - Profesional de apoyo OAP

Sheet 36.4
A1: MEMORIAS DE CÁLCULO
B2: ADECUACIÓN Y MANTENIMIENTO DE LA INFRAESTRUCTURA DE LA CENTRAL DE ABASTOS DEL MUNICIPIO DE VILLETA.
A3: ITEM | B3: 36.4
A4: REFERENCIA | B4: 11.16
A5: DESCRIPCIÓN | B5: PUNTO HIDRÁULICO PVC-P/PARAL 1/2"
A6: UNIDAD | B6: UN
A7: CANTIDAD | B7: =+H15 -> 1
A9: UBICACIÓN | C9: CANT | D9: LARGO | E9: ANCHO | F9: ALTO | G9: ÁREA | H9: ACUMULADO
A10: PUNTO | C10: 1 | H10: =C10 -> 1
H11: =C11*D11*F11 -> 0
H12: =C12*D12*F12 -> 0
H13: =+C13*D13*E13*F13 -> 0
H14: =+C14*D14*E14*F14 -> 0
A15: TOTAL | H15: =SUM(H10:H14) -> 1
A17: FOTO ó PLANO
A38: ING. JOSE MAURICIO BELLO PEREZ.
A39: Jefe Oficina Asesora de Planeación
A41: Proyectó: | B41: Ing. Sebastian Gaviria - Profesional de apoyo OAP

Sheet 37.1
A1: MEMORIAS DE CÁLCULO
B2: ADECUACIÓN Y MANTENIMIENTO DE LA INFRAESTRUCTURA DE LA CENTRAL DE ABASTOS DEL MUNICIPIO DE VILLETA.
A3: ITEM | B3: 37.1
A4: REFERENCIA | B4: 6.17
A5: DESCRIPCIÓN | B5: PAÑETE LISO MUROS 1:4, E=1.5 CM
A6: UNIDAD | B6: M2
A7: CANTIDAD | B7: =+H15 -> 123.5
A9: UBICACIÓN | C9: CANT | D9: LARGO | E9: ANCHO | F9: ALTO | G9: ÁREA | H9: ACUMULADO
A10: PAÑETE MUROS | C10: 2 | D10: 6 | F10: 3 | H10: =C10 -> 2
C11: 2 | D11: 7.3 | F11: 3 | H11: =C11*D11*F11 -> 43.8
C12: 4 | D12: =2.7 -> 2.7 | F12: 3 | H12: =C12*D12*F12 -> 32.4
A13: PAÑETE SHUT ANTIGUO | C13: 1 | D13: 5.5 | F13: 3 | H13: =C13*D13*F13 -> 16.5
C14: 2 | D14: 4.8 | F14: 3 | H14: =C14*D14*F14 -> 28.8
A15: TOTAL | H15: =SUM(H10:H14) -> 123.5
A17: FOTO ó PLANO
A38: ING. JOSE MAURICIO BELLO PEREZ.
A39: Jefe Oficina Asesora de Planeación
A41: Proyectó: | B41: Ing. Sebastian Gaviria - Profesional de apoyo OAP

Sheet 37,2
A1: MEMORIAS DE CÁLCULO
B2: ADECUACIÓN Y MANTENIMIENTO DE LA INFRAESTRUCTURA DE LA CENTRAL DE ABASTOS DEL MUNICIPIO DE VILLETA.
A3: ITEM | B3: 37.2
A4: REFERENCIA | B4: 18,16
A5: DESCRIPCIÓN | B5: ESTUCO Y VINILO 3 MANOS
A6: UNIDAD | B6: M2
A7: CANTIDAD | B7: =+H15 -> 45.3
A9: UBICACIÓN | C9: CANT | D9: LARGO | E9: ANCHO | F9: ALTO | G9: ÁREA | H9: ACUMULADO
A10: PAÑETE SHUT ANTIGUO | C10: 1 | D10: 5.5 | F10: 3 | H10: =C10*D10*F10 -> 16.5
C11: 2 | D11: 4.8 | F11: 3 | H11: =C11*D11*F11 -> 28.8
A15: TOTAL | H15: =SUM(H10:H14) -> 45.3
A17: FOTO ó PLANO
A38: ING. JOSE MAURICIO BELLO PEREZ.
A39: Jefe Oficina Asesora de Planeación
A41: Proyectó: | B41: Ing. Sebastian Gaviria - Profesional de apoyo OAP

Sheet 37.3
A1: MEMORIAS DE CÁLCULO
B2: ADECUACIÓN Y MANTENIMIENTO DE LA INFRAESTRUCTURA DE LA CENTRAL DE ABASTOS DEL MUNICIPIO DE VILLETA.
A3: ITEM | B3: 37.3
A4: REFERENCIA | B4: 13.4
A5: DESCRIPCIÓN | B5: ALISTADO PISOS 1:3, E=0.04
A6: UNIDAD | B6: M2
A7: CANTIDAD | B7: =+H15 -> 69.6
A9: UBICACIÓN | C9: CANT | D9: LARGO | E9: ANCHO | F9: ALTO | G9: ÁREA | H9: ACUMULADO
A10: ALISTADO PISO | D10: 6 | E10: 7.2 | H10: =D10*E10 -> 43.2
A11: PISO SHUT ANTIGUO | D11: 5.5 | E11: 4.8 | H11: =D11*E11 -> 26.4
H12: =C12*D12*F12 -> 0
H13: =+C13*D13*E13*F13 -> 0
H14: =+C14*D14*E14*F14 -> 0
A15: TOTAL | H15: =SUM(H10:H14) -> 69.6
A17: FOTO ó PLANO
A38: ING. JOSE MAURICIO BELLO PEREZ.
A39: Jefe Oficina Asesora de Planeación
A41: Proyectó: | B41: Ing. Sebastian Gaviria - Profesional de apoyo OAP

Sheet 37.4
A1: MEMORIAS DE CÁLCULO
B2: ADECUACIÓN Y MANTENIMIENTO DE LA INFRAESTRUCTURA DE LA CENTRAL DE ABASTOS DEL MUNICIPIO DE VILLETA.
A3: ITEM | B3: 37.4
A4: REFERENCIA | B4: 14.41
A5: DESCRIPCIÓN | B5: CERÁMICA PISO TRÁFICO 5, CALIDAD PRIMERA
A6: UNIDAD | B6: M2
A7: CANTIDAD | B7: =+H17 -> 233.1
A9: UBICACIÓN | C9: CANT | D9: LARGO | E9: ANCHO | F9: ALTO | G9: ÁREA | H9: ACUMULADO
A10: BALDOSA BAÑOS PISO | D10: 6 | E10: 7.2 | H10: =D10*E10 -> 43.2
A11: ENCHAPE MUROS BAÑOS | C11: 2 | D11: 6 | F11: 2.5 | H11: =C11*D11*F11 -> 30
A12: MURO MITAD DE LOS DOS BAÑOS | C12: 2 | D12: 7.3 | F12: 2.5 | H12: =C12*D12*F12 -> 36.5
A13: MUROS LATERALES CORTOS | C13: 4 | D13: =2.7 -> 2.7 | F13: 2.5 | H13: =C13*D13*F13 -> 27
A14: MUROS INTERMEDIOS HOMBRES | C14: 10 | D14: 1.4 | F14: 2.5 | H14: =C14*D14*F14 -> 35
A15: MUROS INTERMEDIOS MUJERES | C15: 10 | D15: 1.4 | F15: 2.5 | H15: =C15*D15*F15 -> 35
A16: PISO SHUT ANTIGUO | C16: 1 | D16: 5.5 | E16: 4.8 | H16: =C16*D16*E16 -> 26.4
A17: TOTAL | H17: =SUM(H10:H16) -> 233.1
A19: FOTO ó PLANO
A40: ING. JOSE MAURICIO BELLO PEREZ.
A41: Jefe Oficina Asesora de Planeación
A43: Proyectó: | B43: Ing. Sebastian Gaviria - Profesional de apoyo OAP

Sheet 38.1
A1: MEMORIAS DE CÁLCULO
B2: ADECUACIÓN Y MANTENIMIENTO DE LA INFRAESTRUCTURA DE LA CENTRAL DE ABASTOS DEL MUNICIPIO DE VILLETA.
A3: ITEM | B3: 38.1
A4: REFERENCIA | B4: 7.25
A5: DESCRIPCIÓN | B5: TEJA TERMOACUSTICA
A6: UNIDAD | B6: M2
A7: CANTIDAD | B7: =+H15 -> 69.44
A9: UBICACIÓN | C9: CANT | D9: LARGO | E9: ANCHO | F9: ALTO | G9: ÁREA | H9: ACUMULADO
A10: CUBIERTA BAÑOS | D10: 6.4 | E10: 7.4 | H10: =D10*E10 -> 47.36
A11: CUBIERTA SHUT | D11: 4.8 | E11: 4.6 | H11: =D11*E11 -> 22.08
A15: TOTAL | H15: =SUM(H10:H14) -> 69.44
A17: FOTO ó PLANO
A38: ING. JOSE MAURICIO BELLO PEREZ.
A39: Jefe Oficina Asesora de Planeación
A41: Proyectó: | B41: Ing. Sebastian Gaviria - Profesional de apoyo OAP

Sheet 39.1,
A1: MEMORIAS DE CÁLCULO
B2: ADECUACIÓN Y MANTENIMIENTO DE LA INFRAESTRUCTURA DE LA CENTRAL DE ABASTOS DEL MUNICIPIO DE VILLETA.
A3: ITEM | B3: 39.1
A4: REFERENCIA | B4: OAP-4
A5: DESCRIPCIÓN | B5: INSTALACIÓN DE SANITARIOS
A6: UNIDAD | B6: UN
A7: CANTIDAD | B7: =+H15 -> 10
A9: UBICACIÓN | C9: CANT | D9: LARGO | E9: ANCHO | F9: ALTO | G9: ÁREA | H9: ACUMULADO
A10: INSTALACION | C10: 10 | H10: =C10 -> 10
A15: TOTAL | H15: =SUM(H10:H14) -> 10
A17: FOTO ó PLANO
A38: ING. JOSE MAURICIO BELLO PEREZ.
A39: Jefe Oficina Asesora de Planeación
A41: Proyectó: | B41: Ing. Sebastian Gaviria - Profesional de apoyo OAP

Sheet 40.1.
A1: MEMORIAS DE CÁLCULO
B2: ADECUACIÓN Y MANTENIMIENTO DE LA INFRAESTRUCTURA DE LA CENTRAL DE ABASTOS DEL MUNICIPIO DE VILLETA.
A3: ITEM | B3: 40.1
A4: REFERENCIA | B4: 12.2
A5: DESCRIPCIÓN | B5: SALIDA LÁMPARA TOMA PVC COMPLETA. INC INTERRUPTOR
A6: UNIDAD | B6: UND
A7: CANTIDAD | B7: =+H15 -> 4
A9: UBICACIÓN | C9: CANT | D9: LARGO | E9: ANCHO | F9: ALTO | G9: ÁREA | H9: ACUMULADO
A10: lampara | C10: 4 | H10: =C10 -> 4
A15: TOTAL | H15: =SUM(H10:H14) -> 4
A17: FOTO ó PLANO
A38: ING. JOSE MAURICIO BELLO PEREZ.
A39: Jefe Oficina Asesora de Planeación
A41: Proyectó: | B41: Ing. Sebastian Gaviria - Profesional de apoyo OAP

Sheet 40.2
A1: MEMORIAS DE CÁLCULO
B2: ADECUACIÓN Y MANTENIMIENTO DE LA INFRAESTRUCTURA DE LA CENTRAL DE ABASTOS DEL MUNICIPIO DE VILLETA.
A3: ITEM | B3: 40.2
A4: REFERENCIA | B4: 12.113
A5: DESCRIPCIÓN | B5: LUMINARIA PANEL LED REDONDO - 24W - 4000K/6000K - IP20 - 120V - DE INCRUSTAR 30cmX3cm (4 POR LOCAL )
A6: UNIDAD | B6: UND
A7: CANTIDAD | B7: =+H15 -> 4
A9: UBICACIÓN | C9: CANT | D9: LARGO | E9: ANCHO | F9: ALTO | G9: ÁREA | H9: ACUMULADO
A10: luminaria | C10: 4 | H10: =C10 -> 4
A15: TOTAL | H15: =SUM(H10:H14) -> 4
A17: FOTO ó PLANO
A38: ING. JOSE MAURICIO BELLO PEREZ.
A39: Jefe Oficina Asesora de Planeación
A41: Proyectó: | B41: Ing. Sebastian Gaviria - Profesional de apoyo OAP

Sheet 41.1
A1: MEMORIAS DE CÁLCULO
B2: ADECUACIÓN Y MANTENIMIENTO DE LA INFRAESTRUCTURA DE LA CENTRAL DE ABASTOS DEL MUNICIPIO DE VILLETA.
A3: ITEM | B3: 40.1
A4: REFERENCIA | B4: 12.2
A5: DESCRIPCIÓN | B5: SALIDA LÁMPARA TOMA PVC COMPLETA. INC INTERRUPTOR
A6: UNIDAD | B6: UND
A7: CANTIDAD | B7: =+H15 -> 300
A9: UBICACIÓN | C9: CANT | D9: LARGO | E9: ANCHO | F9: ALTO | G9: ÁREA | H9: ACUMULADO
A10: CUBIERTA CARNES | D10: 25 | E10: 12 | H10: =D10*E10 -> 300
A15: TOTAL | H15: =SUM(H10:H14) -> 300
A17: FOTO ó PLANO
A38: ING. JOSE MAURICIO BELLO PEREZ.
A39: Jefe Oficina Asesora de Planeación
A41: Proyectó: | B41: Ing. Sebastian Gaviria - Profesional de apoyo OAP

Sheet 42.1
A1: MEMORIAS DE CÁLCULO
B2: ADECUACIÓN Y MANTENIMIENTO DE LA INFRAESTRUCTURA DE LA CENTRAL DE ABASTOS DEL MUNICIPIO DE VILLETA.
A3: ITEM | B3: 42.1
A4: REFERENCIA | B4: 7.44
A5: DESCRIPCIÓN | B5: TEJA TERMOACUSTICA ONDULADA
A6: UNIDAD | B6: M2
A7: CANTIDAD | B7: =+H15 -> 300
A9: UBICACIÓN | C9: CANT | D9: LARGO | E9: ANCHO | F9: ALTO | G9: ÁREA | H9: ACUMULADO
A10: TEJA TERMOACUSTICA - CARNES | D10: 25 | E10: 12 | H10: =D10*E10 -> 300
A15: TOTAL | H15: =SUM(H10:H14) -> 300
A17: FOTO ó PLANO
A38: ING. JOSE MAURICIO BELLO PEREZ.
A39: Jefe Oficina Asesora de Planeación
A41: Proyectó: | B41: Ing. Sebastian Gaviria - Profesional de apoyo OAP

Sheet 42.2
A1: MEMORIAS DE CÁLCULO
B2: ADECUACIÓN Y MANTENIMIENTO DE LA INFRAESTRUCTURA DE LA CENTRAL DE ABASTOS DEL MUNICIPIO DE VILLETA.
A3: ITEM | B3: 42.2
A4: REFERENCIA | B4: 18.2
A5: DESCRIPCIÓN | B5: ANTICORROSIVO SOBRE LÁMINA LINEAL
A6: UNIDAD | B6: ML
A7: CANTIDAD | B7: =+H15 -> 168
A9: UBICACIÓN | C9: CANT | D9: LARGO | E9: ANCHO | F9: ALTO | G9: ÁREA | H9: ACUMULADO
A10: ANTICORROSIVO | D10: =7*6*4 -> 168 | H10: =D10 -> 168
A15: TOTAL | H15: =SUM(H10:H14) -> 168
A17: FOTO ó PLANO
A38: ING. JOSE MAURICIO BELLO PEREZ.
A39: Jefe Oficina Asesora de Planeación
A41: Proyectó: | B41: Ing. Sebastian Gaviria - Profesional de apoyo OAP
